Workbook
Name kezd: #REF!
Name Nevek_Indirekt: kezd:INDIRECT("2. Light Partner 2 data!$H$23:$H$31"&us)
Name Nevek_Indirekt: [0]!kezd:INDIRECT("2. Light Partner 2 data!$H$23:$H$31"&[0]!us)
Name Nevek_Indirekt: kezd:INDIRECT("2. Light Partner 2 data!$H$23:$H$31"&us)
Name us: #REF!

Sheet 1. General Data
A4: LIGHT PROJECT APPLICATION
A6: Interreg VI-A Hungary-Croatia Programme 2021-2027
C7: Reference number of the call for proposals: HUHR/2402/B-light2
E8: Light Project title (max.200 characters) | M8: =T8 -> 0 /chr. | Q8: =IF(C9="",FALSE,E8) -> FALSE | R8: =LEN(C9) -> 0 | S8: /chr. | T8: =CONCATENATE(R8,S8) -> 0 /chr.
A12: Total Light Project budget (EUR)
A15: Total costs | E15: EU contribution | I15: National contribution | M15: Own contribution
A16: ='8. Sources of funding'!AA23 -> 0 | E16: ='8. Sources of funding'!AA17 -> 0 | I16: ='8. Sources of funding'!AA19 -> 0 | M16: ='8. Sources of funding'!AA21 -> 0
A18: Project implementation period
A20: Start date of Light Project implementation: | F20: 1 | G20: (day) | K20: (month) | O20: (year) | P20: =IF(OR(E20="",I20="",M20=""),FALSE,A20) -> FALSE | Q20: 1 | T20: =IF(AND(E20>30,OR(I20=2,I20=4,I20=6,I20=9,I20=11)),"Error in the selected date (not exists)!",IF(AND(I20=2,E20>29),"Error in the selected date (not exists)!",IF(AND(I20=2,E20>28,M20<>2016),"Error in the selected date (not exists)!","")))
Q21: 2
A22: End date of Light Project implementation: | G22: (day) | K22: (month) | O22: (year) | P22: =IF(OR(E22="",I22="",M22=""),FALSE,A22) -> FALSE | Q22: 3 | T22: =IF(AND(E22>30,OR(I22=2,I22=4,I22=6,I22=9,I22=11)),"Error in the selected date (not exists)!",IF(AND(I22=2,E22>29),"Error in the selected date (not exists)!",IF(AND(I22=2,E22>28,M22<>2016),"Error in the selected date (not exists)!","")))
Q23: 4
A24: Light Project duration (in months): | I24: =IF(AND(R29>3,R29<71,A20=P20,A22=P22),R29,"") | P24: =IF(I24="",FALSE,A24) -> FALSE | Q24: 5 | R24: 2026
E25: Error in the selected date (not exists)! | Q25: 6 | R25: 2027
A26: Light Project partnership | Q26: 7 | R26: 2028
Q27: 8 | R27: 2029
Q28: 9
A29: List of Light Partners | Q29: 10 | R29: =(M22-M20)*12+(I22-I20)+S29 -> 1 | S29: =IF(E22>=E20,1,0) -> 1
A30: =T('2. Light Partner 1 data - SME'!C9:F9) | E30: ='2. Light Partner 1 data - SME'!C33 -> 0 | Q30: 11
Q31: 12
A32: =T('2. Light Partner 2 data - SME'!C9:F9) | E32: ='2. Light Partner 2 data - SME'!C33 -> 0 | Q32: 13
Q33: 14
A34: =T('2. Light Partner 3 data - SME'!C9:F9) | E34: ='2. Light Partner 3 data - SME'!C33 -> 0 | Q34: 15
Q35: 16
A36: =T('2. Light Partner 4 data - SME'!C9:F9) | E36: ='2. Light Partner 4 data - SME'!C33 -> 0 | Q36: 17 | V36: =IF($E$46="Croatia",1,IF($E$46="Hungary",2,0)) -> 0 | W36: =IF($E$48="Croatia",1,IF($E$48="Hungary",2,0)) -> 0 | X36: =IF($E$50="Croatia",1,IF($E$50="Hungary",2,0)) -> 0 | Y36: =IF($E$52="Croatia",1,IF($E$52="Hungary",2,0)) -> 0
Q37: 14
A38: =T('2. Light Partner 3 data - R&D'!C9:F9) | E38: ='2. Light Partner 3 data - R&D'!C33 -> 0 | Q38: 15
Q39: 16
A40: =T('2. Light Partner 4 data - R&D'!C9:F9) | E40: ='2. Light Partner 4 data - R&D'!C33 -> 0 | Q40: 17 | V40: =IF($E$46="Croatia",1,IF($E$46="Hungary",2,0)) -> 0 | W40: =IF($E$48="Croatia",1,IF($E$48="Hungary",2,0)) -> 0 | X40: =IF($E$50="Croatia",1,IF($E$50="Hungary",2,0)) -> 0 | Y40: =IF($E$52="Croatia",1,IF($E$52="Hungary",2,0)) -> 0
Q41: 18
A42: Location of Light Project implementation | Q42: 19 | T42: Croatia | U42: Baranya megye | V42: =IF($V$36=1,U45,IF($V$36=2,U42,"")) | W42: =IF($W$36=1,U45,IF($W$36=2,U42,"")) | X42: =IF($X$36=1,U45,IF($X$36=2,U42,"")) | Y42: =IF($Y$36=1,U45,IF($Y$36=2,U42,""))
Q43: 20 | T43: Hungary | U43: Somogy megye | V43: =IF($V$36=1,U46,IF($V$36=2,U43,"")) | W43: =IF($W$36=1,U46,IF($W$36=2,U43,"")) | X43: =IF($X$36=1,U46,IF($X$36=2,U43,"")) | Y43: =IF($Y$36=1,U46,IF($Y$36=2,U43,""))
B44: Light Partner (abbreviated name) | E44: Country | G44: NUTS III region or equivalent | K44: LAU 2 - settlement(s) | Q44: 21 | U44: Zala megye | V44: =IF($V$36=1,U47,IF($V$36=2,U44,"")) | W44: =IF($W$36=1,U47,IF($W$36=2,U44,"")) | X44: =IF($X$36=1,U47,IF($X$36=2,U44,"")) | Y44: =IF($Y$36=1,U47,IF($Y$36=2,U44,""))
Q45: 22 | U45: Koprivničko-križevačka županija | V45: =IF($V$36=1,U48,IF($V$36=2,U53,"")) | W45: =IF($W$36=1,U48,IF($W$36=2,U53,"")) | X45: =IF($X$36=1,U48,IF($X$36=2,U53,"")) | Y45: =IF($Y$36=1,U48,IF($Y$36=2,U53,""))
A46: 1 | Q46: 23 | R46: =IF(A30<>"",A30,"") | U46: Međimurska županija | V46: =IF($V$36=1,U49,IF($V$36=2,"","")) | W46: =IF($W$36=1,U49,IF($W$36=2,"","")) | X46: =IF($X$36=1,U49,IF($X$36=2,"","")) | Y46: =IF($Y$36=1,U49,IF($Y$36=2,"",""))
Q47: 24 | R47: =IF(A32<>"",A32,"") | U47: Osječko-baranjska županija | V47: =IF($V$36=1,U50,IF($V$36=2,"","")) | W47: =IF($W$36=1,U50,IF($W$36=2,"","")) | X47: =IF($X$36=1,U50,IF($X$36=2,"","")) | Y47: =IF($Y$36=1,U50,IF($Y$36=2,"",""))
A48: 2 | Q48: 25 | R48: =IF(A34<>"",A34,"") | U48: Virovitičko-podravska županija | V48: =IF($V$36=1,U51,IF($V$36=2,"","")) | W48: =IF($W$36=1,U51,IF($W$36=2,"","")) | X48: =IF($X$36=1,U51,IF($X$36=2,"","")) | Y48: =IF($Y$36=1,U51,IF($Y$36=2,"",""))
Q49: 26 | R49: =IF(A36<>"",A36,"") | U49: Bjelovarsko-bilogorska županija | V49: =IF($V$36=1,U52,IF($V$36=2,"","")) | W49: =IF($W$36=1,U52,IF($W$36=2,"","")) | X49: =IF($X$36=1,U52,IF($X$36=2,"","")) | Y49: =IF($Y$36=1,U52,IF($Y$36=2,"",""))
A50: 3 | Q50: 27 | R50: =IF(A38<>"",A38,"") | U50: Požeško-slavonska županija | V50: =IF($V$36=1,U53,IF($V$36=2,"","")) | W50: =IF($W$36=1,U53,IF($W$36=2,"","")) | X50: =IF($X$36=1,U53,IF($X$36=2,"","")) | Y50: =IF($Y$36=1,U53,IF($Y$36=2,"",""))
Q51: 28 | R51: =IF(A40<>"",A40,"") | U51: Varaždinska županija | W51: =IF($W$36=1,U54,IF($W$36=2,"","")) | X51: =IF($X$36=1,U54,IF($X$36=2,"",""))
A52: 4 | Q52: 29 | U52: Vukovarsko-srijemska županija
Q53: 30 | U53: Other
Q54: 26 | R54: =IF(A41<>"",A41,"") | U54: Bjelovarsko-bilogorska županija | V54: =IF($V$36=1,U57,IF($V$36=2,"","")) | W54: =IF($W$36=1,U57,IF($W$36=2,"","")) | X54: =IF($X$36=1,U57,IF($X$36=2,"","")) | Y54: =IF($Y$36=1,U57,IF($Y$36=2,"",""))
A55: 5 | Q55: 27 | U55: Požeško-slavonska županija | V55: =IF($V$36=1,U58,IF($V$36=2,"","")) | W55: =IF($W$36=1,U58,IF($W$36=2,"","")) | X55: =IF($X$36=1,U58,IF($X$36=2,"","")) | Y55: =IF($Y$36=1,U58,IF($Y$36=2,"",""))
Q56: 28 | U56: Varaždinska županija | W56: =IF($W$36=1,U59,IF($W$36=2,"","")) | X56: =IF($X$36=1,U59,IF($X$36=2,"",""))
A57: 6 | Q57: 29 | U57: Vukovarsko-srijemska županija

Sheet 2. Light Partner 1 data - SME
A2: 2. Light Partner data
A4: 2.2 Light Partner 1 SME
A5: Official name of the Light Partner in original language (max. 150 characters) | I5: =IF(C5="",FALSE,A5) -> FALSE
A7: Official name of the Light Partner in English (if exists) (max. 150 characters) | I7: =IF(C7="",FALSE,A7) -> FALSE
A9: Abbreviated name (in original language) (max. 20 characters) | I9: =IF(C9="",FALSE,A9) -> FALSE
G10: SME
A11: Website (max. 150 characters) | I11: =IF(C11="",FALSE,A11) -> FALSE
A14: Ownership structure / Founder organisation (max. 150 characters) | I14: =IF(C14="",FALSE,A14) -> FALSE
A16: National tax number | E16: OIB number (for Croatia only) | I16: =IF(C16="",FALSE,A16) -> FALSE
A18: EU tax number | I18: =IF(C18="",FALSE,A18) -> FALSE
A20: Registry number | I20: =IF(C20="",FALSE,A20) -> FALSE
G23: Hungary | H23: =IF($C$33="Hungary",1,IF($C$33="Croatia",2,0)) -> 0
A24: Mailing address | G24: Croatia | H24: County
G25: Baranya megye | H25: =IF($H$23=1,G25,IF($H$23=2,G28,""))
A26: Official address OR Address (permanent residence) | F26: Street and number | G26: Somogy megye | H26: =IF($H$23=1,G26,IF($H$23=2,G29,"")) | I26: =IF(AND(C26<>"",C28<>"",E28<>"")=TRUE,A26,FALSE) -> FALSE
G27: Zala megye | H27: =IF($H$23=1,G27,IF($H$23=2,G30,""))
D28: Postal code | F28: Settlement | G28: Koprivničko-križevačka županija | H28: =IF($H$23=1,G36,IF($H$23=2,G31,""))
G29: Međimurska županija | H29: =IF($H$23=1,"",IF($H$23=2,G32,""))
D30: PO Box | G30: Osječko-baranjska županija | H30: =IF($H$23=1,"",IF($H$23=2,G33,""))
G31: Virovitičko-podravska županija | H31: =IF($H$23=1,"",IF($H$23=2,G34,""))
G32: Bjelovarsko-bilogorska županija | H32: =IF($H$23=1,"",IF($H$23=2,G35,""))
A33: Country | G33: Požeško-slavonska županija | H33: =IF($H$23=1,"",IF($H$23=2,G36,"")) | I33: =IF(C33="",FALSE,A33) -> FALSE
G34: Varaždinska županija
A35: NUTS III or equivalent | G35: Vukovarsko-srijemska županija | I35: =IF(C35="",FALSE,IF(C35="-",FALSE,IF(H36<>C35,FALSE,A35))) -> FALSE
G36: Other | H36: =IF(OR(,LEN(C35)=LEN(H25),LEN(C35)=LEN(H26),LEN(C35)=LEN(H27),LEN(C35)=LEN(H28),LEN(C35)=LEN(H29),LEN(C35)=LEN(H30),LEN(C35)=LEN(H31),LEN(C35)=LEN(H32),LEN(C35)=LEN(H33)),C35,0) -> 0
A37: Branch office address | F37: Street and number | G37: Somogy megye | H37: =IF($H$23=1,G37,IF($H$23=2,G40,"")) | I37: =IF(AND(C37<>"",C39<>"",E39<>"")=TRUE,A37,FALSE) -> FALSE
G38: Zala megye | H38: =IF($H$23=1,G38,IF($H$23=2,G41,""))
D39: Postal code | F39: Settlement | G39: Koprivničko-križevačka županija | H39: =IF($H$23=1,G47,IF($H$23=2,G42,""))
G40: Međimurska županija | H40: =IF($H$23=1,"",IF($H$23=2,G43,""))
D41: PO Box | G41: Osječko-baranjska županija | H41: =IF($H$23=1,"",IF($H$23=2,G44,""))
G42: Virovitičko-podravska županija | H42: =IF($H$23=1,"",IF($H$23=2,G45,""))
G43: Bjelovarsko-bilogorska županija | H43: =IF($H$23=1,"",IF($H$23=2,G46,""))
A44: Country | G44: Požeško-slavonska županija | H44: =IF($H$23=1,"",IF($H$23=2,G47,"")) | I44: =IF(C44="",FALSE,A44) -> FALSE
G45: Varaždinska županija
A46: NUTS III or equivalent | G46: Vukovarsko-srijemska županija | I46: =IF(C46="",FALSE,IF(C46="-",FALSE,IF(H47<>C46,FALSE,A46))) -> FALSE
A50: Contact person in Light Project
A52: Legal representative | D52: title | F52: position | G52: Mr. | I52: =IF(AND(C52<>"",C54<>"",E52<>"",E54<>"")=TRUE,A52,0) -> 0
G53: Mrs.
D54: First name | F54: Family name | G54: Ms.
A56: Telephone/ Mobile number | D56: Telephone | F56: Mobile | I56: =IF(C56="",FALSE,A56) -> FALSE
A58: E-mail | I58: =IF(AND(NOT(ISERROR(SEARCH("@",C58)>0)),C58<>""),A58,FALSE) -> FALSE
A61: Contact person | D61: title | F61: position | G61: Mr. | I61: =IF(AND(C61<>"",C63<>"",E61<>"",E63<>"")=TRUE,A61,0) -> 0
G62: Mrs.
D63: First name | F63: Family name | G63: Ms.
A65: Telephone/ Mobile number | D65: Telephone | F65: Mobile | I65: =IF(C65="",FALSE,A65) -> FALSE
A67: E-mail | I67: =IF(AND(NOT(ISERROR(SEARCH("@",C67)>0)),C67<>""),A67,FALSE) -> FALSE
A69: Date of foundation | D69: DD/MM/YYYY | I69: =IF(C69="",FALSE,A69) -> FALSE
A71: Number of staff | D71: person(s) | I71: =IF(C71="",FALSE,A71) -> FALSE
A73: Annual turnover (last closed yr) | D73: EUR | I73: =IF(C73="",FALSE,A73) -> FALSE
A75: Awarded de minimis grant in the current and the previous two fiscal years: | I75: =IF(AND(F76="",F77=""),FALSE,A75) -> FALSE
E76: Amount of de minimis grant awarded in Hungary (EUR):
E77: Amount of de minimis grant awarded in Croatia (EUR):
A79: Short description of the former and present activities of the Light Partner | I79: =IF(A81="",FALSE,A79) -> FALSE
A83: Main places of selling, existing export-import business cooperations | I83: =IF(A85="",FALSE,A83) -> FALSE
A87: Human capacities of the company (number of staff and their competences relevant for Light Project) | I87: =IF(A89="",FALSE,A87) -> FALSE
A91: Relevant main developments and projects from the past three years, including data on applied EU co-financing (if relevant) | I91: =IF(A93="",FALSE,A91) -> FALSE

Sheet 2. Light Partner 2 data - SME
A2: 2. Light Partner data
A4: 2.2 Light Partner 2 SME
A5: Official name of the Light Partner in original language (max. 150 characters) | I5: =IF(C5="",FALSE,A5) -> FALSE
A7: Official name of the Light Partner in English (if exists) (max. 150 characters) | I7: =IF(C7="",FALSE,A7) -> FALSE
A9: Abbreviated name (in original language) (max. 20 characters) | I9: =IF(C9="",FALSE,A9) -> FALSE
G10: SME
A11: Website (max. 150 characters) | I11: =IF(C11="",FALSE,A11) -> FALSE
A14: Ownership structure / Founder organisation (max. 150 characters) | I14: =IF(C14="",FALSE,A14) -> FALSE
A16: National tax number | E16: OIB number (for Croatia only) | I16: =IF(C16="",FALSE,A16) -> FALSE
A18: EU tax number | I18: =IF(C18="",FALSE,A18) -> FALSE
A20: Registry number | I20: =IF(C20="",FALSE,A20) -> FALSE
G23: Hungary | H23: =IF($C$33="Hungary",1,IF($C$33="Croatia",2,0)) -> 0
A24: Mailing address | G24: Croatia | H24: County
G25: Baranya megye | H25: =IF($H$23=1,G25,IF($H$23=2,G28,""))
A26: Official address OR Address (permanent residence) | F26: Street and number | G26: Somogy megye | H26: =IF($H$23=1,G26,IF($H$23=2,G29,"")) | I26: =IF(AND(C26<>"",C28<>"",E28<>"")=TRUE,A26,FALSE) -> FALSE
G27: Zala megye | H27: =IF($H$23=1,G27,IF($H$23=2,G30,""))
D28: Postal code | F28: Settlement | G28: Koprivničko-križevačka županija | H28: =IF($H$23=1,G36,IF($H$23=2,G31,""))
G29: Međimurska županija | H29: =IF($H$23=1,"",IF($H$23=2,G32,""))
D30: PO Box | G30: Osječko-baranjska županija | H30: =IF($H$23=1,"",IF($H$23=2,G33,""))
G31: Virovitičko-podravska županija | H31: =IF($H$23=1,"",IF($H$23=2,G34,""))
G32: Bjelovarsko-bilogorska županija | H32: =IF($H$23=1,"",IF($H$23=2,G35,""))
A33: Country | G33: Požeško-slavonska županija | H33: =IF($H$23=1,"",IF($H$23=2,G36,"")) | I33: =IF(C33="",FALSE,A33) -> FALSE
G34: Varaždinska županija
A35: NUTS III or equivalent | G35: Vukovarsko-srijemska županija | I35: =IF(C35="",FALSE,IF(C35="-",FALSE,IF(H36<>C35,FALSE,A35))) -> FALSE
G36: Other | H36: =IF(OR(,LEN(C35)=LEN(H25),LEN(C35)=LEN(H26),LEN(C35)=LEN(H27),LEN(C35)=LEN(H28),LEN(C35)=LEN(H29),LEN(C35)=LEN(H30),LEN(C35)=LEN(H31),LEN(C35)=LEN(H32),LEN(C35)=LEN(H33)),C35,0) -> 0
A37: Branch office address | F37: Street and number | G37: Somogy megye | H37: =IF($H$23=1,G37,IF($H$23=2,G40,"")) | I37: =IF(AND(C37<>"",C39<>"",E39<>"")=TRUE,A37,FALSE) -> FALSE
G38: Zala megye | H38: =IF($H$23=1,G38,IF($H$23=2,G41,""))
D39: Postal code | F39: Settlement | G39: Koprivničko-križevačka županija | H39: =IF($H$23=1,G47,IF($H$23=2,G42,""))
G40: Međimurska županija | H40: =IF($H$23=1,"",IF($H$23=2,G43,""))
D41: PO Box | G41: Osječko-baranjska županija | H41: =IF($H$23=1,"",IF($H$23=2,G44,""))
G42: Virovitičko-podravska županija | H42: =IF($H$23=1,"",IF($H$23=2,G45,""))
G43: Bjelovarsko-bilogorska županija | H43: =IF($H$23=1,"",IF($H$23=2,G46,""))
A44: Country | G44: Požeško-slavonska županija | H44: =IF($H$23=1,"",IF($H$23=2,G47,"")) | I44: =IF(C44="",FALSE,A44) -> FALSE
G45: Varaždinska županija
A46: NUTS III or equivalent | G46: Vukovarsko-srijemska županija | I46: =IF(C46="",FALSE,IF(C46="-",FALSE,IF(H47<>C46,FALSE,A46))) -> FALSE
A50: Contact person in Light Project
A52: Legal representative | D52: title | F52: position | G52: Mr. | I52: =IF(AND(C52<>"",C54<>"",E52<>"",E54<>"")=TRUE,A52,0) -> 0
G53: Mrs.
D54: First name | F54: Family name | G54: Ms.
A56: Telephone/ Mobile number | D56: Telephone | F56: Mobile | I56: =IF(C56="",FALSE,A56) -> FALSE
A58: E-mail | I58: =IF(AND(NOT(ISERROR(SEARCH("@",C58)>0)),C58<>""),A58,FALSE) -> FALSE
A61: Contact person | D61: title | F61: position | G61: Mr. | I61: =IF(AND(C61<>"",C63<>"",E61<>"",E63<>"")=TRUE,A61,0) -> 0
G62: Mrs.
D63: First name | F63: Family name | G63: Ms.
A65: Telephone/ Mobile number | D65: Telephone | F65: Mobile | I65: =IF(C65="",FALSE,A65) -> FALSE
A67: E-mail | I67: =IF(AND(NOT(ISERROR(SEARCH("@",C67)>0)),C67<>""),A67,FALSE) -> FALSE
A69: Date of foundation | D69: DD/MM/YYYY | I69: =IF(C69="",FALSE,A69) -> FALSE
A71: Number of staff | D71: person(s) | I71: =IF(C71="",FALSE,A71) -> FALSE
A73: Annual turnover (last closed yr) | D73: EUR | I73: =IF(C73="",FALSE,A73) -> FALSE
A75: Awarded de minimis grant in the current and the previous two fiscal years: | I75: =IF(AND(F76="",F77=""),FALSE,A75) -> FALSE
E76: Amount of de minimis grant awarded in Hungary (EUR):
E77: Amount of de minimis grant awarded in Croatia (EUR):
A79: Short description of the former and present activities of the Light Partner | I79: =IF(A81="",FALSE,A79) -> FALSE
A83: Main places of selling, existing export-import business cooperations | I83: =IF(A85="",FALSE,A83) -> FALSE
A87: Human capacities of the company (number of staff and their competences relevant for Light Project) | I87: =IF(A89="",FALSE,A87) -> FALSE
A91: Relevant main developments and projects from the past three years, including data on applied EU co-financing (if relevant) | I91: =IF(A93="",FALSE,A91) -> FALSE

Sheet 2. Light Partner 3 data - SME
A2: 2. Light Partner data
A4: 2.2 Light Partner 3 SME
A5: Official name of the Light Partner in original language (max. 150 characters) | I5: =IF(C5="",FALSE,A5) -> FALSE
A7: Official name of the Light Partner in English (if exists) (max. 150 characters) | I7: =IF(C7="",FALSE,A7) -> FALSE
A9: Abbreviated name (in original language) (max. 20 characters) | I9: =IF(C9="",FALSE,A9) -> FALSE
G10: SME
A11: Website (max. 150 characters) | I11: =IF(C11="",FALSE,A11) -> FALSE
A14: Ownership structure / Founder organisation (max. 150 characters) | I14: =IF(C14="",FALSE,A14) -> FALSE
A16: National tax number | E16: OIB number (for Croatia only) | I16: =IF(C16="",FALSE,A16) -> FALSE
A18: EU tax number | I18: =IF(C18="",FALSE,A18) -> FALSE
A20: Registry number | I20: =IF(C20="",FALSE,A20) -> FALSE
G23: Hungary | H23: =IF($C$33="Hungary",1,IF($C$33="Croatia",2,0)) -> 0
A24: Mailing address | G24: Croatia | H24: County
G25: Baranya megye | H25: =IF($H$23=1,G25,IF($H$23=2,G28,""))
A26: Official address OR Address (permanent residence) | F26: Street and number | G26: Somogy megye | H26: =IF($H$23=1,G26,IF($H$23=2,G29,"")) | I26: =IF(AND(C26<>"",C28<>"",E28<>"")=TRUE,A26,FALSE) -> FALSE
G27: Zala megye | H27: =IF($H$23=1,G27,IF($H$23=2,G30,""))
D28: Postal code | F28: Settlement | G28: Koprivničko-križevačka županija | H28: =IF($H$23=1,G36,IF($H$23=2,G31,""))
G29: Međimurska županija | H29: =IF($H$23=1,"",IF($H$23=2,G32,""))
D30: PO Box | G30: Osječko-baranjska županija | H30: =IF($H$23=1,"",IF($H$23=2,G33,""))
G31: Virovitičko-podravska županija | H31: =IF($H$23=1,"",IF($H$23=2,G34,""))
G32: Bjelovarsko-bilogorska županija | H32: =IF($H$23=1,"",IF($H$23=2,G35,""))
A33: Country | G33: Požeško-slavonska županija | H33: =IF($H$23=1,"",IF($H$23=2,G36,"")) | I33: =IF(C33="",FALSE,A33) -> FALSE
G34: Varaždinska županija
A35: NUTS III or equivalent | G35: Vukovarsko-srijemska županija | I35: =IF(C35="",FALSE,IF(C35="-",FALSE,IF(H36<>C35,FALSE,A35))) -> FALSE
G36: Other | H36: =IF(OR(,LEN(C35)=LEN(H25),LEN(C35)=LEN(H26),LEN(C35)=LEN(H27),LEN(C35)=LEN(H28),LEN(C35)=LEN(H29),LEN(C35)=LEN(H30),LEN(C35)=LEN(H31),LEN(C35)=LEN(H32),LEN(C35)=LEN(H33)),C35,0) -> 0
A37: Branch office address | F37: Street and number | G37: Somogy megye | H37: =IF($H$23=1,G37,IF($H$23=2,G40,"")) | I37: =IF(AND(C37<>"",C39<>"",E39<>"")=TRUE,A37,FALSE) -> FALSE
G38: Zala megye | H38: =IF($H$23=1,G38,IF($H$23=2,G41,""))
D39: Postal code | F39: Settlement | G39: Koprivničko-križevačka županija | H39: =IF($H$23=1,G47,IF($H$23=2,G42,""))
G40: Međimurska županija | H40: =IF($H$23=1,"",IF($H$23=2,G43,""))
D41: PO Box | G41: Osječko-baranjska županija | H41: =IF($H$23=1,"",IF($H$23=2,G44,""))
G42: Virovitičko-podravska županija | H42: =IF($H$23=1,"",IF($H$23=2,G45,""))
G43: Bjelovarsko-bilogorska županija | H43: =IF($H$23=1,"",IF($H$23=2,G46,""))
A44: Country | G44: Požeško-slavonska županija | H44: =IF($H$23=1,"",IF($H$23=2,G47,"")) | I44: =IF(C44="",FALSE,A44) -> FALSE
G45: Varaždinska županija
A46: NUTS III or equivalent | G46: Vukovarsko-srijemska županija | I46: =IF(C46="",FALSE,IF(C46="-",FALSE,IF(H47<>C46,FALSE,A46))) -> FALSE
A50: Contact person in Light Project
A52: Legal representative | D52: title | F52: position | G52: Mr. | I52: =IF(AND(C52<>"",C54<>"",E52<>"",E54<>"")=TRUE,A52,0) -> 0
G53: Mrs.
D54: First name | F54: Family name | G54: Ms.
A56: Telephone/ Mobile number | D56: Telephone | F56: Mobile | I56: =IF(C56="",FALSE,A56) -> FALSE
A58: E-mail | I58: =IF(AND(NOT(ISERROR(SEARCH("@",C58)>0)),C58<>""),A58,FALSE) -> FALSE
A61: Contact person | D61: title | F61: position | G61: Mr. | I61: =IF(AND(C61<>"",C63<>"",E61<>"",E63<>"")=TRUE,A61,0) -> 0
G62: Mrs.
D63: First name | F63: Family name | G63: Ms.
A65: Telephone/ Mobile number | D65: Telephone | F65: Mobile | I65: =IF(C65="",FALSE,A65) -> FALSE
A67: E-mail | I67: =IF(AND(NOT(ISERROR(SEARCH("@",C67)>0)),C67<>""),A67,FALSE) -> FALSE
A69: Date of foundation | D69: DD/MM/YYYY | I69: =IF(C69="",FALSE,A69) -> FALSE
A71: Number of staff | D71: person(s) | I71: =IF(C71="",FALSE,A71) -> FALSE
A73: Annual turnover (last closed yr) | D73: EUR | I73: =IF(C73="",FALSE,A73) -> FALSE
A75: Awarded de minimis grant in the current and the previous two fiscal years: | I75: =IF(AND(F76="",F77=""),FALSE,A75) -> FALSE
E76: Amount of de minimis grant awarded in Hungary (EUR):
E77: Amount of de minimis grant awarded in Croatia (EUR):
A79: Short description of the former and present activities of the Light Partner | I79: =IF(A81="",FALSE,A79) -> FALSE
A83: Main places of selling, existing export-import business cooperations | I83: =IF(A85="",FALSE,A83) -> FALSE
A87: Human capacities of the company (number of staff and their competences relevant for Light Project) | I87: =IF(A89="",FALSE,A87) -> FALSE
A91: Relevant main developments and projects from the past three years, including data on applied EU co-financing (if relevant) | I91: =IF(A93="",FALSE,A91) -> FALSE

Sheet 2. Light Partner 4 data - SME
A2: 2. Light Partner data
A4: 2.2 Light Partner 4 SME
A5: Official name of the Light Partner in original language (max. 150 characters) | I5: =IF(C5="",FALSE,A5) -> FALSE
A7: Official name of the Light Partner in English (if exists) (max. 150 characters) | I7: =IF(C7="",FALSE,A7) -> FALSE
A9: Abbreviated name (in original language) (max. 20 characters) | I9: =IF(C9="",FALSE,A9) -> FALSE
G10: SME
A11: Website (max. 150 characters) | I11: =IF(C11="",FALSE,A11) -> FALSE
A14: Ownership structure / Founder organisation (max. 150 characters) | I14: =IF(C14="",FALSE,A14) -> FALSE
A16: National tax number | E16: OIB number (for Croatia only) | I16: =IF(C16="",FALSE,A16) -> FALSE
A18: EU tax number | I18: =IF(C18="",FALSE,A18) -> FALSE
A20: Registry number | I20: =IF(C20="",FALSE,A20) -> FALSE
G23: Hungary | H23: =IF($C$33="Hungary",1,IF($C$33="Croatia",2,0)) -> 0
A24: Mailing address | G24: Croatia | H24: County
G25: Baranya megye | H25: =IF($H$23=1,G25,IF($H$23=2,G28,""))
A26: Official address OR Address (permanent residence) | F26: Street and number | G26: Somogy megye | H26: =IF($H$23=1,G26,IF($H$23=2,G29,"")) | I26: =IF(AND(C26<>"",C28<>"",E28<>"")=TRUE,A26,FALSE) -> FALSE
G27: Zala megye | H27: =IF($H$23=1,G27,IF($H$23=2,G30,""))
D28: Postal code | F28: Settlement | G28: Koprivničko-križevačka županija | H28: =IF($H$23=1,G36,IF($H$23=2,G31,""))
G29: Međimurska županija | H29: =IF($H$23=1,"",IF($H$23=2,G32,""))
D30: PO Box | G30: Osječko-baranjska županija | H30: =IF($H$23=1,"",IF($H$23=2,G33,""))
G31: Virovitičko-podravska županija | H31: =IF($H$23=1,"",IF($H$23=2,G34,""))
G32: Bjelovarsko-bilogorska županija | H32: =IF($H$23=1,"",IF($H$23=2,G35,""))
A33: Country | G33: Požeško-slavonska županija | H33: =IF($H$23=1,"",IF($H$23=2,G36,"")) | I33: =IF(C33="",FALSE,A33) -> FALSE
G34: Varaždinska županija
A35: NUTS III or equivalent | G35: Vukovarsko-srijemska županija | I35: =IF(C35="",FALSE,IF(C35="-",FALSE,IF(H36<>C35,FALSE,A35))) -> FALSE
G36: Other | H36: =IF(OR(,LEN(C35)=LEN(H25),LEN(C35)=LEN(H26),LEN(C35)=LEN(H27),LEN(C35)=LEN(H28),LEN(C35)=LEN(H29),LEN(C35)=LEN(H30),LEN(C35)=LEN(H31),LEN(C35)=LEN(H32),LEN(C35)=LEN(H33)),C35,0) -> 0
A37: Branch office address | F37: Street and number | G37: Somogy megye | H37: =IF($H$23=1,G37,IF($H$23=2,G40,"")) | I37: =IF(AND(C37<>"",C39<>"",E39<>"")=TRUE,A37,FALSE) -> FALSE
G38: Zala megye | H38: =IF($H$23=1,G38,IF($H$23=2,G41,""))
D39: Postal code | F39: Settlement | G39: Koprivničko-križevačka županija | H39: =IF($H$23=1,G47,IF($H$23=2,G42,""))
G40: Međimurska županija | H40: =IF($H$23=1,"",IF($H$23=2,G43,""))
D41: PO Box | G41: Osječko-baranjska županija | H41: =IF($H$23=1,"",IF($H$23=2,G44,""))
G42: Virovitičko-podravska županija | H42: =IF($H$23=1,"",IF($H$23=2,G45,""))
G43: Bjelovarsko-bilogorska županija | H43: =IF($H$23=1,"",IF($H$23=2,G46,""))
A44: Country | G44: Požeško-slavonska županija | H44: =IF($H$23=1,"",IF($H$23=2,G47,"")) | I44: =IF(C44="",FALSE,A44) -> FALSE
G45: Varaždinska županija
A46: NUTS III or equivalent | G46: Vukovarsko-srijemska županija | I46: =IF(C46="",FALSE,IF(C46="-",FALSE,IF(H47<>C46,FALSE,A46))) -> FALSE
A50: Contact person in Light Project
A52: Legal representative | D52: title | F52: position | G52: Mr. | I52: =IF(AND(C52<>"",C54<>"",E52<>"",E54<>"")=TRUE,A52,0) -> 0
G53: Mrs.
D54: First name | F54: Family name | G54: Ms.
A56: Telephone/ Mobile number | D56: Telephone | F56: Mobile | I56: =IF(C56="",FALSE,A56) -> FALSE
A58: E-mail | I58: =IF(AND(NOT(ISERROR(SEARCH("@",C58)>0)),C58<>""),A58,FALSE) -> FALSE
A61: Contact person | D61: title | F61: position | G61: Mr. | I61: =IF(AND(C61<>"",C63<>"",E61<>"",E63<>"")=TRUE,A61,0) -> 0
G62: Mrs.
D63: First name | F63: Family name | G63: Ms.
A65: Telephone/ Mobile number | D65: Telephone | F65: Mobile | I65: =IF(C65="",FALSE,A65) -> FALSE
A67: E-mail | I67: =IF(AND(NOT(ISERROR(SEARCH("@",C67)>0)),C67<>""),A67,FALSE) -> FALSE
A69: Date of foundation | D69: DD/MM/YYYY | I69: =IF(C69="",FALSE,A69) -> FALSE
A71: Number of staff | D71: person(s) | I71: =IF(C71="",FALSE,A71) -> FALSE
A73: Annual turnover (last closed yr) | D73: EUR | I73: =IF(C73="",FALSE,A73) -> FALSE
A75: Awarded de minimis grant in the current and the previous two fiscal years: | I75: =IF(AND(F76="",F77=""),FALSE,A75) -> FALSE
E76: Amount of de minimis grant awarded in Hungary (EUR):
E77: Amount of de minimis grant awarded in Croatia (EUR):
A79: Short description of the former and present activities of the Light Partner | I79: =IF(A81="",FALSE,A79) -> FALSE
A83: Main places of selling, existing export-import business cooperations | I83: =IF(A85="",FALSE,A83) -> FALSE
A87: Human capacities of the company (number of staff and their competences relevant for Light Project) | I87: =IF(A89="",FALSE,A87) -> FALSE
A91: Relevant main developments and projects from the past three years, including data on applied EU co-financing (if relevant) | I91: =IF(A93="",FALSE,A91) -> FALSE

Sheet 2. Light Partner 3 data - R&D
A2: 2. Light Partner data
A4: 2.2 Light Partner 3 R&D
A5: Official name of the Light Partner in original language (max. 150 characters) | I5: =IF(C5="",FALSE,A5) -> FALSE
A7: Official name of the Light Partner in English (if exists) (max. 150 characters) | I7: =IF(C7="",FALSE,A7) -> FALSE
A9: Abbreviated name (in original language) (max. 20 characters) | I9: =IF(C9="",FALSE,A9) -> FALSE
G10: SME
A11: Website (max. 150 characters) | I11: =IF(C11="",FALSE,A11) -> FALSE
A14: Ownership structure / Founder organisation (max. 150 characters) | I14: =IF(C14="",FALSE,A14) -> FALSE
A16: National tax number | E16: OIB number (for Croatia only) | I16: =IF(C16="",FALSE,A16) -> FALSE
A18: EU tax number | I18: =IF(C18="",FALSE,A18) -> FALSE
A20: Registry number | I20: =IF(C20="",FALSE,A20) -> FALSE
G23: Hungary | H23: =IF($C$33="Hungary",1,IF($C$33="Croatia",2,0)) -> 0
A24: Mailing address | G24: Croatia | H24: County
G25: Baranya megye | H25: =IF($H$23=1,G25,IF($H$23=2,G28,""))
A26: Official address OR Address (permanent residence) | F26: Street and number | G26: Somogy megye | H26: =IF($H$23=1,G26,IF($H$23=2,G29,"")) | I26: =IF(AND(C26<>"",C28<>"",E28<>"")=TRUE,A26,FALSE) -> FALSE
G27: Zala megye | H27: =IF($H$23=1,G27,IF($H$23=2,G30,""))
D28: Postal code | F28: Settlement | G28: Koprivničko-križevačka županija | H28: =IF($H$23=1,G36,IF($H$23=2,G31,""))
G29: Međimurska županija | H29: =IF($H$23=1,"",IF($H$23=2,G32,""))
D30: PO Box | G30: Osječko-baranjska županija | H30: =IF($H$23=1,"",IF($H$23=2,G33,""))
G31: Virovitičko-podravska županija | H31: =IF($H$23=1,"",IF($H$23=2,G34,""))
G32: Bjelovarsko-bilogorska županija | H32: =IF($H$23=1,"",IF($H$23=2,G35,""))
A33: Country | G33: Požeško-slavonska županija | H33: =IF($H$23=1,"",IF($H$23=2,G36,"")) | I33: =IF(C33="",FALSE,A33) -> FALSE
G34: Varaždinska županija
A35: NUTS III or equivalent | G35: Vukovarsko-srijemska županija | I35: =IF(C35="",FALSE,IF(C35="-",FALSE,IF(H36<>C35,FALSE,A35))) -> FALSE
G36: Other | H36: =IF(OR(,LEN(C35)=LEN(H25),LEN(C35)=LEN(H26),LEN(C35)=LEN(H27),LEN(C35)=LEN(H28),LEN(C35)=LEN(H29),LEN(C35)=LEN(H30),LEN(C35)=LEN(H31),LEN(C35)=LEN(H32),LEN(C35)=LEN(H33)),C35,0) -> 0
A37: Branch office address | F37: Street and number | G37: Somogy megye | H37: =IF($H$23=1,G37,IF($H$23=2,G40,"")) | I37: =IF(AND(C37<>"",C39<>"",E39<>"")=TRUE,A37,FALSE) -> FALSE
G38: Zala megye | H38: =IF($H$23=1,G38,IF($H$23=2,G41,""))
D39: Postal code | F39: Settlement | G39: Koprivničko-križevačka županija | H39: =IF($H$23=1,G47,IF($H$23=2,G42,""))
G40: Međimurska županija | H40: =IF($H$23=1,"",IF($H$23=2,G43,""))
D41: PO Box | G41: Osječko-baranjska županija | H41: =IF($H$23=1,"",IF($H$23=2,G44,""))
G42: Virovitičko-podravska županija | H42: =IF($H$23=1,"",IF($H$23=2,G45,""))
G43: Bjelovarsko-bilogorska županija | H43: =IF($H$23=1,"",IF($H$23=2,G46,""))
A44: Country | G44: Požeško-slavonska županija | H44: =IF($H$23=1,"",IF($H$23=2,G47,"")) | I44: =IF(C44="",FALSE,A44) -> FALSE
G45: Varaždinska županija
A46: NUTS III or equivalent | G46: Vukovarsko-srijemska županija | I46: =IF(C46="",FALSE,IF(C46="-",FALSE,IF(H47<>C46,FALSE,A46))) -> FALSE
A50: Contact person in Light Project
A52: Legal representative | D52: title | F52: position | G52: Mr. | I52: =IF(AND(C52<>"",C54<>"",E52<>"",E54<>"")=TRUE,A52,0) -> 0
G53: Mrs.
D54: First name | F54: Family name | G54: Ms.
A56: Telephone/ Mobile number | D56: Telephone | F56: Mobile | I56: =IF(C56="",FALSE,A56) -> FALSE
A58: E-mail | I58: =IF(AND(NOT(ISERROR(SEARCH("@",C58)>0)),C58<>""),A58,FALSE) -> FALSE
A61: Contact person | D61: title | F61: position | G61: Mr. | I61: =IF(AND(C61<>"",C63<>"",E61<>"",E63<>"")=TRUE,A61,0) -> 0
G62: Mrs.
D63: First name | F63: Family name | G63: Ms.
A65: Telephone/ Mobile number | D65: Telephone | F65: Mobile | I65: =IF(C65="",FALSE,A65) -> FALSE
A67: E-mail | I67: =IF(AND(NOT(ISERROR(SEARCH("@",C67)>0)),C67<>""),A67,FALSE) -> FALSE
A69: Date of foundation | D69: DD/MM/YYYY | I69: =IF(C69="",FALSE,A69) -> FALSE
A71: Number of staff | D71: person(s) | I71: =IF(C71="",FALSE,A71) -> FALSE
A73: Annual turnover (last closed yr) | D73: EUR | I73: =IF(C73="",FALSE,A73) -> FALSE
A75: Awarded de minimis grant in the current and the previous two fiscal years: | I75: =IF(AND(F76="",F77=""),FALSE,A75) -> FALSE
E76: Amount of de minimis grant awarded in Hungary (EUR):
E77: Amount of de minimis grant awarded in Croatia (EUR):
A79: Short description of the former and present activities of the Light Partner | I79: =IF(A81="",FALSE,A79) -> FALSE
A83: Main places of selling, existing export-import business cooperations | I83: =IF(A85="",FALSE,A83) -> FALSE
A87: Human capacities of the company (number of staff and their competences relevant for Light Project) | I87: =IF(A89="",FALSE,A87) -> FALSE
A91: Relevant main developments and projects from the past three years, including data on applied EU co-financing (if relevant) | I91: =IF(A93="",FALSE,A91) -> FALSE

Sheet 2. Light Partner 4 data - R&D
A2: 2. Light Partner data
A4: 2.2 Light Partner 4 R&D
A5: Official name of the Light Partner in original language (max. 150 characters) | I5: =IF(C5="",FALSE,A5) -> FALSE
A7: Official name of the Light Partner in English (if exists) (max. 150 characters) | I7: =IF(C7="",FALSE,A7) -> FALSE
A9: Abbreviated name (in original language) (max. 20 characters) | I9: =IF(C9="",FALSE,A9) -> FALSE
G10: SME
A11: Website (max. 150 characters) | I11: =IF(C11="",FALSE,A11) -> FALSE
A14: Ownership structure / Founder organisation (max. 150 characters) | I14: =IF(C14="",FALSE,A14) -> FALSE
A16: National tax number | E16: OIB number (for Croatia only) | I16: =IF(C16="",FALSE,A16) -> FALSE
A18: EU tax number | I18: =IF(C18="",FALSE,A18) -> FALSE
A20: Registry number | I20: =IF(C20="",FALSE,A20) -> FALSE
G23: Hungary | H23: =IF($C$33="Hungary",1,IF($C$33="Croatia",2,0)) -> 0
A24: Mailing address | G24: Croatia | H24: County
G25: Baranya megye | H25: =IF($H$23=1,G25,IF($H$23=2,G28,""))
A26: Official address OR Address (permanent residence) | F26: Street and number | G26: Somogy megye | H26: =IF($H$23=1,G26,IF($H$23=2,G29,"")) | I26: =IF(AND(C26<>"",C28<>"",E28<>"")=TRUE,A26,FALSE) -> FALSE
G27: Zala megye | H27: =IF($H$23=1,G27,IF($H$23=2,G30,""))
D28: Postal code | F28: Settlement | G28: Koprivničko-križevačka županija | H28: =IF($H$23=1,G36,IF($H$23=2,G31,""))
G29: Međimurska županija | H29: =IF($H$23=1,"",IF($H$23=2,G32,""))
D30: PO Box | G30: Osječko-baranjska županija | H30: =IF($H$23=1,"",IF($H$23=2,G33,""))
G31: Virovitičko-podravska županija | H31: =IF($H$23=1,"",IF($H$23=2,G34,""))
G32: Bjelovarsko-bilogorska županija | H32: =IF($H$23=1,"",IF($H$23=2,G35,""))
A33: Country | G33: Požeško-slavonska županija | H33: =IF($H$23=1,"",IF($H$23=2,G36,"")) | I33: =IF(C33="",FALSE,A33) -> FALSE
G34: Varaždinska županija
A35: NUTS III or equivalent | G35: Vukovarsko-srijemska županija | I35: =IF(C35="",FALSE,IF(C35="-",FALSE,IF(H36<>C35,FALSE,A35))) -> FALSE
G36: Other | H36: =IF(OR(,LEN(C35)=LEN(H25),LEN(C35)=LEN(H26),LEN(C35)=LEN(H27),LEN(C35)=LEN(H28),LEN(C35)=LEN(H29),LEN(C35)=LEN(H30),LEN(C35)=LEN(H31),LEN(C35)=LEN(H32),LEN(C35)=LEN(H33)),C35,0) -> 0
A37: Branch office address | F37: Street and number | G37: Somogy megye | H37: =IF($H$23=1,G37,IF($H$23=2,G40,"")) | I37: =IF(AND(C37<>"",C39<>"",E39<>"")=TRUE,A37,FALSE) -> FALSE
G38: Zala megye | H38: =IF($H$23=1,G38,IF($H$23=2,G41,""))
D39: Postal code | F39: Settlement | G39: Koprivničko-križevačka županija | H39: =IF($H$23=1,G47,IF($H$23=2,G42,""))
G40: Međimurska županija | H40: =IF($H$23=1,"",IF($H$23=2,G43,""))
D41: PO Box | G41: Osječko-baranjska županija | H41: =IF($H$23=1,"",IF($H$23=2,G44,""))
G42: Virovitičko-podravska županija | H42: =IF($H$23=1,"",IF($H$23=2,G45,""))
G43: Bjelovarsko-bilogorska županija | H43: =IF($H$23=1,"",IF($H$23=2,G46,""))
A44: Country | G44: Požeško-slavonska županija | H44: =IF($H$23=1,"",IF($H$23=2,G47,"")) | I44: =IF(C44="",FALSE,A44) -> FALSE
G45: Varaždinska županija
A46: NUTS III or equivalent | G46: Vukovarsko-srijemska županija | I46: =IF(C46="",FALSE,IF(C46="-",FALSE,IF(H47<>C46,FALSE,A46))) -> FALSE
A50: Contact person in Light Project
A52: Legal representative | D52: title | F52: position | G52: Mr. | I52: =IF(AND(C52<>"",C54<>"",E52<>"",E54<>"")=TRUE,A52,0) -> 0
G53: Mrs.
D54: First name | F54: Family name | G54: Ms.
A56: Telephone/ Mobile number | D56: Telephone | F56: Mobile | I56: =IF(C56="",FALSE,A56) -> FALSE
A58: E-mail | I58: =IF(AND(NOT(ISERROR(SEARCH("@",C58)>0)),C58<>""),A58,FALSE) -> FALSE
A61: Contact person | D61: title | F61: position | G61: Mr. | I61: =IF(AND(C61<>"",C63<>"",E61<>"",E63<>"")=TRUE,A61,0) -> 0
G62: Mrs.
D63: First name | F63: Family name | G63: Ms.
A65: Telephone/ Mobile number | D65: Telephone | F65: Mobile | I65: =IF(C65="",FALSE,A65) -> FALSE
A67: E-mail | I67: =IF(AND(NOT(ISERROR(SEARCH("@",C67)>0)),C67<>""),A67,FALSE) -> FALSE
A69: Date of foundation | D69: DD/MM/YYYY | I69: =IF(C69="",FALSE,A69) -> FALSE
A71: Number of staff | D71: person(s) | I71: =IF(C71="",FALSE,A71) -> FALSE
A73: Annual turnover (last closed yr) | D73: EUR | I73: =IF(C73="",FALSE,A73) -> FALSE
A75: Awarded de minimis grant in the current and the previous two fiscal years: | I75: =IF(AND(F76="",F77=""),FALSE,A75) -> FALSE
E76: Amount of de minimis grant awarded in Hungary (EUR):
E77: Amount of de minimis grant awarded in Croatia (EUR):
A79: Short description of the former and present activities of the Light Partner | I79: =IF(A81="",FALSE,A79) -> FALSE
A83: Main places of selling, existing export-import business cooperations | I83: =IF(A85="",FALSE,A83) -> FALSE
A87: Human capacities of the company (number of staff and their competences relevant for Light Project) | I87: =IF(A89="",FALSE,A87) -> FALSE
A91: Relevant main developments and projects from the past three years, including data on applied EU co-financing (if relevant) | I91: =IF(A93="",FALSE,A91) -> FALSE

Sheet 3. Light Project description
A2: 3. Light Project description | B2: #REF!
A4: 3.1. Light Project summary/description Please give a short overview of the Light Project and describe: - the common challenge of the programme area you are jointly tackling in your Light Project - the overall objective of the Light Project and the expected change your Light Project will make to the current situation - the outputs/deliverables you will produce and those who will benefit from them - the approach you plan to take and why a cross-border approach is needed - what is new/original about the Light Project. max. 5000 characters.
A5: =CONCATENATE(LEN(A6)," + ",LEN(A7)," + ",LEN(A8)," + ",LEN(A9)," + ",LEN(A10)," ","/5000 chr.") -> 0 + 0 + 0 + 0 + 0 /5000 chr.
A12: 3.2 Cross-border character and impact: Please describe the cross-border character of the Light Project. Measurable impacts that will be generated by the Light Project on either side of the border. A long lasting social/economical/environmental effect, consequence directly linked to the implemented Light Project. Describe the added value deriving from the planned cross-border cooperation. (max. 2000 characters) | B12: =IF(OR(A14<>"",A15<>"",A16<>"",A17<>"",A18<>""),A12,0) -> 0
A13: =CONCATENATE(LEN(A14)," + ",LEN(A15)," + ",LEN(A16)," + ",LEN(A17)," + ",LEN(A18)," ","/5000 chr.") -> 0 + 0 + 0 + 0 + 0 /5000 chr.
A20: 3.3 Cooperation of Light Partners: Please describe the role of the relevant Light Partners participating in the implementation of the light project (SMEs, R&D organisation) (max. 2000 characters)
A21: =CONCATENATE(LEN(A22)," + ",LEN(A23)," + ",LEN(A24)," + ",LEN(A25)," + ",LEN(A26)," ","/5000 chr.") -> 0 + 0 + 0 + 0 + 0 /5000 chr.
A28: 3.4. Product Description of the jointly developed product, service or technology by the cooperating Light Partners with added value or joint innovation between Light Partners operating on different sides of the border - max. 5000 characters.
A29: =CONCATENATE(LEN(A30)," + ",LEN(A31)," + ",LEN(A32)," + ",LEN(A33)," + ",LEN(A34)," ","/5000 chr.") -> 0 + 0 + 0 + 0 + 0 /5000 chr.
B30: =IF(OR(A32<>"",A33<>"",A34<>"",A35<>"",A36<>""),A30,0) -> 0
A38: 3.5. Selling | B38: =IF(AND(A41<>"",A49<>"",A57<>""),A38,0) -> 0
A39: 3.5.1. Competences of selling Personal competences of the business managers of the Light Partners who are in charge of coordinating selling and marketing activities concerning the Light Project (this should be described for all Light Partners) - max. 5000 characters. | B39: =IF(OR(A41<>"",A42<>"",A43<>"",A44<>"",A45<>""),A39,0) -> 0
A40: =CONCATENATE(LEN(A41)," + ",LEN(A42)," + ",LEN(A43)," + ",LEN(A44)," + ",LEN(A45)," ","/5000 chr.") -> 0 + 0 + 0 + 0 + 0 /5000 chr.
A47: 3.5.2. Places and predicted value of selling Description of places of selling of the jointly developed product, service or technology with indication of predicted values of selling broken down to main places of selling (estimates in EUR) after 2 years of completion of the Light Project (minimum value of selling should reach 20% of requested EU-co-financing 2 years after completion of the Light Project - max. 5000 characters. | B47: =IF(OR(A49<>"",A50<>"",A51<>"",A52<>"",A53<>""),A47,0) -> 0
A48: =CONCATENATE(LEN(A49)," + ",LEN(A50)," + ",LEN(A51)," + ",LEN(A52)," + ",LEN(A53)," ","/5000 chr.") -> 0 + 0 + 0 + 0 + 0 /5000 chr.
A55: 3.5.3. Business potential Description of the followings - max. 5000 characters: - market needs concerning all places of selling indicated above, - analysis of market competition with indication of competitive advantages of the existing or jointly developed product/service/technology in the Light Project, - proposed actions for market expansion. | B55: =IF(OR(A57<>"",A58<>"",A59<>"",A60<>"",A61<>""),A55,0) -> 0
A56: =CONCATENATE(LEN(A57)," + ",LEN(A58)," + ",LEN(A59)," + ",LEN(A60)," + ",LEN(A61)," ","/5000 chr.") -> 0 + 0 + 0 + 0 + 0 /5000 chr.
A63: 3.6. Innovative character Description of the innovative content of the Light Project in terms of the range of value-added innovation, one of the following options should be indicated and described - max. 5000 characters: 1) value-added of innovation is relevant for the cooperating Light partners 2) innovation relevant at settlement or county level 3) innovation relevant for the whole programme area of B Light 2 project 4) innovation bears international relevance influencing the whole relevant sector | B63: =IF(OR(A66<>"",A67<>"",A68<>"",A69<>"",A70<>""),A63,0) -> 0
A64: In the context of the Light Project, innovation is understood as the development and implementation of a new or significantly improved solution — such as a product, service, process, methodology, or cooperation model — that creates measurable added value compared to existing practices. The innovation is primarily relevant at company level, providing clear benefits to the participating organisations, while also demonstrating potential positive effects at regional or programme area-wide level.
A65: =CONCATENATE(LEN(A66)," + ",LEN(A67)," + ",LEN(A68)," + ",LEN(A69)," + ",LEN(A70)," ","/5000 chr.") -> 0 + 0 + 0 + 0 + 0 /5000 chr.
A72: 3.7. Methodological approach Detailed description of the method of the implementation, and reasons for the proposed cooperation of Light Partners and how the cooperation activities will be interlinked. Justify the necessity of the planned activities. Define the responsibilities of the Light Partners related to activities. What organisational measures will be needed for the successful implementation. - max 2000 characters. | B72: =IF(OR(A74<>"",A75<>""),A72,0) -> 0
A73: =CONCATENATE(LEN(A74)," + ",LEN(A75)," ","/2000 chr.") -> 0 + 0 /2000 chr.
A77: 3.8. Risk management (possible internal/external constraints and solutions foreseen) Description of possible general risk factors (e.g. financial, organizational, etc.) the cooperation will face, and the specific risks and obstacles. Evaluation of the their probability, impact on Light Project activities and measures to handle them - max. 2000 characters. | B77: =IF(OR(A79<>"",A80<>""),A77,0) -> 0
A78: =CONCATENATE(LEN(A79)," + ",LEN(A80)," ","/2000 chr.") -> 0 + 0 /2000 chr.
A82: 3.9. Consistency of the Light Project with EU horizontal principles on equal opportunities and non-discrimination, sustainable development and gender equality Describe how the cooperation contributes to ensuring equal opportunities and non-discrimination. Describe in detail how the cooperation contributes to sustainable development, what impact are envisaged on the environment and in what extent. Describe how the cooperation ensures gender balance in Light Project teams and accessibility of activities for diverse target groups. - max. 2000 characters. | B82: =IF(OR(A84<>"",A85<>""),A82,0) -> 0
A83: =CONCATENATE(LEN(A84)," + ",LEN(A85)," ","/2000 chr.") -> 0 + 0 /2000 chr.
A87: 3.10. Sustainbility and capitalisation of Light Project results:
A88: After Light Project closure the sustainability period of minimum 3 years starts. Description of how the professional, financial and environmental sustainability of the Light Project will be ensured. How the Light Project results will be disseminated. How the indicators will be maintained after Light Project closure (max. 2000 characters) - see 8.7 Light Project Indicators in GfA.
A89: =CONCATENATE(LEN(A90)," + ",LEN(A91)," ","/2000 chr.") -> 0 + 0 /2000 chr.

Sheet 4. Light Project Activities
A1: 6. Light Project Activities
B3: Light Project title | C3: ='1. General Data'!C9 -> 0
B5: Light Partner 1 - SME | C5: ='2. Light Partner 1 data - SME'!C5 -> 0
B7: Light Partner 2 - SME | C7: ='2. Light Partner 2 data - SME'!C5 -> 0
B9: Light Partner 3 - SME | C9: ='2. Light Partner 3 data - SME'!C5 -> 0
B11: Light Partner 4 - SME | C11: ='2. Light Partner 4 data - SME'!C5 -> 0
B13: Light Partner 5 - R&D | C13: ='2. Light Partner 3 data - R&D'!C9 -> 0
B15: Light Partner 6 - R&D | C15: ='2. Light Partner 4 data - R&D'!C9 -> 0
A17: ACTIVITIES | B17: Activities within the Light Project (max. 120 chr.) | C17: Description of activity (max. 500 chr.) | D17: Location of the activity (County, town, settlements) | E17: Responsible Light Partner | F17: Estimated costs (EUR) | G17: Relevant implementation periods - or planned timing (max. 50 chr.)
A18: 1. | B18: Project management | F18: ='6. Light Partner 4 budget - R&D'!N51+'6. Light Partner 3 budget - R&D'!N51+'6. Light Partner 4 budget - SME'!N95+'6. Light Partner 3 budget - SME'!N95+'6. Light Partner 2 budget - SME'!N95+'6. Light Partner 1 budget - SME'!N95 -> 0
A19: 2. | B19: Communication | F19: ='6. Light Partner 4 budget - R&D'!N52+'6. Light Partner 3 budget - R&D'!N52+'6. Light Partner 4 budget - SME'!N96+'6. Light Partner 3 budget - SME'!N96+'6. Light Partner 2 budget - SME'!N96+'6. Light Partner 1 budget - SME'!N96 -> 0
A20: 3. | B20: Cooperation activity 1 | F20: ='6. Light Partner 4 budget - R&D'!N53+'6. Light Partner 3 budget - R&D'!N53+'6. Light Partner 4 budget - SME'!N97+'6. Light Partner 3 budget - SME'!N97+'6. Light Partner 2 budget - SME'!N97+'6. Light Partner 1 budget - SME'!N97 -> 0
A21: 4. | B21: Cooperation activity 2 | F21: ='6. Light Partner 4 budget - R&D'!N54+'6. Light Partner 3 budget - R&D'!N54+'6. Light Partner 4 budget - SME'!N98+'6. Light Partner 3 budget - SME'!N98+'6. Light Partner 2 budget - SME'!N98+'6. Light Partner 1 budget - SME'!N98 -> 0
A22: 5. | B22: Cooperation activity 3 | F22: ='6. Light Partner 4 budget - R&D'!N55+'6. Light Partner 3 budget - R&D'!N55+'6. Light Partner 4 budget - SME'!N99+'6. Light Partner 3 budget - SME'!N99+'6. Light Partner 2 budget - SME'!N99+'6. Light Partner 1 budget - SME'!N99 -> 0
A23: 6. | B23: etc. | F23: ='6. Light Partner 4 budget - R&D'!N56+'6. Light Partner 3 budget - R&D'!N56+'6. Light Partner 4 budget - SME'!N100+'6. Light Partner 3 budget - SME'!N100+'6. Light Partner 2 budget - SME'!N100+'6. Light Partner 1 budget - SME'!N100 -> 0
A24: 7. | F24: ='6. Light Partner 4 budget - R&D'!N57+'6. Light Partner 3 budget - R&D'!N57+'6. Light Partner 4 budget - SME'!N101+'6. Light Partner 3 budget - SME'!N101+'6. Light Partner 2 budget - SME'!N101+'6. Light Partner 1 budget - SME'!N101 -> 0
A25: 8. | F25: ='6. Light Partner 4 budget - R&D'!N58+'6. Light Partner 3 budget - R&D'!N58+'6. Light Partner 4 budget - SME'!N102+'6. Light Partner 3 budget - SME'!N102+'6. Light Partner 2 budget - SME'!N102+'6. Light Partner 1 budget - SME'!N102 -> 0
A26: 9. | F26: ='6. Light Partner 4 budget - R&D'!N59+'6. Light Partner 3 budget - R&D'!N59+'6. Light Partner 4 budget - SME'!N103+'6. Light Partner 3 budget - SME'!N103+'6. Light Partner 2 budget - SME'!N103+'6. Light Partner 1 budget - SME'!N103 -> 0
A27: 10. | F27: ='6. Light Partner 4 budget - R&D'!N60+'6. Light Partner 3 budget - R&D'!N60+'6. Light Partner 4 budget - SME'!N104+'6. Light Partner 3 budget - SME'!N104+'6. Light Partner 2 budget - SME'!N104+'6. Light Partner 1 budget - SME'!N104 -> 0
A28: 11. | F28: ='6. Light Partner 4 budget - R&D'!N61+'6. Light Partner 3 budget - R&D'!N61+'6. Light Partner 4 budget - SME'!N105+'6. Light Partner 3 budget - SME'!N105+'6. Light Partner 2 budget - SME'!N105+'6. Light Partner 1 budget - SME'!N105 -> 0
A29: 12. | F29: ='6. Light Partner 4 budget - R&D'!N62+'6. Light Partner 3 budget - R&D'!N62+'6. Light Partner 4 budget - SME'!N106+'6. Light Partner 3 budget - SME'!N106+'6. Light Partner 2 budget - SME'!N106+'6. Light Partner 1 budget - SME'!N106 -> 0
A35: Main information and publicity activities that are planned to be carried out during the implementation of the Light Project. When selecting the planned communication activity you have to keep in mind that all communication tools used should be in line with the planned communication activities and Light Project budgets. Among communication tools, each Light Project is required to: • have at least one communication event; • produce promotional material about the Light Project (at least one trilingual i.e. Hungarian-Croatian / Croatian-Hungarian alongside with English as the official working language of the Programme); • have an own project specific website or ensure relevant space for the promotion of the Light Project results within any of the Light Partners' website(s); • have at least one media activity (press release, media broadcast etc.) on the Light Project.
A37: IMPORTANT NOTE: Each Light Partner is obliged to place at least one poster with information about the Light Project (minimum size A3), including the financial support from the EU, at a location readily visible to the public such as the entrance area of a building. Please note that you should label every single piece of equipment purchased through the present Programme with the sticker. (Further information you can find in Chapter 9.5. Communication requirements.) Please make sure that the necessary costs of the Information and Publicity activities are planned within the budget of the relevant Light Partner!

Sheet 5. Indicators
A1: 7. Indicators
A3: Light Project title: | C3: ='1. General Data'!C9 -> 0
A5: Light Projects are required to contribute to the indicators. As a minimum requirement, the Light Project partnership is obliged to choose from the offered options at least: - 3 different Programme indicators - 2 different general indicators, - 1 horizontal indicator, - 1 communicaton indicator - 2 different scheme-specific indicators A maximum of 2 additional Light Project self-defined indicators can be defined optionally by the Light Project. Light Project can choose as many indicators as relevant by using the scroll down menus in the table.
A6: Please describe in detail how the Light Project partnership is contributing to the achievement of the indicators. Please explain which of the planned Light Project activities will contribute to achieving the indicators, how the contribution will be measured by the Light Partners (see the description of the indicators), what source of information will be used, how the contribution will be proved with evidence, what kind of supporting document will be provided during the reporting?
A7: Indicator ID | B7: Indicator type | C7: Indicator name | D7: Indicator description | E7: Light Project activity | F7: Unit | G7: Base-line value | H7: Target value | I7: Description of the way of realization of the indicator broken down by Light Partners (max 500 chr)
A8: Programme indicators | J8: =IF(SUM(J9:J14)>=2,A8,SUM(J9:J14)) -> 0
A9: =IF(ISERROR(INDEX(A$63:A$65,K9,1)),"",INDEX(A$63:A$65,K9,1)) -> RCO02 | B9: =IF(ISERROR(INDEX(B$63:B$65,K9,1)),"",INDEX(B$63:B$65,K9,1)) -> Programme | C9: Number of enterprises receiving monetary support in the form of grants | D9: =IF(ISERROR(INDEX(D$63:D$65,K9,1)),"",INDEX(D$63:D$65,K9,1)) -> The indicator counts all enterprises that receive monetary support from the ERDF. The enterprise is defined in GfA under 3. Eligibility of Light Partner applicants. | F9: =IF(ISERROR(INDEX(F$63:F$66,K9,1)),"",INDEX(F$63:F$66,K9,1)) -> enterprises | H9: 1 | J9: =IF(AND(C9<>"",G9<>"",H9<>"",I9<>""),1,0) -> 0 | K9: =IF(ISERROR(MATCH(C9,C$63:C$65,0)),"",MATCH(C9,C$63:C$65,0)) -> 3 | L9: =IF(ISERROR(MATCH(D9,D$63:D$65,0)),"",MATCH(D9,D$63:D$65,0)) -> 3
K10: =IF(ISERROR(MATCH(C10,C$63:C$65,0)),"",MATCH(C10,C$63:C$65,0)) | L10: =IF(ISERROR(MATCH(D10,D$63:D$65,0)),"",MATCH(D10,D$63:D$65,0))
A11: =IF(ISERROR(INDEX(A$63:A$65,K11,1)),"",INDEX(A$63:A$65,K11,1)) -> RCR84 | B11: =IF(ISERROR(INDEX(B$63:B$65,K11,1)),"",INDEX(B$63:B$65,K11,1)) -> Programme | C11: Organisations cooperating across borders after project completion | D11: =IF(ISERROR(INDEX(D$63:D$65,K11,1)),"",INDEX(D$63:D$65,K11,1)) -> The indicator counts the organisations cooperating across borders after the completion of the supported projects. The organisations are legal entities involved in project implementation, counted within RCO87 (by the Lead Partner HAMAG-BICRO on B Light 2 project level). The cooperation concept should be interpreted as having a statement that the entities have a formal agreement to continue cooperation after the end of the supported project. The cooperation agreements may be established during the implementation of the project or within one year after the project completion. The sustained cooperation does not have to cover the same topic as addressed by the completed project. Formal agreements have to be provided latest by the end of the project. Through the follow-up reports, the JS of the Programme will monitor the existence of the continued cooperation. | F11: =IF(ISERROR(INDEX(F$63:F$66,K11,1)),"",INDEX(F$63:F$66,K11,1)) -> organisations | H11: 1 | J11: =IF(AND(C11<>"",G11<>"",H11<>"",I11<>""),1,0) -> 0 | K11: =IF(ISERROR(MATCH(C11,C$63:C$65,0)),"",MATCH(C11,C$63:C$65,0)) -> 2 | L11: =IF(ISERROR(MATCH(D11,D$63:D$65,0)),"",MATCH(D11,D$63:D$65,0))
K12: =IF(ISERROR(MATCH(C12,C$63:C$66,0)),"",MATCH(C12,C$63:C$66,0))
A13: =IF(ISERROR(INDEX(A$63:A$65,K13,1)),"",INDEX(A$63:A$65,K13,1)) -> RCR25 | B13: =IF(ISERROR(INDEX(B$63:B$65,K13,1)),"",INDEX(B$63:B$65,K13,1)) -> Programme | C13: SMEs with higher value added per employee | D13: =IF(ISERROR(INDEX(D$63:D$65,K13,1)),"",INDEX(D$63:D$65,K13,1)) -> Number of enterprises supported which achieve higher value added per employee. The indicator counts enterprises for which the value added per employee for the fiscal year after the year of completion of output is at least 2% higher than the value added per employee in the year before the project started The total value added is measured at factor cost as the gross income from operating activities after adjusting for operations subsidies and indirect taxes. The value added per employee is calculated as the ratio between the total value added and the annual FTEs employed in the respective year. (ESTAT2007 in references). | F13: =IF(ISERROR(INDEX(F$63:F$66,K13,1)),"",INDEX(F$63:F$66,K13,1)) -> enterprises | J13: =IF(AND(C13<>"",G13<>"",H13<>"",I13<>""),1,0) -> 0 | K13: =IF(ISERROR(MATCH(C13,C$63:C$65,0)),"",MATCH(C13,C$63:C$65,0)) -> 1
K14: =IF(ISERROR(MATCH(C14,C$63:C$66,0)),"",MATCH(C14,C$63:C$66,0))
A15: General indicators | J15: =IF(SUM(J16:J25)>=1,A15,SUM(J16:J25)) -> 0
A16: =IF(ISERROR(INDEX(A$68:A$72,K16,1)),"",INDEX(A$68:A$72,K16,1)) -> GEN03 | B16: =IF(ISERROR(INDEX(B$68:B$72,K16,1)),"",INDEX(B$68:B$72,K16,1)) -> General | C16: Number of thematic project events (conference, workshop, meeting, seminar, study tour, exchange programs etc.) | D16: =IF(ISERROR(INDEX(D$68:D$72,K16,1)),"",INDEX(D$68:D$72,K16,1)) -> When planning the target value please check how many professional/ thematic Light Project events are planned in the Light Project description and in the budget of all Light Partners of your partnership. Please record these project events with due care during the implementation period (e.g. by saving invitation cards, attendance sheets, minutes, reports, common agreements, informative photos taken at the event, presentation materials, publications etc). Public/communication events (such as opening-, closing conference, press conference etc.) should not be calculated in this indicator. | F16: =IF(ISERROR(INDEX(F$75:F$87,K16,1)),"",INDEX(F$75:F$87,K16,1)) -> pcs | H16: 1 | J16: =IF(AND(C16<>"",G16<>"",H16<>"",I16<>""),1,0) -> 0 | K16: =IF(ISERROR(MATCH(C16,C$68:C$72,0)),"",MATCH(C16,C$68:C$72,0)) -> 1
K17: =IF(ISERROR(MATCH(C17,C$68:C$72,0)),"",MATCH(C17,C$68:C$72,0))
A18: =IF(ISERROR(INDEX(A$68:A$72,K18,1)),"",INDEX(A$68:A$72,K18,1)) -> GEN04 | B18: =IF(ISERROR(INDEX(B$68:B$72,K18,1)),"",INDEX(B$68:B$72,K18,1)) -> General | C18: Number of jobs created by the project | D18: =IF(ISERROR(INDEX(D$68:D$72,K18,1)),"",INDEX(D$68:D$72,K18,1)) -> Precise number of jobs created especially due to the Light Project at the given Light Partner organisation(s) can be considered here. When creating new jobs, take into consideration the maintenance of the job after the end date of the Light Project. During Light Project implementation please thoroughly record every relevant document (e.g. vacancy calls, CV-s, minutes of the interview of possible candidates, labour documentation of hiring new employee, work contract etc). | F18: =IF(ISERROR(INDEX(F$75:F$87,K18,1)),"",INDEX(F$75:F$87,K18,1)) -> pcs | H18: 1 | J18: =IF(AND(C18<>"",G18<>"",H18<>"",I18<>""),1,0) -> 0 | K18: =IF(ISERROR(MATCH(C18,C$68:C$72,0)),"",MATCH(C18,C$68:C$72,0)) -> 2
K19: =IF(ISERROR(MATCH(C19,C$68:C$72,0)),"",MATCH(C19,C$68:C$72,0))
A20: =IF(ISERROR(INDEX(A$68:A$72,K20,1)),"",INDEX(A$68:A$72,K20,1)) -> GEN05 | B20: =IF(ISERROR(INDEX(B$68:B$72,K20,1)),"",INDEX(B$68:B$72,K20,1)) -> General | C20: Number of newly elaborated/harmonised documents (development plans, studies, researches, surveys, technical and training materials) | D20: =IF(ISERROR(INDEX(D$68:D$72,K20,1)),"",INDEX(D$68:D$72,K20,1)) -> New or harmonised existing documents can be for example: local or regional strategies, development studies, researches, surveys, technical and training materials, curricula, feasibility studies, construction plans, study programs etc. It is advised to have the newly elaborated/harmonised documents approved by the relevant assembly (e.g. local or county level municipality, professional institutions, and authorities). The document itself (in electronic and/or hard copy printed form) has to be provided as evidence for the achievement of the target value. Different language versions of the same document are not to be considered as individual documents. | F20: =IF(ISERROR(INDEX(F$75:F$87,K20,1)),"",INDEX(F$75:F$87,K20,1)) -> pcs | H20: 1 | J20: =IF(AND(C20<>"",G20<>"",H20<>"",I20<>""),1,0) -> 0 | K20: =IF(ISERROR(MATCH(C20,C$68:C$72,0)),"",MATCH(C20,C$68:C$72,0)) -> 3
K21: =IF(ISERROR(MATCH(C21,C$68:C$72,0)),"",MATCH(C21,C$68:C$72,0))
A22: =IF(ISERROR(INDEX(A$68:A$72,K22,1)),"",INDEX(A$68:A$72,K22,1)) -> GEN07 | B22: =IF(ISERROR(INDEX(B$68:B$72,K22,1)),"",INDEX(B$68:B$72,K22,1)) -> General | C22: Number of newly established/developed JOINT mobile application | D22: =IF(ISERROR(INDEX(D$68:D$72,K22,1)),"",INDEX(D$68:D$72,K22,1)) -> Mobile applications should be established/developed jointly and preferably multilingual (at least in ENG, HU and HR languages, but also on any other language relevant for the target group are acceptable as extra). Mobile applications should be user friendly and accessible for all mobile platforms. The joint mobile app has to contain information on a balanced way covering the whole cross-border project area and topic. Only fully functional mobile apps are acceptable as evidence of the accomplishment. | F22: =IF(ISERROR(INDEX(F$75:F$87,K22,1)),"",INDEX(F$75:F$87,K22,1)) -> 0 | H22: 1 | J22: =IF(AND(C22<>"",G22<>"",H22<>"",I22<>""),1,0) -> 0 | K22: =IF(ISERROR(MATCH(C22,C$68:C$72,0)),"",MATCH(C22,C$68:C$72,0)) -> 4
K23: =IF(ISERROR(MATCH(C23,C$68:C$72,0)),"",MATCH(C23,C$68:C$72,0))
A24: =IF(ISERROR(INDEX(A$68:A$72,K24,1)),"",INDEX(A$68:A$72,K24,1)) -> GEN09 | B24: =IF(ISERROR(INDEX(B$68:B$72,K24,1)),"",INDEX(B$68:B$72,K24,1)) -> General | C24: Number of people directly benefiting from thematic actions/events (e.g. participants of thematic events, trainings, workshops, etc.) | D24: =IF(ISERROR(INDEX(D$81:D$86,K24,1)),"",INDEX(D$81:D$86,K24,1)) -> It is strongly advised to create project websites ONLY with professional content (e.g. bilingual dictionary, online interactive trainings, online databases etc). General project information should be published under a separate sub-page of the own official website of the Light Partner. The joint project webpage should be multilingual (at least in ENG, HU and HR languages, but also on any other language relevant for the target group are acceptable as extra). | F24: =IF(ISERROR(INDEX(F$75:F$87,K24,1)),"",INDEX(F$75:F$87,K24,1)) -> 0 | H24: 1 | J24: =IF(AND(C24<>"",G24<>"",H24<>"",I24<>""),1,0) -> 0 | K24: =IF(ISERROR(MATCH(C24,C$68:C$72,0)),"",MATCH(C24,C$68:C$72,0)) -> 5
K25: =IF(ISERROR(MATCH(C25,C$68:C$72,0)),"",MATCH(C25,C$68:C$72,0))
A26: Horizontal indicators | J26: =IF(SUM(J27:J31)>=1,A26,SUM(J27:J31)) -> 0 | K26: =IF(ISERROR(MATCH(C26,C$68:C$72,0)),"",MATCH(C26,C$68:C$72,0))
A27: =IF(ISERROR(INDEX(A$75:A$77,K27,1)),"",INDEX(A$75:A$77,K27,1)) -> HOR01 | B27: =IF(ISERROR(INDEX(B$75:B$77,K27,1)),"",INDEX(B$75:B$77,K27,1)) -> Other | C27: Number of locations where renewable energy resources are introduced by the project | D27: =IF(ISERROR(INDEX(D$75:D$77,K27,1)),"",INDEX(D$75:D$77,K27,1)) -> Exact number of locations where usage of renewable energy sources will be introduced by the Light Project. One Light Partner can introduce/develop different types of renewables as well and at more than one location. If already known at the beginning of the project, the exact locations have to be provided with the division of Light Partners who will implement or develop the system for using renewable energy resources. For each Light Partner concerned, at least a detailed description of the system and photos/films of the installed equipment in function have to be provided as evidence during reporting. In case the system is established and the necessary equipment is installed at a location different from the location owned by the Light Partner, a common agreement between the Light Partners and the owner of the given location has to be concluded about the rights and responsibilities using the equipment financed from the project. | F27: =IF(ISERROR(INDEX(F$75:F$87,K27,1)),"",INDEX(F$75:F$87,K27,1)) -> pcs | H27: 3 | J27: =IF(AND(C27<>"",G27<>"",H27<>"",I27<>""),1,0) -> 0 | K27: =IF(ISERROR(MATCH(C27,C$75:C$77,0)),"",MATCH(C27,C$75:C$77,0)) -> 1
K28: =IF(ISERROR(MATCH(C28,C$75:C$87,0)),"",MATCH(C28,C$75:C$87,0))
A29: =IF(ISERROR(INDEX(A$75:A$77,K29,1)),"",INDEX(A$75:A$77,K29,1)) -> HOR02 | B29: =IF(ISERROR(INDEX(B$75:B$77,K29,1)),"",INDEX(B$75:B$77,K29,1)) -> Other | C29: Number of project activities/events involving marginalized communities (minorities, Roma people,disadvantages people, refugees, and/or people with disabilities) | D29: =IF(ISERROR(INDEX(D$75:D$77,K29,1)),"",INDEX(D$75:D$77,K29,1)) -> Number of project activities (events, courses, study tours etc.) involving marginalized communities (minorities, Roma people, people with disabilities, learning disabled people, disadvantages people, refugees etc.) carried out by the Light Partners in the frame of the Light Project has to be provided here. Please record these Light Project activities, events with due care during the implementation period and make sure that the involvement of marginalized communities and relating topics can be clearly identified on the supporting documents (e.g. by saving invitation cards, attendance sheets, minutes, reports, | F29: =IF(ISERROR(INDEX(F$75:F$87,K29,1)),"",INDEX(F$75:F$87,K29,1)) -> pcs | H29: 1 | J29: =IF(AND(C29<>"",G29<>"",H29<>"",I29<>""),1,0) -> 0 | K29: =IF(ISERROR(MATCH(C29,C$75:C$87,0)),"",MATCH(C29,C$75:C$87,0)) -> 2
K30: =IF(ISERROR(MATCH(C30,C$75:C$87,0)),"",MATCH(C30,C$75:C$87,0))
A31: =IF(ISERROR(INDEX(A$75:A$77,K31,1)),"",INDEX(A$75:A$77,K31,1)) -> HOR03 | B31: =IF(ISERROR(INDEX(B$75:B$77,K31,1)),"",INDEX(B$75:B$77,K31,1)) -> Other | C31: Number of project activities/events in connection with equal opportunities and gender equality | D31: =IF(ISERROR(INDEX(D$75:D$77,K31,1)),"",INDEX(D$75:D$77,K31,1)) -> The number of Light Project activities (events, courses, study tours etc.) in connection to equal opportunities and gender equality carried out by the Light Partners in the frame of the Light Project has to be provided here. Please record these Light Project activities, events with due care during the implementation period and that equal opportunities and gender equality is assured at these activities/events as well as relating topics can be clearly identified on the supporting documents (e.g. by saving invitation cards, attendance sheets, minutes, reports, common agreements, photo documentation, presentation materials, publications etc). Detailed explanation in the Light Project Progress Report is required about how the project is contributing to equal opportunities and gender equality, being in line with the information provided by the Light Partners. | F31: =IF(ISERROR(INDEX(F$75:F$87,K31,1)),"",INDEX(F$75:F$87,K31,1)) -> pcs | H31: 2 | J31: =IF(AND(C31<>"",G31<>"",H31<>"",I31<>""),1,0) -> 0 | K31: =IF(ISERROR(MATCH(C31,C$75:C$87,0)),"",MATCH(C31,C$75:C$87,0)) -> 3
K32: =IF(ISERROR(MATCH(C32,C$75:C$87,0)),"",MATCH(C32,C$75:C$87,0))
T35: =C41=C39 -> FALSE
A36: Communication indicators | J36: =IF(SUM(J37:J47)>=1,A36,SUM(J37:J47)) -> 0
A37: =IF(ISERROR(INDEX(A$81:A$86,K37,1)),"",INDEX(A$81:A$86,K37,1)) -> COM01 | B37: =IF(ISERROR(INDEX(B$81:B$86,K37,1)),"",INDEX(B$81:B$86,K37,1)) -> Communication | C37: Number of public events (e.g. opening/closing conference, festivals, fairs, village days, opening ceremony, etc.) | D37: =IF(ISERROR(INDEX(D$81:D$86,K37,1)),"",INDEX(D$81:D$86,K37,1)) -> The indicator counts the number of events across borders which were jointly organised by the Light Partners (coming from both participating countries) and were advertised through relevant communication channels to the general public of the area covered by the Programme. A public event across borders should have participants from at least two countries of the programme area. The participation of the project staff in public events is not sufficient for ensuring the condition of participants from at least two countries of the programme area. | F37: =IF(ISERROR(INDEX(F$75:F$87,K37,1)),"",INDEX(F$75:F$87,K37,1)) -> pcs | H37: 1 | J37: =IF(AND(C37<>"",G37<>"",H37<>"",I37<>""),1,0) -> 0 | K37: =IF(ISERROR(MATCH(C37,C$81:C$86,0)),"",MATCH(C37,C$81:C$86,0)) -> 1
K38: =IF(ISERROR(MATCH(C38,C$75:C$87,0)),"",MATCH(C38,C$75:C$87,0))
A39: =IF(ISERROR(INDEX(A$81:A$86,K39,1)),"",INDEX(A$81:A$86,K39,1)) -> COM02 | B39: =IF(ISERROR(INDEX(B$81:B$86,K39,1)),"",INDEX(B$81:B$86,K39,1)) -> Communication | C39: Number of mass media appearance (newspaper articles, TV/radio coverage, promo film, press release/conference, social media post/campaign, etc) | D39: =IF(ISERROR(INDEX(D$81:D$86,K39,1)),"",INDEX(D$81:D$86,K39,1)) -> The measures to engage with the mass media are likely to be about specific events or activities, especially after having achieved concrete outputs of the project. The message should be targeted to the general public - to the citizens from the eligible programme area and to the citizens of Hungary and Croatia, with the means of media communication like press releases, press conferences and visits of the printed and electronic media (radio, TV) to the projects, advertisements in the newspapers. The Light Partners may use social media posts or campaigns as a coordinated marketing effort to develop or promote a specific project goal by using one or more social media channels (e.g. Facebook, Instagram, X, LinkedIn etc) | F39: =IF(ISERROR(INDEX(F$75:F$87,K39,1)),"",INDEX(F$75:F$87,K39,1)) -> pcs | H39: 1 | J39: =IF(AND(C39<>"",G39<>"",H39<>"",I39<>""),1,0) -> 0 | K39: =IF(ISERROR(MATCH(C39,C$81:C$86,0)),"",MATCH(C39,C$81:C$86,0)) -> 2
K40: =IF(ISERROR(MATCH(C40,C$75:C$87,0)),"",MATCH(C40,C$75:C$87,0))
A41: =IF(ISERROR(INDEX(A$81:A$86,K41,1)),"",INDEX(A$81:A$86,K41,1)) -> COM03 | B41: =IF(ISERROR(INDEX(B$81:B$86,K41,1)),"",INDEX(B$81:B$86,K41,1)) -> Communication | C41: Number of types of promotional materials (e.g. leaflets, brochures, publications, promotional items, etc.) | D41: =IF(ISERROR(INDEX(D$81:D$86,K41,1)),"",INDEX(D$81:D$86,K41,1)) -> The Light Partners may publish various online or printed publications such as books, studies, brochures, leaflets etc. It is strongly recommendable that the leaflets and brochures, and other (printed) promotional materials as well, are trilingual or at least HU-HR. This indicator covers the types of promotional materials and NOT the number of copies printed/produced. The Light Partners may manufacture promotional items such as bags, mugs, pens, t-shirts, or others. | F41: =IF(ISERROR(INDEX(F$75:F$87,K41,1)),"",INDEX(F$75:F$87,K41,1)) -> pcs | H41: 1 | J41: =IF(AND(C41<>"",G41<>"",H41<>"",I41<>""),1,0) -> 0 | K41: =IF(ISERROR(MATCH(C41,C$81:C$86,0)),"",MATCH(C41,C$81:C$86,0)) -> 3
A43: =IF(ISERROR(INDEX(A$81:A$86,K43,1)),"",INDEX(A$81:A$86,K43,1)) -> COM04 | B43: =IF(ISERROR(INDEX(B$81:B$86,K43,1)),"",INDEX(B$81:B$86,K43,1)) -> Communication | C43: Number of visibility elements (e.g. billboard, plaque, poster, etc.) | D43: =IF(ISERROR(INDEX(D$81:D$86,K43,1)),"",INDEX(D$81:D$86,K43,1)) -> For projects, it is obligatory to produce and install visibility elements such as billboard, plaque, poster in a predefined form. | F43: =IF(ISERROR(INDEX(F$75:F$87,K43,1)),"",INDEX(F$75:F$87,K43,1)) -> 0 | H43: 1 | J43: =IF(AND(C43<>"",G43<>"",H43<>"",I43<>""),1,0) -> 0 | K43: =IF(ISERROR(MATCH(C43,C$81:C$86,0)),"",MATCH(C43,C$81:C$86,0)) -> 4
A45: =IF(ISERROR(INDEX(A$81:A$86,K45,1)),"",INDEX(A$81:A$86,K45,1)) -> COM05 | B45: =IF(ISERROR(INDEX(B$81:B$86,K45,1)),"",INDEX(B$81:B$86,K45,1)) -> Communication | C45: Number of website created | D45: =IF(ISERROR(INDEX(D$81:D$86,K45,1)),"",INDEX(D$81:D$86,K45,1)) -> It is strongly advised to create project websites ONLY with professional content (e.g. bilingual dictionary, online interactive trainings, online databases etc). General project information should be published under a separate sub-page of the own official website of the Light Partner. The joint project webpage should be multilingual (at least in ENG, HU and HR languages, but also on any other language relevant for the target group are acceptable as extra). | F45: =IF(ISERROR(INDEX(F$75:F$87,K45,1)),"",INDEX(F$75:F$87,K45,1)) -> 0 | H45: 1 | J45: =IF(AND(C45<>"",G45<>"",H45<>"",I45<>""),1,0) -> 0 | K45: =IF(ISERROR(MATCH(C45,C$81:C$86,0)),"",MATCH(C45,C$81:C$86,0)) -> 5
A47: =IF(ISERROR(INDEX(A$81:A$86,K47,1)),"",INDEX(A$81:A$86,K47,1)) -> COM06 | B47: =IF(ISERROR(INDEX(B$81:B$86,K47,1)),"",INDEX(B$81:B$86,K47,1)) -> Communication | C47: Number of people directly benefiting from communication actions/events (e.g. participants of festivals, faires, town or village occasions, etc.) | D47: =IF(ISERROR(INDEX(D$81:D$86,K47,1)),"",INDEX(D$81:D$86,K47,1)) -> Estimated number of people directly benefiting from project communication activities or public events can be considered only if their number is recorded (e.g. participants of festivals, fairs, town or village occasions, opening and closing events, etc.) by saving invitation cards, attendance sheets, minutes, common agreements, photo documentation, presentation materials, publications etc. in order to provide them as supporting documents. Indirectly benefiting public should not be considered (e.g. estimated number of people who probably read the article published in the local newspaper or number of visitors of the webpage cannot be accepted) | F47: =IF(ISERROR(INDEX(F$75:F$87,K47,1)),"",INDEX(F$75:F$87,K47,1)) -> 0 | H47: 1 | J47: =IF(AND(C47<>"",G47<>"",H47<>"",I47<>""),1,0) -> 0 | K47: =IF(ISERROR(MATCH(C47,C$81:C$86,0)),"",MATCH(C47,C$81:C$86,0)) -> 6
A50: Project specific indicators | M50: =IF(N50>=1,A50,N50) -> 0 | N50: =SUM(N51:N59) -> 0
A51: Scheme-specific 1 | B51: result | C51: Signed contractual business agreements with third parties | D51: Documentary evidence of signed contractual business agreement with third parties for selling the jointly developed new or upgraded product, technology or services by either or all of the Light Partners within the implementation and the period of max. 2 years after the Light Project completion. | F51: pcs | L51: =IF(AND(B51<>"",C51<>"",F51<>"",G51<>"",H51<>"",I51<>""),0,C51) -> Signed contractual business agreements with third parties | N51: =IF(AND(I51<>"",G51<>"",H51<>"",C51<>"",(H51-G51)>0,F51<>"",B51<>""),1,0) -> 0
A53: Scheme-specific 2 | B53: result | C53: Value of selling in 2-years period | D53: Reaching the minimum value of selling of jointly developed new or upgraded product, technology or services by either or all of the Light Partners within the implementation and the period of max. 2 years after the Light Project completion, proven by trial balance of the Light Partners. Required minimum value is 20% of the total grants allocated to the Light Project. | F53: EUR | L53: =IF(AND(B53<>"",C53<>"",F53<>"",G53<>"",H53<>"",I53<>""),0,C53) -> Value of selling in 2-years period | N53: =IF(AND(G53<>"",H53<>"",C53<>"",(H53-G53)>0,F53<>"",B53<>""),1,0) -> 0
A55: Self-defined 1 | L55: =IF(AND(B55<>"",C55<>"",F55<>"",G55<>"",H55<>"",I55<>""),0,C55) -> 0 | N55: =IF(AND(G55<>"",H55<>"",C55<>"",(H55-G55)>0,F55<>"",B55<>""),1,0) -> 0
A57: Self-defined 2 | L57: =IF(AND(B57<>"",C57<>"",F57<>"",G57<>"",H57<>"",I57<>""),0,C57) -> 0 | N57: =IF(AND(G57<>"",H57<>"",C57<>"",(H57-G57)>0,F57<>"",B57<>""),1,0) -> 0
A59: Self-defined 3 | L59: =IF(AND(B59<>"",C59<>"",F59<>"",G59<>"",H59<>"",I59<>""),0,C59) -> 0 | N59: =IF(AND(G59<>"",H59<>"",C59<>"",(H59-G59)>0,F59<>"",B59<>""),1,0) -> 0
A61: Indicator ID | B61: Indicator type | C61: Indicator name | D61: Indicator description | F61: Measurment unit | G61: Base-line value | H61: Target value
A62: Programme indicators
A63: RCR25 | B63: Programme | C63: SMEs with higher value added per employee | D63: Number of enterprises supported which achieve higher value added per employee. The indicator counts enterprises for which the value added per employee for the fiscal year after the year of completion of output is at least 2% higher than the value added per employee in the year before the project started The total value added is measured at factor cost as the gross income from operating activities after adjusting for operations subsidies and indirect taxes. The value added per employee is calculated as the ratio between the total value added and the annual FTEs employed in the respective year. (ESTAT2007 in references). | F63: enterprises
A64: RCR84 | B64: Programme | C64: Organisations cooperating across borders after project completion | D64: The indicator counts the organisations cooperating across borders after the completion of the supported projects. The organisations are legal entities involved in project implementation, counted within RCO87 (by the Lead Partner HAMAG-BICRO on B Light 2 project level). The cooperation concept should be interpreted as having a statement that the entities have a formal agreement to continue cooperation after the end of the supported project. The cooperation agreements may be established during the implementation of the project or within one year after the project completion. The sustained cooperation does not have to cover the same topic as addressed by the completed project. Formal agreements have to be provided latest by the end of the project. Through the follow-up reports, the JS of the Programme will monitor the existence of the continued cooperation. | F64: organisations
A65: RCO02 | B65: Programme | C65: Number of enterprises receiving monetary support in the form of grants | D65: The indicator counts all enterprises that receive monetary support from the ERDF. The enterprise is defined in GfA under 3. Eligibility of Light Partner applicants. | F65: enterprises
A67: General indicators
A68: GEN03 | B68: General | C68: Number of thematic project events (conference, workshop, meeting, seminar, study tour, exchange programs etc.) | D68: When planning the target value please check how many professional/ thematic Light Project events are planned in the Light Project description and in the budget of all Light Partners of your partnership. Please record these project events with due care during the implementation period (e.g. by saving invitation cards, attendance sheets, minutes, reports, common agreements, informative photos taken at the event, presentation materials, publications etc). Public/communication events (such as opening-, closing conference, press conference etc.) should not be calculated in this indicator. | F68: pcs
A69: GEN04 | B69: General | C69: Number of jobs created by the project | D69: Precise number of jobs created especially due to the Light Project at the given Light Partner organisation(s) can be considered here. When creating new jobs, take into consideration the maintenance of the job after the end date of the Light Project. During Light Project implementation please thoroughly record every relevant document (e.g. vacancy calls, CV-s, minutes of the interview of possible candidates, labour documentation of hiring new employee, work contract etc). | F69: pcs
A70: GEN05 | B70: General | C70: Number of newly elaborated/harmonised documents (development plans, studies, researches, surveys, technical and training materials) | D70: New or harmonised existing documents can be for example: local or regional strategies, development studies, researches, surveys, technical and training materials, curricula, feasibility studies, construction plans, study programs etc. It is advised to have the newly elaborated/harmonised documents approved by the relevant assembly (e.g. local or county level municipality, professional institutions, and authorities). The document itself (in electronic and/or hard copy printed form) has to be provided as evidence for the achievement of the target value. Different language versions of the same document are not to be considered as individual documents. | F70: pcs
A71: GEN07 | B71: General | C71: Number of newly established/developed JOINT mobile application | D71: Mobile applications should be established/developed jointly and preferably multilingual (at least in ENG, HU and HR languages, but also on any other language relevant for the target group are acceptable as extra). Mobile applications should be user friendly and accessible for all mobile platforms. The joint mobile app has to contain information on a balanced way covering the whole cross-border project area and topic. Only fully functional mobile apps are acceptable as evidence of the accomplishment. | F71: pcs
A72: GEN09 | B72: General | C72: Number of people directly benefiting from thematic actions/events (e.g. participants of thematic events, trainings, workshops, etc.) | D72: People directly benefiting from professional/thematic project activities (NOT merely communication or public events/actions) can be considered only if their number is recorded (e.g. participants of events, trainings, workshops, study trips, number of downloads etc.) by saving invitation cards, attendance sheets, minutes, common agreements, photo documentation, presentation materials, publications etc. in order to provide them as supporting documents. In case of people using the constructed/renovated infrastructure, precise counting methodology has to be planned and carried out in order to prove the reported achievement. Indirectly benefiting public should not be considered (e.g. estimated number of people who probably read the article published in the local newspaper or number of visitors of the webpage cannot be accepted). People benefitting from communication actions/events should be planned under the C06 indicator. | F72: pcs
A74: Horizontal indicators
A75: HOR01 | B75: Other | C75: Number of locations where renewable energy resources are introduced by the project | D75: Exact number of locations where usage of renewable energy sources will be introduced by the Light Project. One Light Partner can introduce/develop different types of renewables as well and at more than one location. If already known at the beginning of the project, the exact locations have to be provided with the division of Light Partners who will implement or develop the system for using renewable energy resources. For each Light Partner concerned, at least a detailed description of the system and photos/films of the installed equipment in function have to be provided as evidence during reporting. In case the system is established and the necessary equipment is installed at a location different from the location owned by the Light Partner, a common agreement between the Light Partners and the owner of the given location has to be concluded about the rights and responsibilities using the equipment financed from the project. | F75: pcs
A76: HOR02 | B76: Other | C76: Number of project activities/events involving marginalized communities (minorities, Roma people,disadvantages people, refugees, and/or people with disabilities) | D76: Number of project activities (events, courses, study tours etc.) involving marginalized communities (minorities, Roma people, people with disabilities, learning disabled people, disadvantages people, refugees etc.) carried out by the Light Partners in the frame of the Light Project has to be provided here. Please record these Light Project activities, events with due care during the implementation period and make sure that the involvement of marginalized communities and relating topics can be clearly identified on the supporting documents (e.g. by saving invitation cards, attendance sheets, minutes, reports, | F76: pcs
A77: HOR03 | B77: Other | C77: Number of project activities/events in connection with equal opportunities and gender equality | D77: The number of Light Project activities (events, courses, study tours etc.) in connection to equal opportunities and gender equality carried out by the Light Partners in the frame of the Light Project has to be provided here. Please record these Light Project activities, events with due care during the implementation period and that equal opportunities and gender equality is assured at these activities/events as well as relating topics can be clearly identified on the supporting documents (e.g. by saving invitation cards, attendance sheets, minutes, reports, common agreements, photo documentation, presentation materials, publications etc). Detailed explanation in the Light Project Progress Report is required about how the project is contributing to equal opportunities and gender equality, being in line with the information provided by the Light Partners. | F77: pcs
A80: Communication indicators
A81: COM01 | B81: Communication | C81: Number of public events (e.g. opening/closing conference, festivals, fairs, village days, opening ceremony, etc.) | D81: The indicator counts the number of events across borders which were jointly organised by the Light Partners (coming from both participating countries) and were advertised through relevant communication channels to the general public of the area covered by the Programme. A public event across borders should have participants from at least two countries of the programme area. The participation of the project staff in public events is not sufficient for ensuring the condition of participants from at least two countries of the programme area. | F81: pcs
A82: COM02 | B82: Communication | C82: Number of mass media appearance (newspaper articles, TV/radio coverage, promo film, press release/conference, social media post/campaign, etc) | D82: The measures to engage with the mass media are likely to be about specific events or activities, especially after having achieved concrete outputs of the project. The message should be targeted to the general public - to the citizens from the eligible programme area and to the citizens of Hungary and Croatia, with the means of media communication like press releases, press conferences and visits of the printed and electronic media (radio, TV) to the projects, advertisements in the newspapers. The Light Partners may use social media posts or campaigns as a coordinated marketing effort to develop or promote a specific project goal by using one or more social media channels (e.g. Facebook, Instagram, X, LinkedIn etc) | F82: pcs
A83: COM03 | B83: Communication | C83: Number of types of promotional materials (e.g. leaflets, brochures, publications, promotional items, etc.) | D83: The Light Partners may publish various online or printed publications such as books, studies, brochures, leaflets etc. It is strongly recommendable that the leaflets and brochures, and other (printed) promotional materials as well, are trilingual or at least HU-HR. This indicator covers the types of promotional materials and NOT the number of copies printed/produced. The Light Partners may manufacture promotional items such as bags, mugs, pens, t-shirts, or others. | F83: pcs
A84: COM04 | B84: Communication | C84: Number of visibility elements (e.g. billboard, plaque, poster, etc.) | D84: For projects, it is obligatory to produce and install visibility elements such as billboard, plaque, poster in a predefined form. | F84: pcs
A85: COM05 | B85: Communication | C85: Number of website created | D85: It is strongly advised to create project websites ONLY with professional content (e.g. bilingual dictionary, online interactive trainings, online databases etc). General project information should be published under a separate sub-page of the own official website of the Light Partner. The joint project webpage should be multilingual (at least in ENG, HU and HR languages, but also on any other language relevant for the target group are acceptable as extra). | F85: pcs
A86: COM06 | B86: Communication | C86: Number of people directly benefiting from communication actions/events (e.g. participants of festivals, faires, town or village occasions, etc.) | D86: Estimated number of people directly benefiting from project communication activities or public events can be considered only if their number is recorded (e.g. participants of festivals, fairs, town or village occasions, opening and closing events, etc.) by saving invitation cards, attendance sheets, minutes, common agreements, photo documentation, presentation materials, publications etc. in order to provide them as supporting documents. Indirectly benefiting public should not be considered (e.g. estimated number of people who probably read the article published in the local newspaper or number of visitors of the webpage cannot be accepted) | F86: pcs
C96: =CONCATENATE('4. Light Project Activities'!A18," ",'4. Light Project Activities'!B18) -> 1. Project management
C97: =CONCATENATE('4. Light Project Activities'!A19," ",'4. Light Project Activities'!B19) -> 2. Communication | D97: =LEN(C16) -> 110
C98: =CONCATENATE('4. Light Project Activities'!A20," ",'4. Light Project Activities'!B20) -> 3. Cooperation activity 1 | D98: =LEN(C68) -> 110
C99: =CONCATENATE('4. Light Project Activities'!A21," ",'4. Light Project Activities'!B21) -> 4. Cooperation activity 2
C100: =CONCATENATE('4. Light Project Activities'!A22," ",'4. Light Project Activities'!B22) -> 5. Cooperation activity 3
C101: =CONCATENATE('4. Light Project Activities'!A23," ",'4. Light Project Activities'!B23) -> 6. etc.
C102: =CONCATENATE('4. Light Project Activities'!A24," ",'4. Light Project Activities'!B24) -> 7.
C103: =CONCATENATE('4. Light Project Activities'!A25," ",'4. Light Project Activities'!B25) -> 8.
C104: =CONCATENATE('4. Light Project Activities'!A26," ",'4. Light Project Activities'!B26) -> 9.
C105: =CONCATENATE('4. Light Project Activities'!A27," ",'4. Light Project Activities'!B27) -> 10.
C106: =CONCATENATE('4. Light Project Activities'!A28," ",'4. Light Project Activities'!B28) -> 11.
C107: =CONCATENATE('4. Light Project Activities'!A29," ",'4. Light Project Activities'!B29) -> 12.

Sheet 6. Light Partner 1 budget - SME
A1: 8. Light Project budget per Light Partner | D1: =CONCATENATE("Light Partner 1 SME- ",'2. Light Partner 1 data - SME'!C5) -> Light Partner 1 SME- | T1: hibaüzenet feltételek | U1: hibaüzenet feltételek | V1: hibaüzenet feltételek
A3: ∑ | B3: TOTAL COSTS | F3: The budget of the Beneficiary is not complete! | L3: Total (EUR): | N3: =N5+N7+N9+N11+N31+N56+N77 -> 0 | P3: =IF(N$3=0,0%,N3/N$3) -> 0 | Q3: =IF(Q5>0,F3,0) -> #REF! | S3: =IF(AND(S5=R3,#REF!=R3,#REF!=R3,#REF!=R3)," ",F3) -> #REF!
A5: 1 | B5: Preparation costs | F5: Lump sum - amounts to 4 000 € of total eligible expenditure per Light Project | L5: Total (EUR): | N5: 0 | P5: =IF(N5=0,0%,N5/N$3) -> 0 | Q5: =SUM(Q6:Q93) -> #REF! | S5: =IF(P5>R5,F5,"")
A7: 2 | B7: Staff costs | F7: Staff costs are calculated as: 20% flat rate of direct costs - without works 10% flat rate of direct costs - in case of works | L7: Total (EUR): | N7: =IF(N77>0, 0.1*(N31+N56+N77), (N31+N56)*0.2) -> 0 | P7: =IF(N7=0,0%,N7/N$3) -> 0 | Q7: =IF(LEN(F7)>1,1,0) -> 1
A9: 3 | B9: Office and administrative expenditure | F9: Calculated as a flat rate of 15% of the staff costs | L9: Total (EUR): | N9: =N7*0.15 -> 0 | P9: =IF(N9=0,0%,N9/N$3) -> 0 | S9: =IF(P9>R9,F9,"") | T9: =IF(OR(P9>Q9,P9>R9),"Overhead costs shall not exceed 5 per cent of each partner’s total eligible budget and shall not exceed 25 per cent of the total staff costs in each partner’s budget!","")
A11: 4 | B11: Travel and accommodation costs | F11: Calculated as a flat rate of 15% of the staff costs | L11: Total (EUR): | N11: =N7*0.15 -> 0 | P11: =IF(N11=0,0%,N11/N$3) -> 0 | Q11: =IF(LEN(S11)>1,1,0) -> #REF! | S11: =IF(AND(#REF!>0,(#REF!+#REF!+#REF!)),F11,"") -> #REF!
B13: Detailed description, justification of the travel and accomodation costs. If necessary, specify the activities that will be performed outside the program area. Describe how these activities will benefit the Programme area. | T13: =IF(AND((#REF!>0),ISBLANK(B15)),B13,"NOT") -> #REF!
O15: ŰG
B17: Name of item | D17: Description | F17: Light Project Activity | H17: Contribution to the Light Project | T17: =IF(AND(T18="NOT",T19="NOT",T20="NOT",T21="NOT",T22="NOT",T23="NOT",T24="NOT",T25="NOT",T26="NOT",T27="NOT",T13="NOT"),"NOT",#REF!) -> #REF! | U17: =IF(AND(U18="NOT",U19="NOT",U20="NOT",U21="NOT",U22="NOT",U23="NOT",U24="NOT",U25="NOT",U26="NOT",U27="NOT",T13="NOT"),"NOT",#REF!) -> #REF! | V17: =IF(AND(V18="NOT",V19="NOT",V20="NOT",V21="NOT",V22="NOT",V23="NOT",V24="NOT",V25="NOT",V26="NOT",V27="NOT",T13="NOT"),"NOT",#REF!) -> #REF!
T18: =IF(AND(($N18>0),ISBLANK(B18)),B18,"NOT") -> NOT | U18: =IF(AND(($N18>0),ISBLANK(F18)),F18,"NOT") -> NOT | V18: =IF(AND(($N18>0),ISBLANK(H18)),H18,"NOT") -> NOT | X18: =LEFT(F18,3)
T19: =IF(AND(($N19>0),ISBLANK(B19)),B19,"NOT") -> NOT | U19: =IF(AND(($N19>0),ISBLANK(F19)),F19,"NOT") -> NOT | V19: =IF(AND(($N19>0),ISBLANK(H19)),H19,"NOT") -> NOT | X19: =LEFT(F19,3)
T20: =IF(AND(($N20>0),ISBLANK(B20)),B20,"NOT") -> NOT | U20: =IF(AND(($N20>0),ISBLANK(F20)),F20,"NOT") -> NOT | V20: =IF(AND(($N20>0),ISBLANK(H20)),H20,"NOT") -> NOT | X20: =LEFT(F20,3)
T21: =IF(AND(($N21>0),ISBLANK(B21)),B21,"NOT") -> NOT | U21: =IF(AND(($N21>0),ISBLANK(F21)),F21,"NOT") -> NOT | V21: =IF(AND(($N21>0),ISBLANK(H21)),H21,"NOT") -> NOT | X21: =LEFT(F21,3)
T22: =IF(AND((#REF!>0),ISBLANK(B22)),B22,"NOT") -> #REF! | U22: =IF(AND((#REF!>0),ISBLANK(F22)),F22,"NOT") -> #REF! | V22: =IF(AND((#REF!>0),ISBLANK(#REF!)),#REF!,"NOT") -> #REF! | X22: =LEFT(F22,3)
T23: =IF(AND(($N22>0),ISBLANK(B23)),B23,"NOT") -> NOT | U23: =IF(AND(($N22>0),ISBLANK(F23)),F23,"NOT") -> NOT | V23: =IF(AND(($N22>0),ISBLANK(H22)),H22,"NOT") -> NOT | X23: =LEFT(F23,3)
T24: =IF(AND(($N24>0),ISBLANK(B24)),B24,"NOT") -> NOT | U24: =IF(AND(($N24>0),ISBLANK(F24)),F24,"NOT") -> NOT | V24: =IF(AND(($N24>0),ISBLANK(H24)),H24,"NOT") -> NOT | X24: =LEFT(F24,3)
T25: =IF(AND(($N25>0),ISBLANK(B25)),B25,"NOT") -> NOT | U25: =IF(AND(($N25>0),ISBLANK(F25)),F25,"NOT") -> NOT | V25: =IF(AND(($N25>0),ISBLANK(H25)),H25,"NOT") -> NOT | X25: =LEFT(F25,3)
T26: =IF(AND(($N26>0),ISBLANK(B26)),B26,"NOT") -> NOT | U26: =IF(AND(($N26>0),ISBLANK(F26)),F26,"NOT") -> NOT | V26: =IF(AND(($N26>0),ISBLANK(H26)),H26,"NOT") -> NOT | X26: =LEFT(F26,3)
T27: =IF(AND(($N27>0),ISBLANK(B27)),B27,"NOT") -> NOT | U27: =IF(AND(($N27>0),ISBLANK(F27)),F27,"NOT") -> NOT | V27: =IF(AND(($N27>0),ISBLANK(H27)),H27,"NOT") -> NOT | X27: =LEFT(F27,3)
A31: 5 | B31: External expertise and services costs | F31: Calculated on real cost basis | L31: Total (EUR): | N31: =SUM(N35:N54) -> 0 | P31: =IF(N31=0,0%,N31/N$3) -> 0 | S31: =IF(P31>Q31,F31,"")
B34: Name of item | D34: Description | F34: Light Project Activity | H34: Unit of measure | J34: Nr. of units | L34: Unit price (EUR) | N34: Amount (EUR) | T34: =IF(AND(T35="NOT",T36="NOT",T37="NOT",#REF!="NOT"),"NOT",#REF!) -> #REF! | U34: =IF(AND(U35="NOT",U36="NOT",U37="NOT",#REF!="NOT"),"NOT",#REF!) -> #REF! | V34: =IF(AND(V35="NOT",V36="NOT",V37="NOT",#REF!="NOT"),"NOT",#REF!) -> #REF!
N35: =TRUNC(J35*L35,2) -> 0 | T35: =IF(AND(($N35>0),ISBLANK(B35)),B35,"NOT") -> NOT | U35: =IF(AND(($N35>0),ISBLANK(F35)),F35,"NOT") -> NOT | V35: =IF(AND(($N35>0),ISBLANK(H35)),H35,"NOT") -> NOT | X35: =LEFT(F35,3)
N36: =TRUNC(J36*L36,2) -> 0 | T36: =IF(AND(($N36>0),ISBLANK(B36)),B36,"NOT") -> NOT | U36: =IF(AND(($N36>0),ISBLANK(F36)),F36,"NOT") -> NOT | V36: =IF(AND(($N36>0),ISBLANK(H36)),H36,"NOT") -> NOT | X36: =LEFT(F36,3)
N37: =TRUNC(J37*L37,2) -> 0 | T37: =IF(AND(($N37>0),ISBLANK(B37)),B37,"NOT") -> NOT | U37: =IF(AND(($N37>0),ISBLANK(F37)),F37,"NOT") -> NOT | V37: =IF(AND(($N37>0),ISBLANK(H37)),H37,"NOT") -> NOT | X37: =LEFT(F37,3)
N38: =TRUNC(J38*L38,2) -> 0 | T38: =IF(AND(($N38>0),ISBLANK(B38)),B38,"NOT") -> NOT | U38: =IF(AND(($N38>0),ISBLANK(F38)),F38,"NOT") -> NOT | V38: =IF(AND(($N38>0),ISBLANK(H38)),H38,"NOT") -> NOT | X38: =LEFT(F38,3)
N39: =TRUNC(J39*L39,2) -> 0 | T39: =IF(AND(($N39>0),ISBLANK(B39)),B39,"NOT") -> NOT | U39: =IF(AND(($N39>0),ISBLANK(F39)),F39,"NOT") -> NOT | V39: =IF(AND(($N39>0),ISBLANK(H39)),H39,"NOT") -> NOT | X39: =LEFT(F39,3)
N40: =TRUNC(J40*L40,2) -> 0 | T40: =IF(AND(($N40>0),ISBLANK(B40)),B40,"NOT") -> NOT | U40: =IF(AND(($N40>0),ISBLANK(F40)),F40,"NOT") -> NOT | V40: =IF(AND(($N40>0),ISBLANK(H40)),H40,"NOT") -> NOT | X40: =LEFT(F40,3)
N41: =TRUNC(J41*L41,2) -> 0 | T41: =IF(AND(($N41>0),ISBLANK(B41)),B41,"NOT") -> NOT | U41: =IF(AND(($N41>0),ISBLANK(F41)),F41,"NOT") -> NOT | V41: =IF(AND(($N41>0),ISBLANK(H41)),H41,"NOT") -> NOT | X41: =LEFT(F41,3)
N42: =TRUNC(J42*L42,2) -> 0 | T42: =IF(AND(($N42>0),ISBLANK(B42)),B42,"NOT") -> NOT | U42: =IF(AND(($N42>0),ISBLANK(F42)),F42,"NOT") -> NOT | V42: =IF(AND(($N42>0),ISBLANK(H42)),H42,"NOT") -> NOT | X42: =LEFT(F42,3)
N43: =TRUNC(J43*L43,2) -> 0 | T43: =IF(AND(($N43>0),ISBLANK(B43)),B43,"NOT") -> NOT | U43: =IF(AND(($N43>0),ISBLANK(F43)),F43,"NOT") -> NOT | V43: =IF(AND(($N43>0),ISBLANK(H43)),H43,"NOT") -> NOT | X43: =LEFT(F43,3)
N44: =TRUNC(J44*L44,2) -> 0 | T44: =IF(AND(($N44>0),ISBLANK(B44)),B44,"NOT") -> NOT | U44: =IF(AND(($N44>0),ISBLANK(F44)),F44,"NOT") -> NOT | V44: =IF(AND(($N44>0),ISBLANK(H44)),H44,"NOT") -> NOT | X44: =LEFT(F44,3)
N45: =TRUNC(J45*L45,2) -> 0 | T45: =IF(AND(($N45>0),ISBLANK(B45)),B45,"NOT") -> NOT | U45: =IF(AND(($N45>0),ISBLANK(F45)),F45,"NOT") -> NOT | V45: =IF(AND(($N45>0),ISBLANK(H45)),H45,"NOT") -> NOT | X45: =LEFT(F45,3)
N46: =TRUNC(J46*L46,2) -> 0 | T46: =IF(AND(($N46>0),ISBLANK(B46)),B46,"NOT") -> NOT | U46: =IF(AND(($N46>0),ISBLANK(F46)),F46,"NOT") -> NOT | V46: =IF(AND(($N46>0),ISBLANK(H46)),H46,"NOT") -> NOT | X46: =LEFT(F46,3)
... N54: =TRUNC(J54*L54,2) -> 0 | T54: =IF(AND(($N54>0),ISBLANK(B54)),B54,"NOT") -> NOT | U54: =IF(AND(($N54>0),ISBLANK(F54)),F54,"NOT") -> NOT | V54: =IF(AND(($N54>0),ISBLANK(H54)),H54,"NOT") -> NOT | X54: =LEFT(F54,3)
A56: 6 | B56: Equipment expenditure | F56: Calculated on real cost basis | L56: Total (EUR): | N56: =SUM(N60:N74) -> 0 | P56: =IF(N56=0,0%,N56/N$3) -> 0 | S56: =IF(AND(T76=#REF!,#REF!>#REF!),F56,0) -> #REF! | T56: =IF(AND(T76=#REF!,#REF!>#REF!),F56,0) -> #REF! | U56: =IF('7. Light Project budget summary'!P25>0,('7. Light Project budget summary'!P23+'7. Light Project budget summary'!P21)/'7. Light Project budget summary'!P25,0) -> 0 | V56: max with equipments | W56: 2.1.3 | X56: 0.7
B59: Name of item (special technical needs e.g. training, warranty, installation have to be described here - if any) | D59: Description | F59: Light Project Activity | H59: Unit of measure | J59: Nr. of units | L59: Unit price (EUR) | N59: Amount (EUR) | T59: =IF(AND(T60="NOT",T61="NOT",T62="NOT",T63="NOT",T64="NOT",T65="NOT",T66="NOT",T67="NOT",T68="NOT",T74="NOT",#REF!="NOT"),"NOT",#REF!) -> #REF! | U59: =IF(AND(U60="NOT",U61="NOT",U62="NOT",U63="NOT",U64="NOT",U65="NOT",U66="NOT",U67="NOT",U68="NOT",U74="NOT",#REF!="NOT"),"NOT",#REF!) -> #REF! | V59: =IF(AND(V60="NOT",V61="NOT",V62="NOT",V63="NOT",V64="NOT",V65="NOT",V66="NOT",V67="NOT",V68="NOT",V74="NOT",#REF!="NOT"),"NOT",#REF!) -> #REF!
N60: =TRUNC(J60*L60,2) -> 0 | T60: =IF(AND(($N60>0),ISBLANK(B60)),B60,"NOT") -> NOT | U60: =IF(AND(($N60>0),ISBLANK(F60)),F60,"NOT") -> NOT | V60: =IF(AND(($N60>0),ISBLANK(H60)),H60,"NOT") -> NOT | X60: =LEFT(F60,3)
N61: =TRUNC(J61*L61,2) -> 0 | T61: =IF(AND(($N61>0),ISBLANK(B61)),B61,"NOT") -> NOT | U61: =IF(AND(($N61>0),ISBLANK(F61)),F61,"NOT") -> NOT | V61: =IF(AND(($N61>0),ISBLANK(H61)),H61,"NOT") -> NOT | X61: =LEFT(F61,3)
N62: =TRUNC(J62*L62,2) -> 0 | T62: =IF(AND(($N62>0),ISBLANK(B62)),B62,"NOT") -> NOT | U62: =IF(AND(($N62>0),ISBLANK(F62)),F62,"NOT") -> NOT | V62: =IF(AND(($N62>0),ISBLANK(H62)),H62,"NOT") -> NOT | X62: =LEFT(F62,3)
N63: =TRUNC(J63*L63,2) -> 0 | T63: =IF(AND(($N63>0),ISBLANK(B63)),B63,"NOT") -> NOT | U63: =IF(AND(($N63>0),ISBLANK(F63)),F63,"NOT") -> NOT | V63: =IF(AND(($N63>0),ISBLANK(H63)),H63,"NOT") -> NOT | X63: =LEFT(F63,3)
N64: =TRUNC(J64*L64,2) -> 0 | T64: =IF(AND(($N64>0),ISBLANK(B64)),B64,"NOT") -> NOT | U64: =IF(AND(($N64>0),ISBLANK(F64)),F64,"NOT") -> NOT | V64: =IF(AND(($N64>0),ISBLANK(H64)),H64,"NOT") -> NOT | X64: =LEFT(F64,3)
N65: =TRUNC(J65*L65,2) -> 0 | T65: =IF(AND(($N65>0),ISBLANK(B65)),B65,"NOT") -> NOT | U65: =IF(AND(($N65>0),ISBLANK(F65)),F65,"NOT") -> NOT | V65: =IF(AND(($N65>0),ISBLANK(H65)),H65,"NOT") -> NOT | X65: =LEFT(F65,3)
N66: =TRUNC(J66*L66,2) -> 0 | T66: =IF(AND(($N66>0),ISBLANK(B66)),B66,"NOT") -> NOT | U66: =IF(AND(($N66>0),ISBLANK(F66)),F66,"NOT") -> NOT | V66: =IF(AND(($N66>0),ISBLANK(H66)),H66,"NOT") -> NOT | X66: =LEFT(F66,3)
N67: =TRUNC(J67*L67,2) -> 0 | T67: =IF(AND(($N67>0),ISBLANK(B67)),B67,"NOT") -> NOT | U67: =IF(AND(($N67>0),ISBLANK(F67)),F67,"NOT") -> NOT | V67: =IF(AND(($N67>0),ISBLANK(H67)),H67,"NOT") -> NOT | X67: =LEFT(F67,3)
N68: =TRUNC(J68*L68,2) -> 0 | T68: =IF(AND(($N68>0),ISBLANK(B68)),B68,"NOT") -> NOT | U68: =IF(AND(($N68>0),ISBLANK(F68)),F68,"NOT") -> NOT | V68: =IF(AND(($N68>0),ISBLANK(H68)),H68,"NOT") -> NOT | X68: =LEFT(F68,3)
N69: =TRUNC(J69*L69,2) -> 0
N70: =TRUNC(J70*L70,2) -> 0
N71: =TRUNC(J71*L71,2) -> 0
N72: =TRUNC(J72*L72,2) -> 0
N73: =TRUNC(J73*L73,2) -> 0
N74: =TRUNC(J74*L74,2) -> 0 | T74: =IF(AND(($N74>0),ISBLANK(B74)),B74,"NOT") -> NOT | U74: =IF(AND(($N74>0),ISBLANK(F74)),F74,"NOT") -> NOT | V74: =IF(AND(($N74>0),ISBLANK(H74)),H74,"NOT") -> NOT | X74: =LEFT(F74,3)
T76: =LEFT('1. General Data'!E25,5) -> Error | U76: =IF('7. Light Project budget summary'!P25>0,'7. Light Project budget summary'!P23/'7. Light Project budget summary'!P25,0) -> 0 | V76: min | W76: 1.2.2 | X76: 0.5
A77: 7 | B77: Infrastructure and works - up to 10% of the total budget per Light Partner | D77: Calculated on real cost basis | F77: =IF(N77>N3*0.1,"Infrastructure and works costs are not allowed to be above 10% of total project costs","Infrastructure and works costs OK") -> Infrastructure and works costs OK | L77: Total (EUR): | N77: =SUM(N82:N91) -> 0 | P77: =IF(N77=0,0%,N77/N$3) -> 0 | S77: =IF(T76=#REF!,IF(#REF!>#REF!,F77,0),IF(AND(OR(T76=W77,T76=#REF!,T76=W78),P77>X77),F77,0)) -> #REF! | T77: =IF(AND(T76=W76,U76<X76),H77,0) -> 0 | U77: =IF('7. Light Project budget summary'!P25>0,'7. Light Project budget summary'!P23/'7. Light Project budget summary'!P25,0) -> 0 | V77: max | W77: 2.1.2 | X77: 0.7
U78: =IF('7. Light Project budget summary'!P25>0,'7. Light Project budget summary'!P23/'7. Light Project budget summary'!P25,0) -> 0 | V78: max | W78: 2.2.3 | X78: 0.7
B81: Name of item | D81: Description (with location of works activities and required permits, if relevant) | F81: Light Project Activity | H81: Unit of measure | J81: Nr. of units | L81: Unit price (EUR) | N81: Amount (EUR) | T81: =IF(AND(T82="NOT",T83="NOT",T84="NOT",T85="NOT",T86="NOT",T87="NOT",T88="NOT",T89="NOT",T90="NOT",T91="NOT",#REF!="NOT"),"NOT",#REF!) -> #REF! | U81: =IF(AND(U82="NOT",U83="NOT",U84="NOT",U85="NOT",U86="NOT",U87="NOT",U88="NOT",U89="NOT",U90="NOT",U91="NOT",#REF!="NOT"),"NOT",#REF!) -> #REF! | V81: =IF(AND(V82="NOT",V83="NOT",V84="NOT",V85="NOT",V86="NOT",V87="NOT",V88="NOT",V89="NOT",V90="NOT",V91="NOT",#REF!="NOT"),"NOT",#REF!) -> #REF!
N82: =TRUNC(J82*L82,2) -> 0 | T82: =IF(AND(($N82>0),ISBLANK(B82)),B82,"NOT") -> NOT | U82: =IF(AND(($N82>0),ISBLANK(F82)),F82,"NOT") -> NOT | V82: =IF(AND(($N82>0),ISBLANK(H82)),H82,"NOT") -> NOT | X82: =LEFT(F82,3)
N83: =TRUNC(J83*L83,2) -> 0 | T83: =IF(AND(($N83>0),ISBLANK(B83)),B83,"NOT") -> NOT | U83: =IF(AND(($N83>0),ISBLANK(F83)),F83,"NOT") -> NOT | V83: =IF(AND(($N83>0),ISBLANK(H83)),H83,"NOT") -> NOT | X83: =LEFT(F83,3)
N84: =TRUNC(J84*L84,2) -> 0 | T84: =IF(AND(($N84>0),ISBLANK(B84)),B84,"NOT") -> NOT | U84: =IF(AND(($N84>0),ISBLANK(F84)),F84,"NOT") -> NOT | V84: =IF(AND(($N84>0),ISBLANK(H84)),H84,"NOT") -> NOT | X84: =LEFT(F84,3)
N85: =TRUNC(J85*L85,2) -> 0 | T85: =IF(AND(($N85>0),ISBLANK(B85)),B85,"NOT") -> NOT | U85: =IF(AND(($N85>0),ISBLANK(F85)),F85,"NOT") -> NOT | V85: =IF(AND(($N85>0),ISBLANK(H85)),H85,"NOT") -> NOT | X85: =LEFT(F85,3)
N86: =TRUNC(J86*L86,2) -> 0 | T86: =IF(AND(($N86>0),ISBLANK(B86)),B86,"NOT") -> NOT | U86: =IF(AND(($N86>0),ISBLANK(F86)),F86,"NOT") -> NOT | V86: =IF(AND(($N86>0),ISBLANK(H86)),H86,"NOT") -> NOT | X86: =LEFT(F86,3)
N87: =TRUNC(J87*L87,2) -> 0 | T87: =IF(AND(($N87>0),ISBLANK(B87)),B87,"NOT") -> NOT | U87: =IF(AND(($N87>0),ISBLANK(F87)),F87,"NOT") -> NOT | V87: =IF(AND(($N87>0),ISBLANK(H87)),H87,"NOT") -> NOT | X87: =LEFT(F87,3)
N88: =TRUNC(J88*L88,2) -> 0 | T88: =IF(AND(($N88>0),ISBLANK(B88)),B88,"NOT") -> NOT | U88: =IF(AND(($N88>0),ISBLANK(F88)),F88,"NOT") -> NOT | V88: =IF(AND(($N88>0),ISBLANK(H88)),H88,"NOT") -> NOT | X88: =LEFT(F88,3)
N89: =TRUNC(J89*L89,2) -> 0 | T89: =IF(AND(($N89>0),ISBLANK(B89)),B89,"NOT") -> NOT | U89: =IF(AND(($N89>0),ISBLANK(F89)),F89,"NOT") -> NOT | V89: =IF(AND(($N89>0),ISBLANK(H89)),H89,"NOT") -> NOT | X89: =LEFT(F89,3)
N90: =TRUNC(J90*L90,2) -> 0 | T90: =IF(AND(($N90>0),ISBLANK(B90)),B90,"NOT") -> NOT | U90: =IF(AND(($N90>0),ISBLANK(F90)),F90,"NOT") -> NOT | V90: =IF(AND(($N90>0),ISBLANK(H90)),H90,"NOT") -> NOT | X90: =LEFT(F90,3)
N91: =TRUNC(J91*L91,2) -> 0 | T91: =IF(AND(($N91>0),ISBLANK(B91)),B91,"NOT") -> NOT | U91: =IF(AND(($N91>0),ISBLANK(F91)),F91,"NOT") -> NOT | V91: =IF(AND(($N91>0),ISBLANK(H91)),H91,"NOT") -> NOT | X91: =LEFT(F91,3)
C95: =LEFT(F95,3) -> 1. | E95: =LEFT(H95,3) | F95: =CONCATENATE('4. Light Project Activities'!A18," ",'4. Light Project Activities'!B18) -> 1. Project management | N95: =SUMIF($X$6:$X$92,C95,$N$6:$N$92) -> 0
C96: =LEFT(F96,3) -> 2. | E96: =LEFT(H96,3) | F96: =CONCATENATE('4. Light Project Activities'!A19," ",'4. Light Project Activities'!B19) -> 2. Communication | N96: =SUMIF($X$6:$X$92,C96,$N$6:$N$92) -> 0
C97: =LEFT(F97,3) -> 3. | E97: =LEFT(H97,3) | F97: =CONCATENATE('4. Light Project Activities'!A20," ",'4. Light Project Activities'!B20) -> 3. Cooperation activity 1 | N97: =SUMIF($X$6:$X$92,C97,$N$6:$N$92) -> 0
C98: =LEFT(F98,3) -> 4. | E98: =LEFT(H98,3) | F98: =CONCATENATE('4. Light Project Activities'!A21," ",'4. Light Project Activities'!B21) -> 4. Cooperation activity 2 | N98: =SUMIF($X$6:$X$92,C98,$N$6:$N$92) -> 0
C99: =LEFT(F99,3) -> 5. | E99: =LEFT(H99,3) | F99: =CONCATENATE('4. Light Project Activities'!A22," ",'4. Light Project Activities'!B22) -> 5. Cooperation activity 3 | N99: =SUMIF($X$6:$X$92,C99,$N$6:$N$92) -> 0
C100: =LEFT(F100,3) -> 6. | E100: =LEFT(H100,3) | F100: =CONCATENATE('4. Light Project Activities'!A23," ",'4. Light Project Activities'!B23) -> 6. etc. | N100: =SUMIF($X$6:$X$92,C100,$N$6:$N$92) -> 0
C101: =LEFT(F101,3) -> 7. | E101: =LEFT(H101,3) | F101: =CONCATENATE('4. Light Project Activities'!A24," ",'4. Light Project Activities'!B24) -> 7. | N101: =SUMIF($X$6:$X$92,C101,$N$6:$N$92) -> 0
C102: =LEFT(F102,3) -> 8. | E102: =LEFT(H102,3) | F102: =CONCATENATE('4. Light Project Activities'!A25," ",'4. Light Project Activities'!B25) -> 8. | N102: =SUMIF($X$6:$X$92,C102,$N$6:$N$92) -> 0
C103: =LEFT(F103,3) -> 9. | E103: =LEFT(H103,3) | F103: =CONCATENATE('4. Light Project Activities'!A26," ",'4. Light Project Activities'!B26) -> 9. | N103: =SUMIF($X$6:$X$92,C103,$N$6:$N$92) -> 0
C104: =LEFT(F104,3) -> 10. | E104: =LEFT(H104,3) | F104: =CONCATENATE('4. Light Project Activities'!A27," ",'4. Light Project Activities'!B27) -> 10. | N104: =SUMIF($X$6:$X$92,C104,$N$6:$N$92) -> 0
C105: =LEFT(F105,3) -> 11. | E105: =LEFT(H105,3) | F105: =CONCATENATE('4. Light Project Activities'!A28," ",'4. Light Project Activities'!B28) -> 11. | N105: =SUMIF($X$6:$X$92,C105,$N$6:$N$92) -> 0
C106: =LEFT(F106,3) -> 12. | E106: =LEFT(H106,3) | F106: =CONCATENATE('4. Light Project Activities'!A29," ",'4. Light Project Activities'!B29) -> 12. | N106: =SUMIF($X$6:$X$92,C106,$N$6:$N$92) -> 0
C107: =LEFT(F107,3) | E107: =LEFT(H107,3) | N107: =SUMIF($X$6:$X$92,C107,$N$6:$N$92) -> 0
C108: =LEFT(F108,3) | E108: =LEFT(H108,3) | N108: =SUMIF($X$6:$X$92,C108,$N$6:$N$92) -> 0
C109: =LEFT(F109,3) | E109: =LEFT(H109,3) | N109: =SUMIF($X$6:$X$92,C109,$N$6:$N$92) -> 0
C110: =LEFT(F110,3) | E110: =LEFT(H110,3) | N110: =SUMIF($X$6:$X$92,C110,$N$6:$N$92) -> 0
C111: =LEFT(F111,3) | E111: =LEFT(H111,3) | N111: =SUMIF($X$6:$X$92,C111,$N$6:$N$92) -> 0
C112: =LEFT(F112,3) | E112: =LEFT(H112,3) | N112: =SUMIF($X$6:$X$92,C112,$N$6:$N$92) -> 0
C113: =LEFT(F113,3) | E113: =LEFT(H113,3) | N113: =SUMIF($X$6:$X$92,C113,$N$6:$N$92) -> 0
C114: =LEFT(F114,3) | E114: =LEFT(H114,3) | N114: =SUMIF($X$6:$X$92,C114,$N$6:$N$92) -> 0
C115: =LEFT(F115,3) | E115: =LEFT(H115,3) | N115: =SUMIF($X$6:$X$92,C115,$N$6:$N$92) -> 0
C116: =LEFT(F116,3) | E116: =LEFT(H116,3) | N116: =SUMIF($X$6:$X$92,C116,$N$6:$N$92) -> 0
C117: =LEFT(F117,3) | E117: =LEFT(H117,3) | N117: =SUMIF($X$6:$X$92,C117,$N$6:$N$92) -> 0
C118: =LEFT(F118,3) | E118: =LEFT(H118,3) | N118: =SUMIF($X$6:$X$92,C118,$N$6:$N$92) -> 0
D128: SME - The minimum amount of the budget of each SME in the Light Project is 30% of the total Light Project budget.
D129: R&D organisation - The maximum amount of the budget for each R&D organisation under Joint innovation between SMEs and R&D organisations is 20% of the total Light Project budget.

Sheet 6. Light Partner 2 budget - SME
A1: 8. Light Project budget per Light Partner | D1: =CONCATENATE("Light Partner 2 SME - ",'2. Light Partner 2 data - SME'!C5) -> Light Partner 2 SME - | T1: hibaüzenet feltételek | U1: hibaüzenet feltételek | V1: hibaüzenet feltételek
A3: ∑ | B3: TOTAL COSTS | F3: The budget of the Beneficiary is not complete! | L3: Total (EUR): | N3: =N5+N7+N9+N11+N31+N56+N77 -> 0 | P3: =IF(N$3=0,0%,N3/N$3) -> 0 | Q3: =IF(Q5>0,F3,0) -> #REF! | S3: =IF(AND(S5=R3,#REF!=R3,#REF!=R3,#REF!=R3)," ",F3) -> #REF!
A5: 1 | B5: Preparation costs | F5: Lump sum - amounts to 4 000 € of total eligible expenditure per Light Project | L5: Total (EUR): | N5: 0 | P5: =IF(N5=0,0%,N5/N$3) -> 0 | Q5: =SUM(Q6:Q93) -> #REF! | S5: =IF(P5>R5,F5,"")
A7: 2 | B7: Staff costs | F7: Staff costs are calculated as: 20% flat rate of direct costs - without works 10% flat rate of direct costs - in case of works | L7: Total (EUR): | N7: =IF(N77>0, 0.1*(N31+N56+N77), (N31+N56)*0.2) -> 0 | P7: =IF(N7=0,0%,N7/N$3) -> 0 | Q7: =IF(LEN(F7)>1,1,0) -> 1
A9: 3 | B9: Office and administrative expenditure | F9: Calculated as a flat rate of 15% of the staff costs | L9: Total (EUR): | N9: =N7*0.15 -> 0 | P9: =IF(N9=0,0%,N9/N$3) -> 0 | S9: =IF(P9>R9,F9,"") | T9: =IF(OR(P9>Q9,P9>R9),"Overhead costs shall not exceed 5 per cent of each partner’s total eligible budget and shall not exceed 25 per cent of the total staff costs in each partner’s budget!","")
A11: 4 | B11: Travel and accommodation costs | F11: Calculated as a flat rate of 15% of the staff costs | L11: Total (EUR): | N11: =N7*0.15 -> 0 | P11: =IF(N11=0,0%,N11/N$3) -> 0 | Q11: =IF(LEN(S11)>1,1,0) -> #REF! | S11: =IF(AND(#REF!>0,(#REF!+#REF!+#REF!)),F11,"") -> #REF!
B13: Detailed description, justification of the travel and accomodation costs. If necessary, specify the activities that will be performed outside the program area. Describe how these activities will benefit the Programme area. | T13: =IF(AND((#REF!>0),ISBLANK(B15)),B13,"NOT") -> #REF!
O15: ŰG
B17: Name of item | D17: Description | F17: Light Project Activity | H17: Contribution to the Light Project | T17: =IF(AND(T18="NOT",T19="NOT",T20="NOT",T21="NOT",T22="NOT",T23="NOT",T24="NOT",T25="NOT",T26="NOT",T27="NOT",T13="NOT"),"NOT",#REF!) -> #REF! | U17: =IF(AND(U18="NOT",U19="NOT",U20="NOT",U21="NOT",U22="NOT",U23="NOT",U24="NOT",U25="NOT",U26="NOT",U27="NOT",T13="NOT"),"NOT",#REF!) -> #REF! | V17: =IF(AND(V18="NOT",V19="NOT",V20="NOT",V21="NOT",V22="NOT",V23="NOT",V24="NOT",V25="NOT",V26="NOT",V27="NOT",T13="NOT"),"NOT",#REF!) -> #REF!
T18: =IF(AND(($N18>0),ISBLANK(B18)),B18,"NOT") -> NOT | U18: =IF(AND(($N18>0),ISBLANK(F18)),F18,"NOT") -> NOT | V18: =IF(AND(($N18>0),ISBLANK(H18)),H18,"NOT") -> NOT | X18: =LEFT(F18,3)
T19: =IF(AND(($N19>0),ISBLANK(B19)),B19,"NOT") -> NOT | U19: =IF(AND(($N19>0),ISBLANK(F19)),F19,"NOT") -> NOT | V19: =IF(AND(($N19>0),ISBLANK(H19)),H19,"NOT") -> NOT | X19: =LEFT(F19,3)
T20: =IF(AND(($N20>0),ISBLANK(B20)),B20,"NOT") -> NOT | U20: =IF(AND(($N20>0),ISBLANK(F20)),F20,"NOT") -> NOT | V20: =IF(AND(($N20>0),ISBLANK(H20)),H20,"NOT") -> NOT | X20: =LEFT(F20,3)
T21: =IF(AND(($N21>0),ISBLANK(B21)),B21,"NOT") -> NOT | U21: =IF(AND(($N21>0),ISBLANK(F21)),F21,"NOT") -> NOT | V21: =IF(AND(($N21>0),ISBLANK(H21)),H21,"NOT") -> NOT | X21: =LEFT(F21,3)
T22: =IF(AND((#REF!>0),ISBLANK(B22)),B22,"NOT") -> #REF! | U22: =IF(AND((#REF!>0),ISBLANK(F22)),F22,"NOT") -> #REF! | V22: =IF(AND((#REF!>0),ISBLANK(#REF!)),#REF!,"NOT") -> #REF! | X22: =LEFT(F22,3)
T23: =IF(AND(($N22>0),ISBLANK(B23)),B23,"NOT") -> NOT | U23: =IF(AND(($N22>0),ISBLANK(F23)),F23,"NOT") -> NOT | V23: =IF(AND(($N22>0),ISBLANK(H22)),H22,"NOT") -> NOT | X23: =LEFT(F23,3)
T24: =IF(AND(($N24>0),ISBLANK(B24)),B24,"NOT") -> NOT | U24: =IF(AND(($N24>0),ISBLANK(F24)),F24,"NOT") -> NOT | V24: =IF(AND(($N24>0),ISBLANK(H24)),H24,"NOT") -> NOT | X24: =LEFT(F24,3)
T25: =IF(AND(($N25>0),ISBLANK(B25)),B25,"NOT") -> NOT | U25: =IF(AND(($N25>0),ISBLANK(F25)),F25,"NOT") -> NOT | V25: =IF(AND(($N25>0),ISBLANK(H25)),H25,"NOT") -> NOT | X25: =LEFT(F25,3)
T26: =IF(AND(($N26>0),ISBLANK(B26)),B26,"NOT") -> NOT | U26: =IF(AND(($N26>0),ISBLANK(F26)),F26,"NOT") -> NOT | V26: =IF(AND(($N26>0),ISBLANK(H26)),H26,"NOT") -> NOT | X26: =LEFT(F26,3)
T27: =IF(AND(($N27>0),ISBLANK(B27)),B27,"NOT") -> NOT | U27: =IF(AND(($N27>0),ISBLANK(F27)),F27,"NOT") -> NOT | V27: =IF(AND(($N27>0),ISBLANK(H27)),H27,"NOT") -> NOT | X27: =LEFT(F27,3)
A31: 5 | B31: External expertise and services costs | F31: Calculated on real cost basis | L31: Total (EUR): | N31: =SUM(N35:N54) -> 0 | P31: =IF(N31=0,0%,N31/N$3) -> 0 | S31: =IF(P31>Q31,F31,"")
B34: Name of item | D34: Description | F34: Light Project Activity | H34: Unit of measure | J34: Nr. of units | L34: Unit price (EUR) | N34: Amount (EUR) | T34: =IF(AND(T35="NOT",T36="NOT",T37="NOT",#REF!="NOT"),"NOT",#REF!) -> #REF! | U34: =IF(AND(U35="NOT",U36="NOT",U37="NOT",#REF!="NOT"),"NOT",#REF!) -> #REF! | V34: =IF(AND(V35="NOT",V36="NOT",V37="NOT",#REF!="NOT"),"NOT",#REF!) -> #REF!
N35: =TRUNC(J35*L35,2) -> 0 | T35: =IF(AND(($N35>0),ISBLANK(B35)),B35,"NOT") -> NOT | U35: =IF(AND(($N35>0),ISBLANK(F35)),F35,"NOT") -> NOT | V35: =IF(AND(($N35>0),ISBLANK(H35)),H35,"NOT") -> NOT | X35: =LEFT(F35,3)
N36: =TRUNC(J36*L36,2) -> 0 | T36: =IF(AND(($N36>0),ISBLANK(B36)),B36,"NOT") -> NOT | U36: =IF(AND(($N36>0),ISBLANK(F36)),F36,"NOT") -> NOT | V36: =IF(AND(($N36>0),ISBLANK(H36)),H36,"NOT") -> NOT | X36: =LEFT(F36,3)
N37: =TRUNC(J37*L37,2) -> 0 | T37: =IF(AND(($N37>0),ISBLANK(B37)),B37,"NOT") -> NOT | U37: =IF(AND(($N37>0),ISBLANK(F37)),F37,"NOT") -> NOT | V37: =IF(AND(($N37>0),ISBLANK(H37)),H37,"NOT") -> NOT | X37: =LEFT(F37,3)
N38: =TRUNC(J38*L38,2) -> 0 | T38: =IF(AND(($N38>0),ISBLANK(B38)),B38,"NOT") -> NOT | U38: =IF(AND(($N38>0),ISBLANK(F38)),F38,"NOT") -> NOT | V38: =IF(AND(($N38>0),ISBLANK(H38)),H38,"NOT") -> NOT | X38: =LEFT(F38,3)
N39: =TRUNC(J39*L39,2) -> 0 | T39: =IF(AND(($N39>0),ISBLANK(B39)),B39,"NOT") -> NOT | U39: =IF(AND(($N39>0),ISBLANK(F39)),F39,"NOT") -> NOT | V39: =IF(AND(($N39>0),ISBLANK(H39)),H39,"NOT") -> NOT | X39: =LEFT(F39,3)
N40: =TRUNC(J40*L40,2) -> 0 | T40: =IF(AND(($N40>0),ISBLANK(B40)),B40,"NOT") -> NOT | U40: =IF(AND(($N40>0),ISBLANK(F40)),F40,"NOT") -> NOT | V40: =IF(AND(($N40>0),ISBLANK(H40)),H40,"NOT") -> NOT | X40: =LEFT(F40,3)
N41: =TRUNC(J41*L41,2) -> 0 | T41: =IF(AND(($N41>0),ISBLANK(B41)),B41,"NOT") -> NOT | U41: =IF(AND(($N41>0),ISBLANK(F41)),F41,"NOT") -> NOT | V41: =IF(AND(($N41>0),ISBLANK(H41)),H41,"NOT") -> NOT | X41: =LEFT(F41,3)
N42: =TRUNC(J42*L42,2) -> 0 | T42: =IF(AND(($N42>0),ISBLANK(B42)),B42,"NOT") -> NOT | U42: =IF(AND(($N42>0),ISBLANK(F42)),F42,"NOT") -> NOT | V42: =IF(AND(($N42>0),ISBLANK(H42)),H42,"NOT") -> NOT | X42: =LEFT(F42,3)
N43: =TRUNC(J43*L43,2) -> 0 | T43: =IF(AND(($N43>0),ISBLANK(B43)),B43,"NOT") -> NOT | U43: =IF(AND(($N43>0),ISBLANK(F43)),F43,"NOT") -> NOT | V43: =IF(AND(($N43>0),ISBLANK(H43)),H43,"NOT") -> NOT | X43: =LEFT(F43,3)
N44: =TRUNC(J44*L44,2) -> 0 | T44: =IF(AND(($N44>0),ISBLANK(B44)),B44,"NOT") -> NOT | U44: =IF(AND(($N44>0),ISBLANK(F44)),F44,"NOT") -> NOT | V44: =IF(AND(($N44>0),ISBLANK(H44)),H44,"NOT") -> NOT | X44: =LEFT(F44,3)
N45: =TRUNC(J45*L45,2) -> 0 | T45: =IF(AND(($N45>0),ISBLANK(B45)),B45,"NOT") -> NOT | U45: =IF(AND(($N45>0),ISBLANK(F45)),F45,"NOT") -> NOT | V45: =IF(AND(($N45>0),ISBLANK(H45)),H45,"NOT") -> NOT | X45: =LEFT(F45,3)
N46: =TRUNC(J46*L46,2) -> 0 | T46: =IF(AND(($N46>0),ISBLANK(B46)),B46,"NOT") -> NOT | U46: =IF(AND(($N46>0),ISBLANK(F46)),F46,"NOT") -> NOT | V46: =IF(AND(($N46>0),ISBLANK(H46)),H46,"NOT") -> NOT | X46: =LEFT(F46,3)
... N54: =TRUNC(J54*L54,2) -> 0 | T54: =IF(AND(($N54>0),ISBLANK(B54)),B54,"NOT") -> NOT | U54: =IF(AND(($N54>0),ISBLANK(F54)),F54,"NOT") -> NOT | V54: =IF(AND(($N54>0),ISBLANK(H54)),H54,"NOT") -> NOT | X54: =LEFT(F54,3)
A56: 6 | B56: Equipment expenditure | F56: Calculated on real cost basis | L56: Total (EUR): | N56: =SUM(N60:N74) -> 0 | P56: =IF(N56=0,0%,N56/N$3) -> 0 | S56: =IF(AND(T76=#REF!,#REF!>#REF!),F56,0) -> #REF! | T56: =IF(AND(T76=#REF!,#REF!>#REF!),F56,0) -> #REF! | U56: =IF('7. Light Project budget summary'!P25>0,('7. Light Project budget summary'!P23+'7. Light Project budget summary'!P21)/'7. Light Project budget summary'!P25,0) -> 0 | V56: max with equipments | W56: 2.1.3 | X56: 0.7
B59: Name of item (special technical needs e.g. training, warranty, installation have to be described here - if any) | D59: Description | F59: Light Project Activity | H59: Unit of measure | J59: Nr. of units | L59: Unit price (EUR) | N59: Amount (EUR) | T59: =IF(AND(T60="NOT",T61="NOT",T62="NOT",T63="NOT",T64="NOT",T65="NOT",T66="NOT",T67="NOT",T68="NOT",T74="NOT",#REF!="NOT"),"NOT",#REF!) -> #REF! | U59: =IF(AND(U60="NOT",U61="NOT",U62="NOT",U63="NOT",U64="NOT",U65="NOT",U66="NOT",U67="NOT",U68="NOT",U74="NOT",#REF!="NOT"),"NOT",#REF!) -> #REF! | V59: =IF(AND(V60="NOT",V61="NOT",V62="NOT",V63="NOT",V64="NOT",V65="NOT",V66="NOT",V67="NOT",V68="NOT",V74="NOT",#REF!="NOT"),"NOT",#REF!) -> #REF!
N60: =TRUNC(J60*L60,2) -> 0 | T60: =IF(AND(($N60>0),ISBLANK(B60)),B60,"NOT") -> NOT | U60: =IF(AND(($N60>0),ISBLANK(F60)),F60,"NOT") -> NOT | V60: =IF(AND(($N60>0),ISBLANK(H60)),H60,"NOT") -> NOT | X60: =LEFT(F60,3)
N61: =TRUNC(J61*L61,2) -> 0 | T61: =IF(AND(($N61>0),ISBLANK(B61)),B61,"NOT") -> NOT | U61: =IF(AND(($N61>0),ISBLANK(F61)),F61,"NOT") -> NOT | V61: =IF(AND(($N61>0),ISBLANK(H61)),H61,"NOT") -> NOT | X61: =LEFT(F61,3)
N62: =TRUNC(J62*L62,2) -> 0 | T62: =IF(AND(($N62>0),ISBLANK(B62)),B62,"NOT") -> NOT | U62: =IF(AND(($N62>0),ISBLANK(F62)),F62,"NOT") -> NOT | V62: =IF(AND(($N62>0),ISBLANK(H62)),H62,"NOT") -> NOT | X62: =LEFT(F62,3)
N63: =TRUNC(J63*L63,2) -> 0 | T63: =IF(AND(($N63>0),ISBLANK(B63)),B63,"NOT") -> NOT | U63: =IF(AND(($N63>0),ISBLANK(F63)),F63,"NOT") -> NOT | V63: =IF(AND(($N63>0),ISBLANK(H63)),H63,"NOT") -> NOT | X63: =LEFT(F63,3)
N64: =TRUNC(J64*L64,2) -> 0 | T64: =IF(AND(($N64>0),ISBLANK(B64)),B64,"NOT") -> NOT | U64: =IF(AND(($N64>0),ISBLANK(F64)),F64,"NOT") -> NOT | V64: =IF(AND(($N64>0),ISBLANK(H64)),H64,"NOT") -> NOT | X64: =LEFT(F64,3)
N65: =TRUNC(J65*L65,2) -> 0 | T65: =IF(AND(($N65>0),ISBLANK(B65)),B65,"NOT") -> NOT | U65: =IF(AND(($N65>0),ISBLANK(F65)),F65,"NOT") -> NOT | V65: =IF(AND(($N65>0),ISBLANK(H65)),H65,"NOT") -> NOT | X65: =LEFT(F65,3)
N66: =TRUNC(J66*L66,2) -> 0 | T66: =IF(AND(($N66>0),ISBLANK(B66)),B66,"NOT") -> NOT | U66: =IF(AND(($N66>0),ISBLANK(F66)),F66,"NOT") -> NOT | V66: =IF(AND(($N66>0),ISBLANK(H66)),H66,"NOT") -> NOT | X66: =LEFT(F66,3)
N67: =TRUNC(J67*L67,2) -> 0 | T67: =IF(AND(($N67>0),ISBLANK(B67)),B67,"NOT") -> NOT | U67: =IF(AND(($N67>0),ISBLANK(F67)),F67,"NOT") -> NOT | V67: =IF(AND(($N67>0),ISBLANK(H67)),H67,"NOT") -> NOT | X67: =LEFT(F67,3)
N68: =TRUNC(J68*L68,2) -> 0 | T68: =IF(AND(($N68>0),ISBLANK(B68)),B68,"NOT") -> NOT | U68: =IF(AND(($N68>0),ISBLANK(F68)),F68,"NOT") -> NOT | V68: =IF(AND(($N68>0),ISBLANK(H68)),H68,"NOT") -> NOT | X68: =LEFT(F68,3)
N69: =TRUNC(J69*L69,2) -> 0
N70: =TRUNC(J70*L70,2) -> 0
N71: =TRUNC(J71*L71,2) -> 0
N72: =TRUNC(J72*L72,2) -> 0
N73: =TRUNC(J73*L73,2) -> 0
N74: =TRUNC(J74*L74,2) -> 0 | T74: =IF(AND(($N74>0),ISBLANK(B74)),B74,"NOT") -> NOT | U74: =IF(AND(($N74>0),ISBLANK(F74)),F74,"NOT") -> NOT | V74: =IF(AND(($N74>0),ISBLANK(H74)),H74,"NOT") -> NOT | X74: =LEFT(F74,3)
T76: =LEFT('1. General Data'!E25,5) -> Error | U76: =IF('7. Light Project budget summary'!P25>0,'7. Light Project budget summary'!P23/'7. Light Project budget summary'!P25,0) -> 0 | V76: min | W76: 1.2.2 | X76: 0.5
A77: 7 | B77: Infrastructure and works - up to 10% of the total budget per Light Partner | F77: =IF(N77>N3*0.1,"Infrastructure and works costs are not allowed to be above 10% of total project costs","Infrastructure and works costs OK") -> Infrastructure and works costs OK | L77: Total (EUR): | N77: =SUM(N82:N91) -> 0 | P77: =IF(N77=0,0%,N77/N$3) -> 0 | S77: =IF(T76=#REF!,IF(#REF!>#REF!,F77,0),IF(AND(OR(T76=W77,T76=#REF!,T76=W78),P77>X77),F77,0)) -> #REF! | T77: =IF(AND(T76=W76,U76<X76),H77,0) -> 0 | U77: =IF('7. Light Project budget summary'!P25>0,'7. Light Project budget summary'!P23/'7. Light Project budget summary'!P25,0) -> 0 | V77: max | W77: 2.1.2 | X77: 0.7
U78: =IF('7. Light Project budget summary'!P25>0,'7. Light Project budget summary'!P23/'7. Light Project budget summary'!P25,0) -> 0 | V78: max | W78: 2.2.3 | X78: 0.7
B81: Name of item | D81: Description (with location of works activities and required permits, if relevant) | F81: Light Project Activity | H81: Unit of measure | J81: Nr. of units | L81: Unit price (EUR) | N81: Amount (EUR) | T81: =IF(AND(T82="NOT",T83="NOT",T84="NOT",T85="NOT",T86="NOT",T87="NOT",T88="NOT",T89="NOT",T90="NOT",T91="NOT",#REF!="NOT"),"NOT",#REF!) -> #REF! | U81: =IF(AND(U82="NOT",U83="NOT",U84="NOT",U85="NOT",U86="NOT",U87="NOT",U88="NOT",U89="NOT",U90="NOT",U91="NOT",#REF!="NOT"),"NOT",#REF!) -> #REF! | V81: =IF(AND(V82="NOT",V83="NOT",V84="NOT",V85="NOT",V86="NOT",V87="NOT",V88="NOT",V89="NOT",V90="NOT",V91="NOT",#REF!="NOT"),"NOT",#REF!) -> #REF!
N82: =TRUNC(J82*L82,2) -> 0 | T82: =IF(AND(($N82>0),ISBLANK(B82)),B82,"NOT") -> NOT | U82: =IF(AND(($N82>0),ISBLANK(F82)),F82,"NOT") -> NOT | V82: =IF(AND(($N82>0),ISBLANK(H82)),H82,"NOT") -> NOT | X82: =LEFT(F82,3)
N83: =TRUNC(J83*L83,2) -> 0 | T83: =IF(AND(($N83>0),ISBLANK(B83)),B83,"NOT") -> NOT | U83: =IF(AND(($N83>0),ISBLANK(F83)),F83,"NOT") -> NOT | V83: =IF(AND(($N83>0),ISBLANK(H83)),H83,"NOT") -> NOT | X83: =LEFT(F83,3)
N84: =TRUNC(J84*L84,2) -> 0 | T84: =IF(AND(($N84>0),ISBLANK(B84)),B84,"NOT") -> NOT | U84: =IF(AND(($N84>0),ISBLANK(F84)),F84,"NOT") -> NOT | V84: =IF(AND(($N84>0),ISBLANK(H84)),H84,"NOT") -> NOT | X84: =LEFT(F84,3)
N85: =TRUNC(J85*L85,2) -> 0 | T85: =IF(AND(($N85>0),ISBLANK(B85)),B85,"NOT") -> NOT | U85: =IF(AND(($N85>0),ISBLANK(F85)),F85,"NOT") -> NOT | V85: =IF(AND(($N85>0),ISBLANK(H85)),H85,"NOT") -> NOT | X85: =LEFT(F85,3)
N86: =TRUNC(J86*L86,2) -> 0 | T86: =IF(AND(($N86>0),ISBLANK(B86)),B86,"NOT") -> NOT | U86: =IF(AND(($N86>0),ISBLANK(F86)),F86,"NOT") -> NOT | V86: =IF(AND(($N86>0),ISBLANK(H86)),H86,"NOT") -> NOT | X86: =LEFT(F86,3)
N87: =TRUNC(J87*L87,2) -> 0 | T87: =IF(AND(($N87>0),ISBLANK(B87)),B87,"NOT") -> NOT | U87: =IF(AND(($N87>0),ISBLANK(F87)),F87,"NOT") -> NOT | V87: =IF(AND(($N87>0),ISBLANK(H87)),H87,"NOT") -> NOT | X87: =LEFT(F87,3)
N88: =TRUNC(J88*L88,2) -> 0 | T88: =IF(AND(($N88>0),ISBLANK(B88)),B88,"NOT") -> NOT | U88: =IF(AND(($N88>0),ISBLANK(F88)),F88,"NOT") -> NOT | V88: =IF(AND(($N88>0),ISBLANK(H88)),H88,"NOT") -> NOT | X88: =LEFT(F88,3)
N89: =TRUNC(J89*L89,2) -> 0 | T89: =IF(AND(($N89>0),ISBLANK(B89)),B89,"NOT") -> NOT | U89: =IF(AND(($N89>0),ISBLANK(F89)),F89,"NOT") -> NOT | V89: =IF(AND(($N89>0),ISBLANK(H89)),H89,"NOT") -> NOT | X89: =LEFT(F89,3)
N90: =TRUNC(J90*L90,2) -> 0 | T90: =IF(AND(($N90>0),ISBLANK(B90)),B90,"NOT") -> NOT | U90: =IF(AND(($N90>0),ISBLANK(F90)),F90,"NOT") -> NOT | V90: =IF(AND(($N90>0),ISBLANK(H90)),H90,"NOT") -> NOT | X90: =LEFT(F90,3)
N91: =TRUNC(J91*L91,2) -> 0 | T91: =IF(AND(($N91>0),ISBLANK(B91)),B91,"NOT") -> NOT | U91: =IF(AND(($N91>0),ISBLANK(F91)),F91,"NOT") -> NOT | V91: =IF(AND(($N91>0),ISBLANK(H91)),H91,"NOT") -> NOT | X91: =LEFT(F91,3)
C95: =LEFT(F95,3) -> 1. | E95: =LEFT(H95,3) | F95: =CONCATENATE('4. Light Project Activities'!A18," ",'4. Light Project Activities'!B18) -> 1. Project management | N95: =SUMIF($X$6:$X$92,C95,$N$6:$N$92) -> 0
C96: =LEFT(F96,3) -> 2. | E96: =LEFT(H96,3) | F96: =CONCATENATE('4. Light Project Activities'!A19," ",'4. Light Project Activities'!B19) -> 2. Communication | N96: =SUMIF($X$6:$X$92,C96,$N$6:$N$92) -> 0
C97: =LEFT(F97,3) -> 3. | E97: =LEFT(H97,3) | F97: =CONCATENATE('4. Light Project Activities'!A20," ",'4. Light Project Activities'!B20) -> 3. Cooperation activity 1 | N97: =SUMIF($X$6:$X$92,C97,$N$6:$N$92) -> 0
C98: =LEFT(F98,3) -> 4. | E98: =LEFT(H98,3) | F98: =CONCATENATE('4. Light Project Activities'!A21," ",'4. Light Project Activities'!B21) -> 4. Cooperation activity 2 | N98: =SUMIF($X$6:$X$92,C98,$N$6:$N$92) -> 0
C99: =LEFT(F99,3) -> 5. | E99: =LEFT(H99,3) | F99: =CONCATENATE('4. Light Project Activities'!A22," ",'4. Light Project Activities'!B22) -> 5. Cooperation activity 3 | N99: =SUMIF($X$6:$X$92,C99,$N$6:$N$92) -> 0
C100: =LEFT(F100,3) -> 6. | E100: =LEFT(H100,3) | F100: =CONCATENATE('4. Light Project Activities'!A23," ",'4. Light Project Activities'!B23) -> 6. etc. | N100: =SUMIF($X$6:$X$92,C100,$N$6:$N$92) -> 0
C101: =LEFT(F101,3) -> 7. | E101: =LEFT(H101,3) | F101: =CONCATENATE('4. Light Project Activities'!A24," ",'4. Light Project Activities'!B24) -> 7. | N101: =SUMIF($X$6:$X$92,C101,$N$6:$N$92) -> 0
C102: =LEFT(F102,3) -> 8. | E102: =LEFT(H102,3) | F102: =CONCATENATE('4. Light Project Activities'!A25," ",'4. Light Project Activities'!B25) -> 8. | N102: =SUMIF($X$6:$X$92,C102,$N$6:$N$92) -> 0
C103: =LEFT(F103,3) -> 9. | E103: =LEFT(H103,3) | F103: =CONCATENATE('4. Light Project Activities'!A26," ",'4. Light Project Activities'!B26) -> 9. | N103: =SUMIF($X$6:$X$92,C103,$N$6:$N$92) -> 0
C104: =LEFT(F104,3) -> 10. | E104: =LEFT(H104,3) | F104: =CONCATENATE('4. Light Project Activities'!A27," ",'4. Light Project Activities'!B27) -> 10. | N104: =SUMIF($X$6:$X$92,C104,$N$6:$N$92) -> 0
C105: =LEFT(F105,3) -> 11. | E105: =LEFT(H105,3) | F105: =CONCATENATE('4. Light Project Activities'!A28," ",'4. Light Project Activities'!B28) -> 11. | N105: =SUMIF($X$6:$X$92,C105,$N$6:$N$92) -> 0
C106: =LEFT(F106,3) -> 12. | E106: =LEFT(H106,3) | F106: =CONCATENATE('4. Light Project Activities'!A29," ",'4. Light Project Activities'!B29) -> 12. | N106: =SUMIF($X$6:$X$92,C106,$N$6:$N$92) -> 0
C107: =LEFT(F107,3) | E107: =LEFT(H107,3) | N107: =SUMIF($X$6:$X$92,C107,$N$6:$N$92) -> 0
C108: =LEFT(F108,3) | E108: =LEFT(H108,3) | N108: =SUMIF($X$6:$X$92,C108,$N$6:$N$92) -> 0
C109: =LEFT(F109,3) | E109: =LEFT(H109,3) | N109: =SUMIF($X$6:$X$92,C109,$N$6:$N$92) -> 0
C110: =LEFT(F110,3) | E110: =LEFT(H110,3) | N110: =SUMIF($X$6:$X$92,C110,$N$6:$N$92) -> 0
C111: =LEFT(F111,3) | E111: =LEFT(H111,3) | N111: =SUMIF($X$6:$X$92,C111,$N$6:$N$92) -> 0
C112: =LEFT(F112,3) | E112: =LEFT(H112,3) | N112: =SUMIF($X$6:$X$92,C112,$N$6:$N$92) -> 0
C113: =LEFT(F113,3) | E113: =LEFT(H113,3) | N113: =SUMIF($X$6:$X$92,C113,$N$6:$N$92) -> 0
C114: =LEFT(F114,3) | E114: =LEFT(H114,3) | N114: =SUMIF($X$6:$X$92,C114,$N$6:$N$92) -> 0
C115: =LEFT(F115,3) | E115: =LEFT(H115,3) | N115: =SUMIF($X$6:$X$92,C115,$N$6:$N$92) -> 0
C116: =LEFT(F116,3) | E116: =LEFT(H116,3) | N116: =SUMIF($X$6:$X$92,C116,$N$6:$N$92) -> 0
C117: =LEFT(F117,3) | E117: =LEFT(H117,3) | N117: =SUMIF($X$6:$X$92,C117,$N$6:$N$92) -> 0
C118: =LEFT(F118,3) | E118: =LEFT(H118,3) | N118: =SUMIF($X$6:$X$92,C118,$N$6:$N$92) -> 0
D128: SME - The minimum amount of the budget of each SME in the Light Project is 30% of the total Light Project budget.
D129: R&D organisation - The maximum amount of the budget for each R&D organisation under Joint innovation between SMEs and R&D organisations is 20% of the total Light Project budget.

Sheet 6. Light Partner 3 budget - SME
A1: 8. Light Project budget per Light Partner | D1: =CONCATENATE("Light Partner 3 SME - ",'2. Light Partner 3 data - SME'!C5) -> Light Partner 3 SME - | T1: hibaüzenet feltételek | U1: hibaüzenet feltételek | V1: hibaüzenet feltételek
A3: ∑ | B3: TOTAL COSTS | F3: The budget of the Beneficiary is not complete! | L3: Total (EUR): | N3: =N5+N7+N9+N11+N31+N56+N77 -> 0 | P3: =IF(N$3=0,0%,N3/N$3) -> 0 | Q3: =IF(Q5>0,F3,0) -> #REF! | S3: =IF(AND(S5=R3,#REF!=R3,#REF!=R3,#REF!=R3)," ",F3) -> #REF!
A5: 1 | B5: Preparation costs | F5: Lump sum - amounts to 4 000 € of total eligible expenditure per Light Project | L5: Total (EUR): | N5: 0 | P5: =IF(N5=0,0%,N5/N$3) -> 0 | Q5: =SUM(Q6:Q93) -> #REF! | S5: =IF(P5>R5,F5,"")
A7: 2 | B7: Staff costs | F7: Staff costs are calculated as: 20% flat rate of direct costs - without works 10% flat rate of direct costs - in case of works | L7: Total (EUR): | N7: =IF(N77>0, 0.1*(N31+N56+N77), (N31+N56)*0.2) -> 0 | P7: =IF(N7=0,0%,N7/N$3) -> 0 | Q7: =IF(LEN(F7)>1,1,0) -> 1
A9: 3 | B9: Office and administrative expenditure | F9: Calculated as a flat rate of 15% of the staff costs | L9: Total (EUR): | N9: =N7*0.15 -> 0 | P9: =IF(N9=0,0%,N9/N$3) -> 0 | S9: =IF(P9>R9,F9,"") | T9: =IF(OR(P9>Q9,P9>R9),"Overhead costs shall not exceed 5 per cent of each partner’s total eligible budget and shall not exceed 25 per cent of the total staff costs in each partner’s budget!","")
A11: 4 | B11: Travel and accommodation costs | F11: Calculated as a flat rate of 15% of the staff costs | L11: Total (EUR): | N11: =N7*0.15 -> 0 | P11: =IF(N11=0,0%,N11/N$3) -> 0 | Q11: =IF(LEN(S11)>1,1,0) -> #REF! | S11: =IF(AND(#REF!>0,(#REF!+#REF!+#REF!)),F11,"") -> #REF!
B13: Detailed description, justification of the travel and accomodation costs. If necessary, specify the activities that will be performed outside the program area. Describe how these activities will benefit the Programme area. | T13: =IF(AND((#REF!>0),ISBLANK(B15)),B13,"NOT") -> #REF!
O15: ŰG
B17: Name of item | D17: Description | F17: Light Project Activity | H17: Contribution to the Light Project | T17: =IF(AND(T18="NOT",T19="NOT",T20="NOT",T21="NOT",T22="NOT",T23="NOT",T24="NOT",T25="NOT",T26="NOT",T27="NOT",T13="NOT"),"NOT",#REF!) -> #REF! | U17: =IF(AND(U18="NOT",U19="NOT",U20="NOT",U21="NOT",U22="NOT",U23="NOT",U24="NOT",U25="NOT",U26="NOT",U27="NOT",T13="NOT"),"NOT",#REF!) -> #REF! | V17: =IF(AND(V18="NOT",V19="NOT",V20="NOT",V21="NOT",V22="NOT",V23="NOT",V24="NOT",V25="NOT",V26="NOT",V27="NOT",T13="NOT"),"NOT",#REF!) -> #REF!
T18: =IF(AND(($N18>0),ISBLANK(B18)),B18,"NOT") -> NOT | U18: =IF(AND(($N18>0),ISBLANK(F18)),F18,"NOT") -> NOT | V18: =IF(AND(($N18>0),ISBLANK(H18)),H18,"NOT") -> NOT | X18: =LEFT(F18,3)
T19: =IF(AND(($N19>0),ISBLANK(B19)),B19,"NOT") -> NOT | U19: =IF(AND(($N19>0),ISBLANK(F19)),F19,"NOT") -> NOT | V19: =IF(AND(($N19>0),ISBLANK(H19)),H19,"NOT") -> NOT | X19: =LEFT(F19,3)
T20: =IF(AND(($N20>0),ISBLANK(B20)),B20,"NOT") -> NOT | U20: =IF(AND(($N20>0),ISBLANK(F20)),F20,"NOT") -> NOT | V20: =IF(AND(($N20>0),ISBLANK(H20)),H20,"NOT") -> NOT | X20: =LEFT(F20,3)
T21: =IF(AND(($N21>0),ISBLANK(B21)),B21,"NOT") -> NOT | U21: =IF(AND(($N21>0),ISBLANK(F21)),F21,"NOT") -> NOT | V21: =IF(AND(($N21>0),ISBLANK(H21)),H21,"NOT") -> NOT | X21: =LEFT(F21,3)
T22: =IF(AND((#REF!>0),ISBLANK(B22)),B22,"NOT") -> #REF! | U22: =IF(AND((#REF!>0),ISBLANK(F22)),F22,"NOT") -> #REF! | V22: =IF(AND((#REF!>0),ISBLANK(#REF!)),#REF!,"NOT") -> #REF! | X22: =LEFT(F22,3)
T23: =IF(AND(($N22>0),ISBLANK(B23)),B23,"NOT") -> NOT | U23: =IF(AND(($N22>0),ISBLANK(F23)),F23,"NOT") -> NOT | V23: =IF(AND(($N22>0),ISBLANK(H22)),H22,"NOT") -> NOT | X23: =LEFT(F23,3)
T24: =IF(AND(($N24>0),ISBLANK(B24)),B24,"NOT") -> NOT | U24: =IF(AND(($N24>0),ISBLANK(F24)),F24,"NOT") -> NOT | V24: =IF(AND(($N24>0),ISBLANK(H24)),H24,"NOT") -> NOT | X24: =LEFT(F24,3)
T25: =IF(AND(($N25>0),ISBLANK(B25)),B25,"NOT") -> NOT | U25: =IF(AND(($N25>0),ISBLANK(F25)),F25,"NOT") -> NOT | V25: =IF(AND(($N25>0),ISBLANK(H25)),H25,"NOT") -> NOT | X25: =LEFT(F25,3)
T26: =IF(AND(($N26>0),ISBLANK(B26)),B26,"NOT") -> NOT | U26: =IF(AND(($N26>0),ISBLANK(F26)),F26,"NOT") -> NOT | V26: =IF(AND(($N26>0),ISBLANK(H26)),H26,"NOT") -> NOT | X26: =LEFT(F26,3)
T27: =IF(AND(($N27>0),ISBLANK(B27)),B27,"NOT") -> NOT | U27: =IF(AND(($N27>0),ISBLANK(F27)),F27,"NOT") -> NOT | V27: =IF(AND(($N27>0),ISBLANK(H27)),H27,"NOT") -> NOT | X27: =LEFT(F27,3)
A31: 5 | B31: External expertise and services costs | F31: Calculated on real cost basis | L31: Total (EUR): | N31: =SUM(N35:N54) -> 0 | P31: =IF(N31=0,0%,N31/N$3) -> 0 | S31: =IF(P31>Q31,F31,"")
B34: Name of item | D34: Description | F34: Light Project Activity | H34: Unit of measure | J34: Nr. of units | L34: Unit price (EUR) | N34: Amount (EUR) | T34: =IF(AND(T35="NOT",T36="NOT",T37="NOT",#REF!="NOT"),"NOT",#REF!) -> #REF! | U34: =IF(AND(U35="NOT",U36="NOT",U37="NOT",#REF!="NOT"),"NOT",#REF!) -> #REF! | V34: =IF(AND(V35="NOT",V36="NOT",V37="NOT",#REF!="NOT"),"NOT",#REF!) -> #REF!
N35: =TRUNC(J35*L35,2) -> 0 | T35: =IF(AND(($N35>0),ISBLANK(B35)),B35,"NOT") -> NOT | U35: =IF(AND(($N35>0),ISBLANK(F35)),F35,"NOT") -> NOT | V35: =IF(AND(($N35>0),ISBLANK(H35)),H35,"NOT") -> NOT | X35: =LEFT(F35,3)
N36: =TRUNC(J36*L36,2) -> 0 | T36: =IF(AND(($N36>0),ISBLANK(B36)),B36,"NOT") -> NOT | U36: =IF(AND(($N36>0),ISBLANK(F36)),F36,"NOT") -> NOT | V36: =IF(AND(($N36>0),ISBLANK(H36)),H36,"NOT") -> NOT | X36: =LEFT(F36,3)
N37: =TRUNC(J37*L37,2) -> 0 | T37: =IF(AND(($N37>0),ISBLANK(B37)),B37,"NOT") -> NOT | U37: =IF(AND(($N37>0),ISBLANK(F37)),F37,"NOT") -> NOT | V37: =IF(AND(($N37>0),ISBLANK(H37)),H37,"NOT") -> NOT | X37: =LEFT(F37,3)
N38: =TRUNC(J38*L38,2) -> 0 | T38: =IF(AND(($N38>0),ISBLANK(B38)),B38,"NOT") -> NOT | U38: =IF(AND(($N38>0),ISBLANK(F38)),F38,"NOT") -> NOT | V38: =IF(AND(($N38>0),ISBLANK(H38)),H38,"NOT") -> NOT | X38: =LEFT(F38,3)
N39: =TRUNC(J39*L39,2) -> 0 | T39: =IF(AND(($N39>0),ISBLANK(B39)),B39,"NOT") -> NOT | U39: =IF(AND(($N39>0),ISBLANK(F39)),F39,"NOT") -> NOT | V39: =IF(AND(($N39>0),ISBLANK(H39)),H39,"NOT") -> NOT | X39: =LEFT(F39,3)
N40: =TRUNC(J40*L40,2) -> 0 | T40: =IF(AND(($N40>0),ISBLANK(B40)),B40,"NOT") -> NOT | U40: =IF(AND(($N40>0),ISBLANK(F40)),F40,"NOT") -> NOT | V40: =IF(AND(($N40>0),ISBLANK(H40)),H40,"NOT") -> NOT | X40: =LEFT(F40,3)
N41: =TRUNC(J41*L41,2) -> 0 | T41: =IF(AND(($N41>0),ISBLANK(B41)),B41,"NOT") -> NOT | U41: =IF(AND(($N41>0),ISBLANK(F41)),F41,"NOT") -> NOT | V41: =IF(AND(($N41>0),ISBLANK(H41)),H41,"NOT") -> NOT | X41: =LEFT(F41,3)
N42: =TRUNC(J42*L42,2) -> 0 | T42: =IF(AND(($N42>0),ISBLANK(B42)),B42,"NOT") -> NOT | U42: =IF(AND(($N42>0),ISBLANK(F42)),F42,"NOT") -> NOT | V42: =IF(AND(($N42>0),ISBLANK(H42)),H42,"NOT") -> NOT | X42: =LEFT(F42,3)
N43: =TRUNC(J43*L43,2) -> 0 | T43: =IF(AND(($N43>0),ISBLANK(B43)),B43,"NOT") -> NOT | U43: =IF(AND(($N43>0),ISBLANK(F43)),F43,"NOT") -> NOT | V43: =IF(AND(($N43>0),ISBLANK(H43)),H43,"NOT") -> NOT | X43: =LEFT(F43,3)
N44: =TRUNC(J44*L44,2) -> 0 | T44: =IF(AND(($N44>0),ISBLANK(B44)),B44,"NOT") -> NOT | U44: =IF(AND(($N44>0),ISBLANK(F44)),F44,"NOT") -> NOT | V44: =IF(AND(($N44>0),ISBLANK(H44)),H44,"NOT") -> NOT | X44: =LEFT(F44,3)
N45: =TRUNC(J45*L45,2) -> 0 | T45: =IF(AND(($N45>0),ISBLANK(B45)),B45,"NOT") -> NOT | U45: =IF(AND(($N45>0),ISBLANK(F45)),F45,"NOT") -> NOT | V45: =IF(AND(($N45>0),ISBLANK(H45)),H45,"NOT") -> NOT | X45: =LEFT(F45,3)
N46: =TRUNC(J46*L46,2) -> 0 | T46: =IF(AND(($N46>0),ISBLANK(B46)),B46,"NOT") -> NOT | U46: =IF(AND(($N46>0),ISBLANK(F46)),F46,"NOT") -> NOT | V46: =IF(AND(($N46>0),ISBLANK(H46)),H46,"NOT") -> NOT | X46: =LEFT(F46,3)
... N54: =TRUNC(J54*L54,2) -> 0 | T54: =IF(AND(($N54>0),ISBLANK(B54)),B54,"NOT") -> NOT | U54: =IF(AND(($N54>0),ISBLANK(F54)),F54,"NOT") -> NOT | V54: =IF(AND(($N54>0),ISBLANK(H54)),H54,"NOT") -> NOT | X54: =LEFT(F54,3)
A56: 6 | B56: Equipment expenditure | F56: Calculated on real cost basis | L56: Total (EUR): | N56: =SUM(N60:N74) -> 0 | P56: =IF(N56=0,0%,N56/N$3) -> 0 | S56: =IF(AND(T76=#REF!,#REF!>#REF!),F56,0) -> #REF! | T56: =IF(AND(T76=#REF!,#REF!>#REF!),F56,0) -> #REF! | U56: =IF('7. Light Project budget summary'!P25>0,('7. Light Project budget summary'!P23+'7. Light Project budget summary'!P21)/'7. Light Project budget summary'!P25,0) -> 0 | V56: max with equipments | W56: 2.1.3 | X56: 0.7
B59: Name of item (special technical needs e.g. training, warranty, installation have to be described here - if any) | D59: Description | F59: Light Project Activity | H59: Unit of measure | J59: Nr. of units | L59: Unit price (EUR) | N59: Amount (EUR) | T59: =IF(AND(T60="NOT",T61="NOT",T62="NOT",T63="NOT",T64="NOT",T65="NOT",T66="NOT",T67="NOT",T68="NOT",T74="NOT",#REF!="NOT"),"NOT",#REF!) -> #REF! | U59: =IF(AND(U60="NOT",U61="NOT",U62="NOT",U63="NOT",U64="NOT",U65="NOT",U66="NOT",U67="NOT",U68="NOT",U74="NOT",#REF!="NOT"),"NOT",#REF!) -> #REF! | V59: =IF(AND(V60="NOT",V61="NOT",V62="NOT",V63="NOT",V64="NOT",V65="NOT",V66="NOT",V67="NOT",V68="NOT",V74="NOT",#REF!="NOT"),"NOT",#REF!) -> #REF!
N60: =TRUNC(J60*L60,2) -> 0 | T60: =IF(AND(($N60>0),ISBLANK(B60)),B60,"NOT") -> NOT | U60: =IF(AND(($N60>0),ISBLANK(F60)),F60,"NOT") -> NOT | V60: =IF(AND(($N60>0),ISBLANK(H60)),H60,"NOT") -> NOT | X60: =LEFT(F60,3)
N61: =TRUNC(J61*L61,2) -> 0 | T61: =IF(AND(($N61>0),ISBLANK(B61)),B61,"NOT") -> NOT | U61: =IF(AND(($N61>0),ISBLANK(F61)),F61,"NOT") -> NOT | V61: =IF(AND(($N61>0),ISBLANK(H61)),H61,"NOT") -> NOT | X61: =LEFT(F61,3)
N62: =TRUNC(J62*L62,2) -> 0 | T62: =IF(AND(($N62>0),ISBLANK(B62)),B62,"NOT") -> NOT | U62: =IF(AND(($N62>0),ISBLANK(F62)),F62,"NOT") -> NOT | V62: =IF(AND(($N62>0),ISBLANK(H62)),H62,"NOT") -> NOT | X62: =LEFT(F62,3)
N63: =TRUNC(J63*L63,2) -> 0 | T63: =IF(AND(($N63>0),ISBLANK(B63)),B63,"NOT") -> NOT | U63: =IF(AND(($N63>0),ISBLANK(F63)),F63,"NOT") -> NOT | V63: =IF(AND(($N63>0),ISBLANK(H63)),H63,"NOT") -> NOT | X63: =LEFT(F63,3)
N64: =TRUNC(J64*L64,2) -> 0 | T64: =IF(AND(($N64>0),ISBLANK(B64)),B64,"NOT") -> NOT | U64: =IF(AND(($N64>0),ISBLANK(F64)),F64,"NOT") -> NOT | V64: =IF(AND(($N64>0),ISBLANK(H64)),H64,"NOT") -> NOT | X64: =LEFT(F64,3)
N65: =TRUNC(J65*L65,2) -> 0 | T65: =IF(AND(($N65>0),ISBLANK(B65)),B65,"NOT") -> NOT | U65: =IF(AND(($N65>0),ISBLANK(F65)),F65,"NOT") -> NOT | V65: =IF(AND(($N65>0),ISBLANK(H65)),H65,"NOT") -> NOT | X65: =LEFT(F65,3)
N66: =TRUNC(J66*L66,2) -> 0 | T66: =IF(AND(($N66>0),ISBLANK(B66)),B66,"NOT") -> NOT | U66: =IF(AND(($N66>0),ISBLANK(F66)),F66,"NOT") -> NOT | V66: =IF(AND(($N66>0),ISBLANK(H66)),H66,"NOT") -> NOT | X66: =LEFT(F66,3)
N67: =TRUNC(J67*L67,2) -> 0 | T67: =IF(AND(($N67>0),ISBLANK(B67)),B67,"NOT") -> NOT | U67: =IF(AND(($N67>0),ISBLANK(F67)),F67,"NOT") -> NOT | V67: =IF(AND(($N67>0),ISBLANK(H67)),H67,"NOT") -> NOT | X67: =LEFT(F67,3)
N68: =TRUNC(J68*L68,2) -> 0 | T68: =IF(AND(($N68>0),ISBLANK(B68)),B68,"NOT") -> NOT | U68: =IF(AND(($N68>0),ISBLANK(F68)),F68,"NOT") -> NOT | V68: =IF(AND(($N68>0),ISBLANK(H68)),H68,"NOT") -> NOT | X68: =LEFT(F68,3)
N69: =TRUNC(J69*L69,2) -> 0
N70: =TRUNC(J70*L70,2) -> 0
N71: =TRUNC(J71*L71,2) -> 0
N72: =TRUNC(J72*L72,2) -> 0
N73: =TRUNC(J73*L73,2) -> 0
N74: =TRUNC(J74*L74,2) -> 0 | T74: =IF(AND(($N74>0),ISBLANK(B74)),B74,"NOT") -> NOT | U74: =IF(AND(($N74>0),ISBLANK(F74)),F74,"NOT") -> NOT | V74: =IF(AND(($N74>0),ISBLANK(H74)),H74,"NOT") -> NOT | X74: =LEFT(F74,3)
T76: =LEFT('1. General Data'!E25,5) -> Error | U76: =IF('7. Light Project budget summary'!P25>0,'7. Light Project budget summary'!P23/'7. Light Project budget summary'!P25,0) -> 0 | V76: min | W76: 1.2.2 | X76: 0.5
A77: 7 | B77: Infrastructure and works - up to 10% of the total budget per Light Partner | F77: =IF(N77>N3*0.1,"Infrastructure and works costs are not allowed to be above 10% of total project costs","Infrastructure and works costs OK") -> Infrastructure and works costs OK | L77: Total (EUR): | N77: =SUM(N82:N91) -> 0 | P77: =IF(N77=0,0%,N77/N$3) -> 0 | S77: =IF(T76=#REF!,IF(#REF!>#REF!,F77,0),IF(AND(OR(T76=W77,T76=#REF!,T76=W78),P77>X77),F77,0)) -> #REF! | T77: =IF(AND(T76=W76,U76<X76),H77,0) -> 0 | U77: =IF('7. Light Project budget summary'!P25>0,'7. Light Project budget summary'!P23/'7. Light Project budget summary'!P25,0) -> 0 | V77: max | W77: 2.1.2 | X77: 0.7
U78: =IF('7. Light Project budget summary'!P25>0,'7. Light Project budget summary'!P23/'7. Light Project budget summary'!P25,0) -> 0 | V78: max | W78: 2.2.3 | X78: 0.7
B81: Name of item | D81: Description (with location of works activities and required permits, if relevant) | F81: Light Project Activity | H81: Unit of measure | J81: Nr. of units | L81: Unit price (EUR) | N81: Amount (EUR) | T81: =IF(AND(T82="NOT",T83="NOT",T84="NOT",T85="NOT",T86="NOT",T87="NOT",T88="NOT",T89="NOT",T90="NOT",T91="NOT",#REF!="NOT"),"NOT",#REF!) -> #REF! | U81: =IF(AND(U82="NOT",U83="NOT",U84="NOT",U85="NOT",U86="NOT",U87="NOT",U88="NOT",U89="NOT",U90="NOT",U91="NOT",#REF!="NOT"),"NOT",#REF!) -> #REF! | V81: =IF(AND(V82="NOT",V83="NOT",V84="NOT",V85="NOT",V86="NOT",V87="NOT",V88="NOT",V89="NOT",V90="NOT",V91="NOT",#REF!="NOT"),"NOT",#REF!) -> #REF!
N82: =TRUNC(J82*L82,2) -> 0 | T82: =IF(AND(($N82>0),ISBLANK(B82)),B82,"NOT") -> NOT | U82: =IF(AND(($N82>0),ISBLANK(F82)),F82,"NOT") -> NOT | V82: =IF(AND(($N82>0),ISBLANK(H82)),H82,"NOT") -> NOT | X82: =LEFT(F82,3)
N83: =TRUNC(J83*L83,2) -> 0 | T83: =IF(AND(($N83>0),ISBLANK(B83)),B83,"NOT") -> NOT | U83: =IF(AND(($N83>0),ISBLANK(F83)),F83,"NOT") -> NOT | V83: =IF(AND(($N83>0),ISBLANK(H83)),H83,"NOT") -> NOT | X83: =LEFT(F83,3)
N84: =TRUNC(J84*L84,2) -> 0 | T84: =IF(AND(($N84>0),ISBLANK(B84)),B84,"NOT") -> NOT | U84: =IF(AND(($N84>0),ISBLANK(F84)),F84,"NOT") -> NOT | V84: =IF(AND(($N84>0),ISBLANK(H84)),H84,"NOT") -> NOT | X84: =LEFT(F84,3)
N85: =TRUNC(J85*L85,2) -> 0 | T85: =IF(AND(($N85>0),ISBLANK(B85)),B85,"NOT") -> NOT | U85: =IF(AND(($N85>0),ISBLANK(F85)),F85,"NOT") -> NOT | V85: =IF(AND(($N85>0),ISBLANK(H85)),H85,"NOT") -> NOT | X85: =LEFT(F85,3)
N86: =TRUNC(J86*L86,2) -> 0 | T86: =IF(AND(($N86>0),ISBLANK(B86)),B86,"NOT") -> NOT | U86: =IF(AND(($N86>0),ISBLANK(F86)),F86,"NOT") -> NOT | V86: =IF(AND(($N86>0),ISBLANK(H86)),H86,"NOT") -> NOT | X86: =LEFT(F86,3)
N87: =TRUNC(J87*L87,2) -> 0 | T87: =IF(AND(($N87>0),ISBLANK(B87)),B87,"NOT") -> NOT | U87: =IF(AND(($N87>0),ISBLANK(F87)),F87,"NOT") -> NOT | V87: =IF(AND(($N87>0),ISBLANK(H87)),H87,"NOT") -> NOT | X87: =LEFT(F87,3)
N88: =TRUNC(J88*L88,2) -> 0 | T88: =IF(AND(($N88>0),ISBLANK(B88)),B88,"NOT") -> NOT | U88: =IF(AND(($N88>0),ISBLANK(F88)),F88,"NOT") -> NOT | V88: =IF(AND(($N88>0),ISBLANK(H88)),H88,"NOT") -> NOT | X88: =LEFT(F88,3)
N89: =TRUNC(J89*L89,2) -> 0 | T89: =IF(AND(($N89>0),ISBLANK(B89)),B89,"NOT") -> NOT | U89: =IF(AND(($N89>0),ISBLANK(F89)),F89,"NOT") -> NOT | V89: =IF(AND(($N89>0),ISBLANK(H89)),H89,"NOT") -> NOT | X89: =LEFT(F89,3)
N90: =TRUNC(J90*L90,2) -> 0 | T90: =IF(AND(($N90>0),ISBLANK(B90)),B90,"NOT") -> NOT | U90: =IF(AND(($N90>0),ISBLANK(F90)),F90,"NOT") -> NOT | V90: =IF(AND(($N90>0),ISBLANK(H90)),H90,"NOT") -> NOT | X90: =LEFT(F90,3)
N91: =TRUNC(J91*L91,2) -> 0 | T91: =IF(AND(($N91>0),ISBLANK(B91)),B91,"NOT") -> NOT | U91: =IF(AND(($N91>0),ISBLANK(F91)),F91,"NOT") -> NOT | V91: =IF(AND(($N91>0),ISBLANK(H91)),H91,"NOT") -> NOT | X91: =LEFT(F91,3)
C95: =LEFT(F95,3) -> 1. | E95: =LEFT(H95,3) | F95: =CONCATENATE('4. Light Project Activities'!A18," ",'4. Light Project Activities'!B18) -> 1. Project management | N95: =SUMIF($X$6:$X$92,C95,$N$6:$N$92) -> 0
C96: =LEFT(F96,3) -> 2. | E96: =LEFT(H96,3) | F96: =CONCATENATE('4. Light Project Activities'!A19," ",'4. Light Project Activities'!B19) -> 2. Communication | N96: =SUMIF($X$6:$X$92,C96,$N$6:$N$92) -> 0
C97: =LEFT(F97,3) -> 3. | E97: =LEFT(H97,3) | F97: =CONCATENATE('4. Light Project Activities'!A20," ",'4. Light Project Activities'!B20) -> 3. Cooperation activity 1 | N97: =SUMIF($X$6:$X$92,C97,$N$6:$N$92) -> 0
C98: =LEFT(F98,3) -> 4. | E98: =LEFT(H98,3) | F98: =CONCATENATE('4. Light Project Activities'!A21," ",'4. Light Project Activities'!B21) -> 4. Cooperation activity 2 | N98: =SUMIF($X$6:$X$92,C98,$N$6:$N$92) -> 0
C99: =LEFT(F99,3) -> 5. | E99: =LEFT(H99,3) | F99: =CONCATENATE('4. Light Project Activities'!A22," ",'4. Light Project Activities'!B22) -> 5. Cooperation activity 3 | N99: =SUMIF($X$6:$X$92,C99,$N$6:$N$92) -> 0
C100: =LEFT(F100,3) -> 6. | E100: =LEFT(H100,3) | F100: =CONCATENATE('4. Light Project Activities'!A23," ",'4. Light Project Activities'!B23) -> 6. etc. | N100: =SUMIF($X$6:$X$92,C100,$N$6:$N$92) -> 0
C101: =LEFT(F101,3) -> 7. | E101: =LEFT(H101,3) | F101: =CONCATENATE('4. Light Project Activities'!A24," ",'4. Light Project Activities'!B24) -> 7. | N101: =SUMIF($X$6:$X$92,C101,$N$6:$N$92) -> 0
C102: =LEFT(F102,3) -> 8. | E102: =LEFT(H102,3) | F102: =CONCATENATE('4. Light Project Activities'!A25," ",'4. Light Project Activities'!B25) -> 8. | N102: =SUMIF($X$6:$X$92,C102,$N$6:$N$92) -> 0
C103: =LEFT(F103,3) -> 9. | E103: =LEFT(H103,3) | F103: =CONCATENATE('4. Light Project Activities'!A26," ",'4. Light Project Activities'!B26) -> 9. | N103: =SUMIF($X$6:$X$92,C103,$N$6:$N$92) -> 0
C104: =LEFT(F104,3) -> 10. | E104: =LEFT(H104,3) | F104: =CONCATENATE('4. Light Project Activities'!A27," ",'4. Light Project Activities'!B27) -> 10. | N104: =SUMIF($X$6:$X$92,C104,$N$6:$N$92) -> 0
C105: =LEFT(F105,3) -> 11. | E105: =LEFT(H105,3) | F105: =CONCATENATE('4. Light Project Activities'!A28," ",'4. Light Project Activities'!B28) -> 11. | N105: =SUMIF($X$6:$X$92,C105,$N$6:$N$92) -> 0
C106: =LEFT(F106,3) -> 12. | E106: =LEFT(H106,3) | F106: =CONCATENATE('4. Light Project Activities'!A29," ",'4. Light Project Activities'!B29) -> 12. | N106: =SUMIF($X$6:$X$92,C106,$N$6:$N$92) -> 0
C107: =LEFT(F107,3) | E107: =LEFT(H107,3) | N107: =SUMIF($X$6:$X$92,C107,$N$6:$N$92) -> 0
C108: =LEFT(F108,3) | E108: =LEFT(H108,3) | N108: =SUMIF($X$6:$X$92,C108,$N$6:$N$92) -> 0
C109: =LEFT(F109,3) | E109: =LEFT(H109,3) | N109: =SUMIF($X$6:$X$92,C109,$N$6:$N$92) -> 0
C110: =LEFT(F110,3) | E110: =LEFT(H110,3) | N110: =SUMIF($X$6:$X$92,C110,$N$6:$N$92) -> 0
C111: =LEFT(F111,3) | E111: =LEFT(H111,3) | N111: =SUMIF($X$6:$X$92,C111,$N$6:$N$92) -> 0
C112: =LEFT(F112,3) | E112: =LEFT(H112,3) | N112: =SUMIF($X$6:$X$92,C112,$N$6:$N$92) -> 0
C113: =LEFT(F113,3) | E113: =LEFT(H113,3) | N113: =SUMIF($X$6:$X$92,C113,$N$6:$N$92) -> 0
C114: =LEFT(F114,3) | E114: =LEFT(H114,3) | N114: =SUMIF($X$6:$X$92,C114,$N$6:$N$92) -> 0
C115: =LEFT(F115,3) | E115: =LEFT(H115,3) | N115: =SUMIF($X$6:$X$92,C115,$N$6:$N$92) -> 0
C116: =LEFT(F116,3) | E116: =LEFT(H116,3) | N116: =SUMIF($X$6:$X$92,C116,$N$6:$N$92) -> 0
C117: =LEFT(F117,3) | E117: =LEFT(H117,3) | N117: =SUMIF($X$6:$X$92,C117,$N$6:$N$92) -> 0
C118: =LEFT(F118,3) | E118: =LEFT(H118,3) | N118: =SUMIF($X$6:$X$92,C118,$N$6:$N$92) -> 0
D128: SME - The minimum amount of the budget of each SME in the Light Project is 30% of the total Light Project budget.
D129: R&D organisation - The maximum amount of the budget for each R&D organisation under Joint innovation between SMEs and R&D organisations is 20% of the total Light Project budget.

Sheet 6. Light Partner 4 budget - SME
A1: 8. Light Project budget per Light Partner | D1: =CONCATENATE("Light Partner 4 SME - ",'2. Light Partner 4 data - SME'!C5) -> Light Partner 4 SME - | T1: hibaüzenet feltételek | U1: hibaüzenet feltételek | V1: hibaüzenet feltételek
A3: ∑ | B3: TOTAL COSTS | F3: The budget of the Beneficiary is not complete! | L3: Total (EUR): | N3: =N5+N7+N9+N11+N31+N56+N77 -> 0 | P3: =IF(N$3=0,0%,N3/N$3) -> 0 | Q3: =IF(Q5>0,F3,0) -> #REF! | S3: =IF(AND(S5=R3,#REF!=R3,#REF!=R3,#REF!=R3)," ",F3) -> #REF!
A5: 1 | B5: Preparation costs | F5: Lump sum - amounts to 4 000 € of total eligible expenditure per Light Project | L5: Total (EUR): | N5: 0 | P5: =IF(N5=0,0%,N5/N$3) -> 0 | Q5: =SUM(Q6:Q93) -> #REF! | S5: =IF(P5>R5,F5,"")
A7: 2 | B7: Staff costs | F7: Staff costs are calculated as: 20% flat rate of direct costs - without works 10% flat rate of direct costs - in case of works | L7: Total (EUR): | N7: =IF(N77>0, 0.1*(N31+N56+N77), (N31+N56)*0.2) -> 0 | P7: =IF(N7=0,0%,N7/N$3) -> 0 | Q7: =IF(LEN(F7)>1,1,0) -> 1
A9: 3 | B9: Office and administrative expenditure | F9: Calculated as a flat rate of 15% of the staff costs | L9: Total (EUR): | N9: =N7*0.15 -> 0 | P9: =IF(N9=0,0%,N9/N$3) -> 0 | S9: =IF(P9>R9,F9,"") | T9: =IF(OR(P9>Q9,P9>R9),"Overhead costs shall not exceed 5 per cent of each partner’s total eligible budget and shall not exceed 25 per cent of the total staff costs in each partner’s budget!","")
A11: 4 | B11: Travel and accommodation costs | F11: Calculated as a flat rate of 15% of the staff costs | L11: Total (EUR): | N11: =N7*0.15 -> 0 | P11: =IF(N11=0,0%,N11/N$3) -> 0 | Q11: =IF(LEN(S11)>1,1,0) -> #REF! | S11: =IF(AND(#REF!>0,(#REF!+#REF!+#REF!)),F11,"") -> #REF!
B13: Detailed description, justification of the travel and accomodation costs. If necessary, specify the activities that will be performed outside the program area. Describe how these activities will benefit the Programme area. | T13: =IF(AND((#REF!>0),ISBLANK(B15)),B13,"NOT") -> #REF!
O15: ŰG
B17: Name of item | D17: Description | F17: Light Project Activity | H17: Contribution to the Light Project | T17: =IF(AND(T18="NOT",T19="NOT",T20="NOT",T21="NOT",T22="NOT",T23="NOT",T24="NOT",T25="NOT",T26="NOT",T27="NOT",T13="NOT"),"NOT",#REF!) -> #REF! | U17: =IF(AND(U18="NOT",U19="NOT",U20="NOT",U21="NOT",U22="NOT",U23="NOT",U24="NOT",U25="NOT",U26="NOT",U27="NOT",T13="NOT"),"NOT",#REF!) -> #REF! | V17: =IF(AND(V18="NOT",V19="NOT",V20="NOT",V21="NOT",V22="NOT",V23="NOT",V24="NOT",V25="NOT",V26="NOT",V27="NOT",T13="NOT"),"NOT",#REF!) -> #REF!
T18: =IF(AND(($N18>0),ISBLANK(B18)),B18,"NOT") -> NOT | U18: =IF(AND(($N18>0),ISBLANK(F18)),F18,"NOT") -> NOT | V18: =IF(AND(($N18>0),ISBLANK(H18)),H18,"NOT") -> NOT | X18: =LEFT(F18,3)
T19: =IF(AND(($N19>0),ISBLANK(B19)),B19,"NOT") -> NOT | U19: =IF(AND(($N19>0),ISBLANK(F19)),F19,"NOT") -> NOT | V19: =IF(AND(($N19>0),ISBLANK(H19)),H19,"NOT") -> NOT | X19: =LEFT(F19,3)
T20: =IF(AND(($N20>0),ISBLANK(B20)),B20,"NOT") -> NOT | U20: =IF(AND(($N20>0),ISBLANK(F20)),F20,"NOT") -> NOT | V20: =IF(AND(($N20>0),ISBLANK(H20)),H20,"NOT") -> NOT | X20: =LEFT(F20,3)
T21: =IF(AND(($N21>0),ISBLANK(B21)),B21,"NOT") -> NOT | U21: =IF(AND(($N21>0),ISBLANK(F21)),F21,"NOT") -> NOT | V21: =IF(AND(($N21>0),ISBLANK(H21)),H21,"NOT") -> NOT | X21: =LEFT(F21,3)
T22: =IF(AND((#REF!>0),ISBLANK(B22)),B22,"NOT") -> #REF! | U22: =IF(AND((#REF!>0),ISBLANK(F22)),F22,"NOT") -> #REF! | V22: =IF(AND((#REF!>0),ISBLANK(#REF!)),#REF!,"NOT") -> #REF! | X22: =LEFT(F22,3)
T23: =IF(AND(($N22>0),ISBLANK(B23)),B23,"NOT") -> NOT | U23: =IF(AND(($N22>0),ISBLANK(F23)),F23,"NOT") -> NOT | V23: =IF(AND(($N22>0),ISBLANK(H22)),H22,"NOT") -> NOT | X23: =LEFT(F23,3)
T24: =IF(AND(($N24>0),ISBLANK(B24)),B24,"NOT") -> NOT | U24: =IF(AND(($N24>0),ISBLANK(F24)),F24,"NOT") -> NOT | V24: =IF(AND(($N24>0),ISBLANK(H24)),H24,"NOT") -> NOT | X24: =LEFT(F24,3)
T25: =IF(AND(($N25>0),ISBLANK(B25)),B25,"NOT") -> NOT | U25: =IF(AND(($N25>0),ISBLANK(F25)),F25,"NOT") -> NOT | V25: =IF(AND(($N25>0),ISBLANK(H25)),H25,"NOT") -> NOT | X25: =LEFT(F25,3)
T26: =IF(AND(($N26>0),ISBLANK(B26)),B26,"NOT") -> NOT | U26: =IF(AND(($N26>0),ISBLANK(F26)),F26,"NOT") -> NOT | V26: =IF(AND(($N26>0),ISBLANK(H26)),H26,"NOT") -> NOT | X26: =LEFT(F26,3)
T27: =IF(AND(($N27>0),ISBLANK(B27)),B27,"NOT") -> NOT | U27: =IF(AND(($N27>0),ISBLANK(F27)),F27,"NOT") -> NOT | V27: =IF(AND(($N27>0),ISBLANK(H27)),H27,"NOT") -> NOT | X27: =LEFT(F27,3)
A31: 5 | B31: External expertise and services costs | F31: Calculated on real cost basis | L31: Total (EUR): | N31: =SUM(N35:N54) -> 0 | P31: =IF(N31=0,0%,N31/N$3) -> 0 | S31: =IF(P31>Q31,F31,"")
B34: Name of item | D34: Description | F34: Light Project Activity | H34: Unit of measure | J34: Nr. of units | L34: Unit price (EUR) | N34: Amount (EUR) | T34: =IF(AND(T35="NOT",T36="NOT",T37="NOT",#REF!="NOT"),"NOT",#REF!) -> #REF! | U34: =IF(AND(U35="NOT",U36="NOT",U37="NOT",#REF!="NOT"),"NOT",#REF!) -> #REF! | V34: =IF(AND(V35="NOT",V36="NOT",V37="NOT",#REF!="NOT"),"NOT",#REF!) -> #REF!
N35: =TRUNC(J35*L35,2) -> 0 | T35: =IF(AND(($N35>0),ISBLANK(B35)),B35,"NOT") -> NOT | U35: =IF(AND(($N35>0),ISBLANK(F35)),F35,"NOT") -> NOT | V35: =IF(AND(($N35>0),ISBLANK(H35)),H35,"NOT") -> NOT | X35: =LEFT(F35,3)
N36: =TRUNC(J36*L36,2) -> 0 | T36: =IF(AND(($N36>0),ISBLANK(B36)),B36,"NOT") -> NOT | U36: =IF(AND(($N36>0),ISBLANK(F36)),F36,"NOT") -> NOT | V36: =IF(AND(($N36>0),ISBLANK(H36)),H36,"NOT") -> NOT | X36: =LEFT(F36,3)
N37: =TRUNC(J37*L37,2) -> 0 | T37: =IF(AND(($N37>0),ISBLANK(B37)),B37,"NOT") -> NOT | U37: =IF(AND(($N37>0),ISBLANK(F37)),F37,"NOT") -> NOT | V37: =IF(AND(($N37>0),ISBLANK(H37)),H37,"NOT") -> NOT | X37: =LEFT(F37,3)
N38: =TRUNC(J38*L38,2) -> 0 | T38: =IF(AND(($N38>0),ISBLANK(B38)),B38,"NOT") -> NOT | U38: =IF(AND(($N38>0),ISBLANK(F38)),F38,"NOT") -> NOT | V38: =IF(AND(($N38>0),ISBLANK(H38)),H38,"NOT") -> NOT | X38: =LEFT(F38,3)
N39: =TRUNC(J39*L39,2) -> 0 | T39: =IF(AND(($N39>0),ISBLANK(B39)),B39,"NOT") -> NOT | U39: =IF(AND(($N39>0),ISBLANK(F39)),F39,"NOT") -> NOT | V39: =IF(AND(($N39>0),ISBLANK(H39)),H39,"NOT") -> NOT | X39: =LEFT(F39,3)
N40: =TRUNC(J40*L40,2) -> 0 | T40: =IF(AND(($N40>0),ISBLANK(B40)),B40,"NOT") -> NOT | U40: =IF(AND(($N40>0),ISBLANK(F40)),F40,"NOT") -> NOT | V40: =IF(AND(($N40>0),ISBLANK(H40)),H40,"NOT") -> NOT | X40: =LEFT(F40,3)
N41: =TRUNC(J41*L41,2) -> 0 | T41: =IF(AND(($N41>0),ISBLANK(B41)),B41,"NOT") -> NOT | U41: =IF(AND(($N41>0),ISBLANK(F41)),F41,"NOT") -> NOT | V41: =IF(AND(($N41>0),ISBLANK(H41)),H41,"NOT") -> NOT | X41: =LEFT(F41,3)
N42: =TRUNC(J42*L42,2) -> 0 | T42: =IF(AND(($N42>0),ISBLANK(B42)),B42,"NOT") -> NOT | U42: =IF(AND(($N42>0),ISBLANK(F42)),F42,"NOT") -> NOT | V42: =IF(AND(($N42>0),ISBLANK(H42)),H42,"NOT") -> NOT | X42: =LEFT(F42,3)
N43: =TRUNC(J43*L43,2) -> 0 | T43: =IF(AND(($N43>0),ISBLANK(B43)),B43,"NOT") -> NOT | U43: =IF(AND(($N43>0),ISBLANK(F43)),F43,"NOT") -> NOT | V43: =IF(AND(($N43>0),ISBLANK(H43)),H43,"NOT") -> NOT | X43: =LEFT(F43,3)
N44: =TRUNC(J44*L44,2) -> 0 | T44: =IF(AND(($N44>0),ISBLANK(B44)),B44,"NOT") -> NOT | U44: =IF(AND(($N44>0),ISBLANK(F44)),F44,"NOT") -> NOT | V44: =IF(AND(($N44>0),ISBLANK(H44)),H44,"NOT") -> NOT | X44: =LEFT(F44,3)
N45: =TRUNC(J45*L45,2) -> 0 | T45: =IF(AND(($N45>0),ISBLANK(B45)),B45,"NOT") -> NOT | U45: =IF(AND(($N45>0),ISBLANK(F45)),F45,"NOT") -> NOT | V45: =IF(AND(($N45>0),ISBLANK(H45)),H45,"NOT") -> NOT | X45: =LEFT(F45,3)
N46: =TRUNC(J46*L46,2) -> 0 | T46: =IF(AND(($N46>0),ISBLANK(B46)),B46,"NOT") -> NOT | U46: =IF(AND(($N46>0),ISBLANK(F46)),F46,"NOT") -> NOT | V46: =IF(AND(($N46>0),ISBLANK(H46)),H46,"NOT") -> NOT | X46: =LEFT(F46,3)
... N54: =TRUNC(J54*L54,2) -> 0 | T54: =IF(AND(($N54>0),ISBLANK(B54)),B54,"NOT") -> NOT | U54: =IF(AND(($N54>0),ISBLANK(F54)),F54,"NOT") -> NOT | V54: =IF(AND(($N54>0),ISBLANK(H54)),H54,"NOT") -> NOT | X54: =LEFT(F54,3)
A56: 6 | B56: Equipment expenditure | F56: Calculated on real cost basis | L56: Total (EUR): | N56: =SUM(N60:N74) -> 0 | P56: =IF(N56=0,0%,N56/N$3) -> 0 | S56: =IF(AND(T76=#REF!,#REF!>#REF!),F56,0) -> #REF! | T56: =IF(AND(T76=#REF!,#REF!>#REF!),F56,0) -> #REF! | U56: =IF('7. Light Project budget summary'!P25>0,('7. Light Project budget summary'!P23+'7. Light Project budget summary'!P21)/'7. Light Project budget summary'!P25,0) -> 0 | V56: max with equipments | W56: 2.1.3 | X56: 0.7
B59: Name of item (special technical needs e.g. training, warranty, installation have to be described here - if any) | D59: Description | F59: Light Project Activity | H59: Unit of measure | J59: Nr. of units | L59: Unit price (EUR) | N59: Amount (EUR) | T59: =IF(AND(T60="NOT",T61="NOT",T62="NOT",T63="NOT",T64="NOT",T65="NOT",T66="NOT",T67="NOT",T68="NOT",T74="NOT",#REF!="NOT"),"NOT",#REF!) -> #REF! | U59: =IF(AND(U60="NOT",U61="NOT",U62="NOT",U63="NOT",U64="NOT",U65="NOT",U66="NOT",U67="NOT",U68="NOT",U74="NOT",#REF!="NOT"),"NOT",#REF!) -> #REF! | V59: =IF(AND(V60="NOT",V61="NOT",V62="NOT",V63="NOT",V64="NOT",V65="NOT",V66="NOT",V67="NOT",V68="NOT",V74="NOT",#REF!="NOT"),"NOT",#REF!) -> #REF!
N60: =TRUNC(J60*L60,2) -> 0 | T60: =IF(AND(($N60>0),ISBLANK(B60)),B60,"NOT") -> NOT | U60: =IF(AND(($N60>0),ISBLANK(F60)),F60,"NOT") -> NOT | V60: =IF(AND(($N60>0),ISBLANK(H60)),H60,"NOT") -> NOT | X60: =LEFT(F60,3)
N61: =TRUNC(J61*L61,2) -> 0 | T61: =IF(AND(($N61>0),ISBLANK(B61)),B61,"NOT") -> NOT | U61: =IF(AND(($N61>0),ISBLANK(F61)),F61,"NOT") -> NOT | V61: =IF(AND(($N61>0),ISBLANK(H61)),H61,"NOT") -> NOT | X61: =LEFT(F61,3)
N62: =TRUNC(J62*L62,2) -> 0 | T62: =IF(AND(($N62>0),ISBLANK(B62)),B62,"NOT") -> NOT | U62: =IF(AND(($N62>0),ISBLANK(F62)),F62,"NOT") -> NOT | V62: =IF(AND(($N62>0),ISBLANK(H62)),H62,"NOT") -> NOT | X62: =LEFT(F62,3)
N63: =TRUNC(J63*L63,2) -> 0 | T63: =IF(AND(($N63>0),ISBLANK(B63)),B63,"NOT") -> NOT | U63: =IF(AND(($N63>0),ISBLANK(F63)),F63,"NOT") -> NOT | V63: =IF(AND(($N63>0),ISBLANK(H63)),H63,"NOT") -> NOT | X63: =LEFT(F63,3)
N64: =TRUNC(J64*L64,2) -> 0 | T64: =IF(AND(($N64>0),ISBLANK(B64)),B64,"NOT") -> NOT | U64: =IF(AND(($N64>0),ISBLANK(F64)),F64,"NOT") -> NOT | V64: =IF(AND(($N64>0),ISBLANK(H64)),H64,"NOT") -> NOT | X64: =LEFT(F64,3)
N65: =TRUNC(J65*L65,2) -> 0 | T65: =IF(AND(($N65>0),ISBLANK(B65)),B65,"NOT") -> NOT | U65: =IF(AND(($N65>0),ISBLANK(F65)),F65,"NOT") -> NOT | V65: =IF(AND(($N65>0),ISBLANK(H65)),H65,"NOT") -> NOT | X65: =LEFT(F65,3)
N66: =TRUNC(J66*L66,2) -> 0 | T66: =IF(AND(($N66>0),ISBLANK(B66)),B66,"NOT") -> NOT | U66: =IF(AND(($N66>0),ISBLANK(F66)),F66,"NOT") -> NOT | V66: =IF(AND(($N66>0),ISBLANK(H66)),H66,"NOT") -> NOT | X66: =LEFT(F66,3)
N67: =TRUNC(J67*L67,2) -> 0 | T67: =IF(AND(($N67>0),ISBLANK(B67)),B67,"NOT") -> NOT | U67: =IF(AND(($N67>0),ISBLANK(F67)),F67,"NOT") -> NOT | V67: =IF(AND(($N67>0),ISBLANK(H67)),H67,"NOT") -> NOT | X67: =LEFT(F67,3)
N68: =TRUNC(J68*L68,2) -> 0 | T68: =IF(AND(($N68>0),ISBLANK(B68)),B68,"NOT") -> NOT | U68: =IF(AND(($N68>0),ISBLANK(F68)),F68,"NOT") -> NOT | V68: =IF(AND(($N68>0),ISBLANK(H68)),H68,"NOT") -> NOT | X68: =LEFT(F68,3)
N69: =TRUNC(J69*L69,2) -> 0
N70: =TRUNC(J70*L70,2) -> 0
N71: =TRUNC(J71*L71,2) -> 0
N72: =TRUNC(J72*L72,2) -> 0
N73: =TRUNC(J73*L73,2) -> 0
N74: =TRUNC(J74*L74,2) -> 0 | T74: =IF(AND(($N74>0),ISBLANK(B74)),B74,"NOT") -> NOT | U74: =IF(AND(($N74>0),ISBLANK(F74)),F74,"NOT") -> NOT | V74: =IF(AND(($N74>0),ISBLANK(H74)),H74,"NOT") -> NOT | X74: =LEFT(F74,3)
T76: =LEFT('1. General Data'!E25,5) -> Error | U76: =IF('7. Light Project budget summary'!P25>0,'7. Light Project budget summary'!P23/'7. Light Project budget summary'!P25,0) -> 0 | V76: min | W76: 1.2.2 | X76: 0.5
A77: 7 | B77: Infrastructure and works - up to 10% of the total budget per Light Partner | F77: =IF(N77>N3*0.1,"Infrastructure and works costs are not allowed to be above 10% of total project costs","Infrastructure and works costs OK") -> Infrastructure and works costs OK | L77: Total (EUR): | N77: =SUM(N82:N91) -> 0 | P77: =IF(N77=0,0%,N77/N$3) -> 0 | S77: =IF(T76=#REF!,IF(#REF!>#REF!,F77,0),IF(AND(OR(T76=W77,T76=#REF!,T76=W78),P77>X77),F77,0)) -> #REF! | T77: =IF(AND(T76=W76,U76<X76),H77,0) -> 0 | U77: =IF('7. Light Project budget summary'!P25>0,'7. Light Project budget summary'!P23/'7. Light Project budget summary'!P25,0) -> 0 | V77: max | W77: 2.1.2 | X77: 0.7
U78: =IF('7. Light Project budget summary'!P25>0,'7. Light Project budget summary'!P23/'7. Light Project budget summary'!P25,0) -> 0 | V78: max | W78: 2.2.3 | X78: 0.7
B81: Name of item | D81: Description (with location of works activities and required permits, if relevant) | F81: Light Project Activity | H81: Unit of measure | J81: Nr. of units | L81: Unit price (EUR) | N81: Amount (EUR) | T81: =IF(AND(T82="NOT",T83="NOT",T84="NOT",T85="NOT",T86="NOT",T87="NOT",T88="NOT",T89="NOT",T90="NOT",T91="NOT",#REF!="NOT"),"NOT",#REF!) -> #REF! | U81: =IF(AND(U82="NOT",U83="NOT",U84="NOT",U85="NOT",U86="NOT",U87="NOT",U88="NOT",U89="NOT",U90="NOT",U91="NOT",#REF!="NOT"),"NOT",#REF!) -> #REF! | V81: =IF(AND(V82="NOT",V83="NOT",V84="NOT",V85="NOT",V86="NOT",V87="NOT",V88="NOT",V89="NOT",V90="NOT",V91="NOT",#REF!="NOT"),"NOT",#REF!) -> #REF!
N82: =TRUNC(J82*L82,2) -> 0 | T82: =IF(AND(($N82>0),ISBLANK(B82)),B82,"NOT") -> NOT | U82: =IF(AND(($N82>0),ISBLANK(F82)),F82,"NOT") -> NOT | V82: =IF(AND(($N82>0),ISBLANK(H82)),H82,"NOT") -> NOT | X82: =LEFT(F82,3)
N83: =TRUNC(J83*L83,2) -> 0 | T83: =IF(AND(($N83>0),ISBLANK(B83)),B83,"NOT") -> NOT | U83: =IF(AND(($N83>0),ISBLANK(F83)),F83,"NOT") -> NOT | V83: =IF(AND(($N83>0),ISBLANK(H83)),H83,"NOT") -> NOT | X83: =LEFT(F83,3)
N84: =TRUNC(J84*L84,2) -> 0 | T84: =IF(AND(($N84>0),ISBLANK(B84)),B84,"NOT") -> NOT | U84: =IF(AND(($N84>0),ISBLANK(F84)),F84,"NOT") -> NOT | V84: =IF(AND(($N84>0),ISBLANK(H84)),H84,"NOT") -> NOT | X84: =LEFT(F84,3)
N85: =TRUNC(J85*L85,2) -> 0 | T85: =IF(AND(($N85>0),ISBLANK(B85)),B85,"NOT") -> NOT | U85: =IF(AND(($N85>0),ISBLANK(F85)),F85,"NOT") -> NOT | V85: =IF(AND(($N85>0),ISBLANK(H85)),H85,"NOT") -> NOT | X85: =LEFT(F85,3)
N86: =TRUNC(J86*L86,2) -> 0 | T86: =IF(AND(($N86>0),ISBLANK(B86)),B86,"NOT") -> NOT | U86: =IF(AND(($N86>0),ISBLANK(F86)),F86,"NOT") -> NOT | V86: =IF(AND(($N86>0),ISBLANK(H86)),H86,"NOT") -> NOT | X86: =LEFT(F86,3)
N87: =TRUNC(J87*L87,2) -> 0 | T87: =IF(AND(($N87>0),ISBLANK(B87)),B87,"NOT") -> NOT | U87: =IF(AND(($N87>0),ISBLANK(F87)),F87,"NOT") -> NOT | V87: =IF(AND(($N87>0),ISBLANK(H87)),H87,"NOT") -> NOT | X87: =LEFT(F87,3)
N88: =TRUNC(J88*L88,2) -> 0 | T88: =IF(AND(($N88>0),ISBLANK(B88)),B88,"NOT") -> NOT | U88: =IF(AND(($N88>0),ISBLANK(F88)),F88,"NOT") -> NOT | V88: =IF(AND(($N88>0),ISBLANK(H88)),H88,"NOT") -> NOT | X88: =LEFT(F88,3)
N89: =TRUNC(J89*L89,2) -> 0 | T89: =IF(AND(($N89>0),ISBLANK(B89)),B89,"NOT") -> NOT | U89: =IF(AND(($N89>0),ISBLANK(F89)),F89,"NOT") -> NOT | V89: =IF(AND(($N89>0),ISBLANK(H89)),H89,"NOT") -> NOT | X89: =LEFT(F89,3)
N90: =TRUNC(J90*L90,2) -> 0 | T90: =IF(AND(($N90>0),ISBLANK(B90)),B90,"NOT") -> NOT | U90: =IF(AND(($N90>0),ISBLANK(F90)),F90,"NOT") -> NOT | V90: =IF(AND(($N90>0),ISBLANK(H90)),H90,"NOT") -> NOT | X90: =LEFT(F90,3)
N91: =TRUNC(J91*L91,2) -> 0 | T91: =IF(AND(($N91>0),ISBLANK(B91)),B91,"NOT") -> NOT | U91: =IF(AND(($N91>0),ISBLANK(F91)),F91,"NOT") -> NOT | V91: =IF(AND(($N91>0),ISBLANK(H91)),H91,"NOT") -> NOT | X91: =LEFT(F91,3)
C95: =LEFT(F95,3) -> 1. | E95: =LEFT(H95,3) | F95: =CONCATENATE('4. Light Project Activities'!A18," ",'4. Light Project Activities'!B18) -> 1. Project management | N95: =SUMIF($X$6:$X$92,C95,$N$6:$N$92) -> 0
C96: =LEFT(F96,3) -> 2. | E96: =LEFT(H96,3) | F96: =CONCATENATE('4. Light Project Activities'!A19," ",'4. Light Project Activities'!B19) -> 2. Communication | N96: =SUMIF($X$6:$X$92,C96,$N$6:$N$92) -> 0
C97: =LEFT(F97,3) -> 3. | E97: =LEFT(H97,3) | F97: =CONCATENATE('4. Light Project Activities'!A20," ",'4. Light Project Activities'!B20) -> 3. Cooperation activity 1 | N97: =SUMIF($X$6:$X$92,C97,$N$6:$N$92) -> 0
C98: =LEFT(F98,3) -> 4. | E98: =LEFT(H98,3) | F98: =CONCATENATE('4. Light Project Activities'!A21," ",'4. Light Project Activities'!B21) -> 4. Cooperation activity 2 | N98: =SUMIF($X$6:$X$92,C98,$N$6:$N$92) -> 0
C99: =LEFT(F99,3) -> 5. | E99: =LEFT(H99,3) | F99: =CONCATENATE('4. Light Project Activities'!A22," ",'4. Light Project Activities'!B22) -> 5. Cooperation activity 3 | N99: =SUMIF($X$6:$X$92,C99,$N$6:$N$92) -> 0
C100: =LEFT(F100,3) -> 6. | E100: =LEFT(H100,3) | F100: =CONCATENATE('4. Light Project Activities'!A23," ",'4. Light Project Activities'!B23) -> 6. etc. | N100: =SUMIF($X$6:$X$92,C100,$N$6:$N$92) -> 0
C101: =LEFT(F101,3) -> 7. | E101: =LEFT(H101,3) | F101: =CONCATENATE('4. Light Project Activities'!A24," ",'4. Light Project Activities'!B24) -> 7. | N101: =SUMIF($X$6:$X$92,C101,$N$6:$N$92) -> 0
C102: =LEFT(F102,3) -> 8. | E102: =LEFT(H102,3) | F102: =CONCATENATE('4. Light Project Activities'!A25," ",'4. Light Project Activities'!B25) -> 8. | N102: =SUMIF($X$6:$X$92,C102,$N$6:$N$92) -> 0
C103: =LEFT(F103,3) -> 9. | E103: =LEFT(H103,3) | F103: =CONCATENATE('4. Light Project Activities'!A26," ",'4. Light Project Activities'!B26) -> 9. | N103: =SUMIF($X$6:$X$92,C103,$N$6:$N$92) -> 0
C104: =LEFT(F104,3) -> 10. | E104: =LEFT(H104,3) | F104: =CONCATENATE('4. Light Project Activities'!A27," ",'4. Light Project Activities'!B27) -> 10. | N104: =SUMIF($X$6:$X$92,C104,$N$6:$N$92) -> 0
C105: =LEFT(F105,3) -> 11. | E105: =LEFT(H105,3) | F105: =CONCATENATE('4. Light Project Activities'!A28," ",'4. Light Project Activities'!B28) -> 11. | N105: =SUMIF($X$6:$X$92,C105,$N$6:$N$92) -> 0
C106: =LEFT(F106,3) -> 12. | E106: =LEFT(H106,3) | F106: =CONCATENATE('4. Light Project Activities'!A29," ",'4. Light Project Activities'!B29) -> 12. | N106: =SUMIF($X$6:$X$92,C106,$N$6:$N$92) -> 0
C107: =LEFT(F107,3) | E107: =LEFT(H107,3) | N107: =SUMIF($X$6:$X$92,C107,$N$6:$N$92) -> 0
C108: =LEFT(F108,3) | E108: =LEFT(H108,3) | N108: =SUMIF($X$6:$X$92,C108,$N$6:$N$92) -> 0
C109: =LEFT(F109,3) | E109: =LEFT(H109,3) | N109: =SUMIF($X$6:$X$92,C109,$N$6:$N$92) -> 0
C110: =LEFT(F110,3) | E110: =LEFT(H110,3) | N110: =SUMIF($X$6:$X$92,C110,$N$6:$N$92) -> 0
C111: =LEFT(F111,3) | E111: =LEFT(H111,3) | N111: =SUMIF($X$6:$X$92,C111,$N$6:$N$92) -> 0
C112: =LEFT(F112,3) | E112: =LEFT(H112,3) | N112: =SUMIF($X$6:$X$92,C112,$N$6:$N$92) -> 0
C113: =LEFT(F113,3) | E113: =LEFT(H113,3) | N113: =SUMIF($X$6:$X$92,C113,$N$6:$N$92) -> 0
C114: =LEFT(F114,3) | E114: =LEFT(H114,3) | N114: =SUMIF($X$6:$X$92,C114,$N$6:$N$92) -> 0
C115: =LEFT(F115,3) | E115: =LEFT(H115,3) | N115: =SUMIF($X$6:$X$92,C115,$N$6:$N$92) -> 0
C116: =LEFT(F116,3) | E116: =LEFT(H116,3) | N116: =SUMIF($X$6:$X$92,C116,$N$6:$N$92) -> 0
C117: =LEFT(F117,3) | E117: =LEFT(H117,3) | N117: =SUMIF($X$6:$X$92,C117,$N$6:$N$92) -> 0
C118: =LEFT(F118,3) | E118: =LEFT(H118,3) | N118: =SUMIF($X$6:$X$92,C118,$N$6:$N$92) -> 0
D128: SME - The minimum amount of the budget of each SME in the Light Project is 30% of the total Light Project budget.
D129: R&D organisation - The maximum amount of the budget for each R&D organisation under Joint innovation between SMEs and R&D organisations is 20% of the total Light Project budget.

Sheet 6. Light Partner 3 budget - R&D
A1: 8. Light Project budget per Light Partner | D1: =CONCATENATE("Light Partner 5 R&D - ",'2. Light Partner 3 data - R&D'!C5) -> Light Partner 5 R&D - | T1: hibaüzenet feltételek | U1: hibaüzenet feltételek | V1: hibaüzenet feltételek
A3: ∑ | B3: TOTAL COSTS | F3: The budget of the Beneficiary is not complete! | L3: Total (EUR): | N3: =N5+N29 -> 0 | P3: =IF(N$3=0,0%,N3/N$3) -> 0 | Q3: =IF(#REF!>0,F3,0) -> #REF! | S3: =IF(AND(#REF!=R3,#REF!=R3,#REF!=R3,#REF!=R3)," ",F3) -> #REF!
A5: 1 | B5: Staff costs | F5: Calculated on real cost basis | L5: Total (EUR): | N5: =SUM(N11:N25) -> 0 | P5: =IF(N5=0,0%,N5/N$3) -> 0 | S5: =IF(AND(T27=#REF!,#REF!>#REF!),F5,0) -> #REF! | T5: =IF(AND(T27=#REF!,#REF!>#REF!),F5,0) -> #REF! | U5: =IF('[1]7. Light Project budget summary'!#REF!>0,('[1]7. Light Project budget summary'!#REF!+'[1]7. Light Project budget summary'!#REF!)/'[1]7. Light Project budget summary'!#REF!,0) -> #REF! | V5: max with equipments | W5: 2.1.3 | X5: 0.7
T7: =LEFT('[1]1. General Data'!#REF!,5) -> #REF! | U7: =IF('[1]7. Light Project budget summary'!#REF!>0,'[1]7. Light Project budget summary'!#REF!/'[1]7. Light Project budget summary'!#REF!,0) -> #REF! | V7: min | W7: 1.2.2 | X7: 0.5
O8: ŰG
B10: Name of item (special technical needs e.g. training, warranty, installation have to be described here - if any) | D10: Description | F10: Light Project Activity | H10: Unit of measure | J10: Nr. of units | L10: Unit price (EUR) | N10: Amount (EUR) | T10: =IF(AND(T11="NOT",T12="NOT",T13="NOT",T14="NOT",T15="NOT",T16="NOT",T17="NOT",T18="NOT",T19="NOT",T25="NOT",#REF!="NOT"),"NOT",#REF!) -> #REF! | U10: =IF(AND(U11="NOT",U12="NOT",U13="NOT",U14="NOT",U15="NOT",U16="NOT",U17="NOT",U18="NOT",U19="NOT",U25="NOT",#REF!="NOT"),"NOT",#REF!) -> #REF! | V10: =IF(AND(V11="NOT",V12="NOT",V13="NOT",V14="NOT",V15="NOT",V16="NOT",V17="NOT",V18="NOT",V19="NOT",V25="NOT",#REF!="NOT"),"NOT",#REF!) -> #REF!
N11: =TRUNC(J11*L11,2) -> 0 | T11: =IF(AND(($N11>0),ISBLANK(B11)),B11,"NOT") -> NOT | U11: =IF(AND(($N11>0),ISBLANK(F11)),F11,"NOT") -> NOT | V11: =IF(AND(($N11>0),ISBLANK(H11)),H11,"NOT") -> NOT | X11: =LEFT(F11,3)
N12: =TRUNC(J12*L12,2) -> 0 | T12: =IF(AND(($N12>0),ISBLANK(B12)),B12,"NOT") -> NOT | U12: =IF(AND(($N12>0),ISBLANK(F12)),F12,"NOT") -> NOT | V12: =IF(AND(($N12>0),ISBLANK(H12)),H12,"NOT") -> NOT | X12: =LEFT(F12,3)
N13: =TRUNC(J13*L13,2) -> 0 | T13: =IF(AND(($N13>0),ISBLANK(B13)),B13,"NOT") -> NOT | U13: =IF(AND(($N13>0),ISBLANK(F13)),F13,"NOT") -> NOT | V13: =IF(AND(($N13>0),ISBLANK(H13)),H13,"NOT") -> NOT | X13: =LEFT(F13,3)
N14: =TRUNC(J14*L14,2) -> 0 | T14: =IF(AND(($N14>0),ISBLANK(B14)),B14,"NOT") -> NOT | U14: =IF(AND(($N14>0),ISBLANK(F14)),F14,"NOT") -> NOT | V14: =IF(AND(($N14>0),ISBLANK(H14)),H14,"NOT") -> NOT | X14: =LEFT(F14,3)
N15: =TRUNC(J15*L15,2) -> 0 | T15: =IF(AND(($N15>0),ISBLANK(B15)),B15,"NOT") -> NOT | U15: =IF(AND(($N15>0),ISBLANK(F15)),F15,"NOT") -> NOT | V15: =IF(AND(($N15>0),ISBLANK(H15)),H15,"NOT") -> NOT | X15: =LEFT(F15,3)
N16: =TRUNC(J16*L16,2) -> 0 | T16: =IF(AND(($N16>0),ISBLANK(B16)),B16,"NOT") -> NOT | U16: =IF(AND(($N16>0),ISBLANK(F16)),F16,"NOT") -> NOT | V16: =IF(AND(($N16>0),ISBLANK(H16)),H16,"NOT") -> NOT | X16: =LEFT(F16,3)
N17: =TRUNC(J17*L17,2) -> 0 | T17: =IF(AND(($N17>0),ISBLANK(B17)),B17,"NOT") -> NOT | U17: =IF(AND(($N17>0),ISBLANK(F17)),F17,"NOT") -> NOT | V17: =IF(AND(($N17>0),ISBLANK(H17)),H17,"NOT") -> NOT | X17: =LEFT(F17,3)
N18: =TRUNC(J18*L18,2) -> 0 | T18: =IF(AND(($N18>0),ISBLANK(B18)),B18,"NOT") -> NOT | U18: =IF(AND(($N18>0),ISBLANK(F18)),F18,"NOT") -> NOT | V18: =IF(AND(($N18>0),ISBLANK(H18)),H18,"NOT") -> NOT | X18: =LEFT(F18,3)
N19: =TRUNC(J19*L19,2) -> 0 | T19: =IF(AND(($N19>0),ISBLANK(B19)),B19,"NOT") -> NOT | U19: =IF(AND(($N19>0),ISBLANK(F19)),F19,"NOT") -> NOT | V19: =IF(AND(($N19>0),ISBLANK(H19)),H19,"NOT") -> NOT | X19: =LEFT(F19,3)
N20: =TRUNC(J20*L20,2) -> 0
N21: =TRUNC(J21*L21,2) -> 0
N22: =TRUNC(J22*L22,2) -> 0
N23: =TRUNC(J23*L23,2) -> 0
N24: =TRUNC(J24*L24,2) -> 0
N25: =TRUNC(J25*L25,2) -> 0 | T25: =IF(AND(($N25>0),ISBLANK(B25)),B25,"NOT") -> NOT | U25: =IF(AND(($N25>0),ISBLANK(F25)),F25,"NOT") -> NOT | V25: =IF(AND(($N25>0),ISBLANK(H25)),H25,"NOT") -> NOT | X25: =LEFT(F25,3)
T27: =LEFT('[1]1. General Data'!#REF!,5) -> #REF! | U27: =IF('[1]7. Light Project budget summary'!#REF!>0,'[1]7. Light Project budget summary'!#REF!/'[1]7. Light Project budget summary'!#REF!,0) -> #REF! | V27: min | W27: 1.2.2 | X27: 0.5
A29: 3 | B29: Other costs | F29: Calculated as a flat rate of 40% of the staff costs | L29: Total (EUR): | N29: =N5*0.4 -> 0 | P29: =IF(N29=0,0%,N29/N$3) -> 0 | S29: =IF(P29>R29,F29,"") | T29: =IF(OR(P29>Q29,P29>R29),"Overhead costs shall not exceed 5 per cent of each partner’s total eligible budget and shall not exceed 25 per cent of the total staff costs in each partner’s budget!","")
B31: Detailed description, justification of the travel and accomodation costs. If necessary, specify the activities that will be performed outside the program area. Describe how these activities will benefit the Programme area. | T31: =IF(AND((#REF!>0),ISBLANK(B33)),B31,"NOT") -> #REF!
B33: A 40% flat rate is calculated for covering all other cost categories: Office and administrative costs, Travel and accommodation costs, External expertise and services costs, Equipment costs and Small-scale infrastructure costs | O33: ŰG
B35: Name of item | D35: Description | F35: Light Project Activity | H35: Contribution to the Light Project | T35: =IF(AND(T36="NOT",T37="NOT",T38="NOT",T39="NOT",T40="NOT",T41="NOT",T42="NOT",T43="NOT",T44="NOT",T45="NOT",T31="NOT"),"NOT",#REF!) -> #REF! | U35: =IF(AND(U36="NOT",U37="NOT",U38="NOT",U39="NOT",U40="NOT",U41="NOT",U42="NOT",U43="NOT",U44="NOT",U45="NOT",T31="NOT"),"NOT",#REF!) -> #REF! | V35: =IF(AND(V36="NOT",V37="NOT",V38="NOT",V39="NOT",V40="NOT",V41="NOT",V42="NOT",V43="NOT",V44="NOT",V45="NOT",T31="NOT"),"NOT",#REF!) -> #REF!
T36: =IF(AND(($N36>0),ISBLANK(B36)),B36,"NOT") -> NOT | U36: =IF(AND(($N36>0),ISBLANK(F36)),F36,"NOT") -> NOT | V36: =IF(AND(($N36>0),ISBLANK(H36)),H36,"NOT") -> NOT | X36: =LEFT(F36,3)
T37: =IF(AND(($N37>0),ISBLANK(B37)),B37,"NOT") -> NOT | U37: =IF(AND(($N37>0),ISBLANK(F37)),F37,"NOT") -> NOT | V37: =IF(AND(($N37>0),ISBLANK(H37)),H37,"NOT") -> NOT | X37: =LEFT(F37,3)
T38: =IF(AND(($N38>0),ISBLANK(B38)),B38,"NOT") -> NOT | U38: =IF(AND(($N38>0),ISBLANK(F38)),F38,"NOT") -> NOT | V38: =IF(AND(($N38>0),ISBLANK(H38)),H38,"NOT") -> NOT | X38: =LEFT(F38,3)
T39: =IF(AND(($N39>0),ISBLANK(B39)),B39,"NOT") -> NOT | U39: =IF(AND(($N39>0),ISBLANK(F39)),F39,"NOT") -> NOT | V39: =IF(AND(($N39>0),ISBLANK(H39)),H39,"NOT") -> NOT | X39: =LEFT(F39,3)
T40: =IF(AND((#REF!>0),ISBLANK(B40)),B40,"NOT") -> #REF! | U40: =IF(AND((#REF!>0),ISBLANK(F40)),F40,"NOT") -> #REF! | V40: =IF(AND((#REF!>0),ISBLANK(#REF!)),#REF!,"NOT") -> #REF! | X40: =LEFT(F40,3)
T41: =IF(AND(($N40>0),ISBLANK(B41)),B41,"NOT") -> NOT | U41: =IF(AND(($N40>0),ISBLANK(F41)),F41,"NOT") -> NOT | V41: =IF(AND(($N40>0),ISBLANK(H40)),H40,"NOT") -> NOT | X41: =LEFT(F41,3)
T42: =IF(AND(($N42>0),ISBLANK(B42)),B42,"NOT") -> NOT | U42: =IF(AND(($N42>0),ISBLANK(F42)),F42,"NOT") -> NOT | V42: =IF(AND(($N42>0),ISBLANK(H42)),H42,"NOT") -> NOT | X42: =LEFT(F42,3)
T43: =IF(AND(($N43>0),ISBLANK(B43)),B43,"NOT") -> NOT | U43: =IF(AND(($N43>0),ISBLANK(F43)),F43,"NOT") -> NOT | V43: =IF(AND(($N43>0),ISBLANK(H43)),H43,"NOT") -> NOT | X43: =LEFT(F43,3)
T44: =IF(AND(($N44>0),ISBLANK(B44)),B44,"NOT") -> NOT | U44: =IF(AND(($N44>0),ISBLANK(F44)),F44,"NOT") -> NOT | V44: =IF(AND(($N44>0),ISBLANK(H44)),H44,"NOT") -> NOT | X44: =LEFT(F44,3)
T45: =IF(AND(($N45>0),ISBLANK(B45)),B45,"NOT") -> NOT | U45: =IF(AND(($N45>0),ISBLANK(F45)),F45,"NOT") -> NOT | V45: =IF(AND(($N45>0),ISBLANK(H45)),H45,"NOT") -> NOT | X45: =LEFT(F45,3)
C51: =LEFT(F51,3) -> 1. | E51: =LEFT(H51,3) | F51: =CONCATENATE('[1]4. Light Project Activities'!A14," ",'[1]4. Light Project Activities'!B14) -> 1. Project management | N51: =SUMIF($X$5:$X$48,C51,$N$5:$N$48) -> 0
C52: =LEFT(F52,3) -> 2. | E52: =LEFT(H52,3) | F52: =CONCATENATE('[1]4. Light Project Activities'!A15," ",'[1]4. Light Project Activities'!B15) -> 2. Communication | N52: =SUMIF($X$5:$X$48,C52,$N$5:$N$48) -> 0
C53: =LEFT(F53,3) -> 3. | E53: =LEFT(H53,3) | F53: =CONCATENATE('[1]4. Light Project Activities'!A16," ",'[1]4. Light Project Activities'!B16) -> 3. Cooperation activity 1 | N53: =SUMIF($X$5:$X$48,C53,$N$5:$N$48) -> 0
C54: =LEFT(F54,3) -> 4. | E54: =LEFT(H54,3) | F54: =CONCATENATE('[1]4. Light Project Activities'!A17," ",'[1]4. Light Project Activities'!B17) -> 4. Cooperation activity 2 | N54: =SUMIF($X$5:$X$48,C54,$N$5:$N$48) -> 0
C55: =LEFT(F55,3) -> 5. | E55: =LEFT(H55,3) | F55: =CONCATENATE('[1]4. Light Project Activities'!A18," ",'[1]4. Light Project Activities'!B18) -> 5. Cooperation activity 3 | N55: =SUMIF($X$5:$X$48,C55,$N$5:$N$48) -> 0
C56: =LEFT(F56,3) -> 6. | E56: =LEFT(H56,3) | F56: =CONCATENATE('[1]4. Light Project Activities'!A19," ",'[1]4. Light Project Activities'!B19) -> 6. etc. | N56: =SUMIF($X$5:$X$48,C56,$N$5:$N$48) -> 0
C57: =LEFT(F57,3) -> 7. | E57: =LEFT(H57,3) | F57: =CONCATENATE('[1]4. Light Project Activities'!A20," ",'[1]4. Light Project Activities'!B20) -> 7. | N57: =SUMIF($X$5:$X$48,C57,$N$5:$N$48) -> 0
C58: =LEFT(F58,3) -> 8. | E58: =LEFT(H58,3) | F58: =CONCATENATE('[1]4. Light Project Activities'!A21," ",'[1]4. Light Project Activities'!B21) -> 8. | N58: =SUMIF($X$5:$X$48,C58,$N$5:$N$48) -> 0
C59: =LEFT(F59,3) -> 9. | E59: =LEFT(H59,3) | F59: =CONCATENATE('[1]4. Light Project Activities'!A22," ",'[1]4. Light Project Activities'!B22) -> 9. | N59: =SUMIF($X$5:$X$48,C59,$N$5:$N$48) -> 0
C60: =LEFT(F60,3) -> 10. | E60: =LEFT(H60,3) | F60: =CONCATENATE('[1]4. Light Project Activities'!A23," ",'[1]4. Light Project Activities'!B23) -> 10. | N60: =SUMIF($X$5:$X$48,C60,$N$5:$N$48) -> 0
C61: =LEFT(F61,3) -> 11. | E61: =LEFT(H61,3) | F61: =CONCATENATE('[1]4. Light Project Activities'!A24," ",'[1]4. Light Project Activities'!B24) -> 11. | N61: =SUMIF($X$5:$X$48,C61,$N$5:$N$48) -> 0
C62: =LEFT(F62,3) -> 12. | E62: =LEFT(H62,3) | F62: =CONCATENATE('[1]4. Light Project Activities'!A25," ",'[1]4. Light Project Activities'!B25) -> 12. | N62: =SUMIF($X$5:$X$48,C62,$N$5:$N$48) -> 0
C63: =LEFT(F63,3) | E63: =LEFT(H63,3) | N63: =SUMIF($X$5:$X$48,C63,$N$5:$N$48) -> 0
C64: =LEFT(F64,3) | E64: =LEFT(H64,3) | N64: =SUMIF($X$5:$X$48,C64,$N$5:$N$48) -> 0
C65: =LEFT(F65,3) | E65: =LEFT(H65,3) | N65: =SUMIF($X$5:$X$48,C65,$N$5:$N$48) -> 0
C66: =LEFT(F66,3) | E66: =LEFT(H66,3) | N66: =SUMIF($X$5:$X$48,C66,$N$5:$N$48) -> 0
C67: =LEFT(F67,3) | E67: =LEFT(H67,3) | N67: =SUMIF($X$5:$X$48,C67,$N$5:$N$48) -> 0
C68: =LEFT(F68,3) | E68: =LEFT(H68,3) | N68: =SUMIF($X$5:$X$48,C68,$N$5:$N$48) -> 0
C69: =LEFT(F69,3) | E69: =LEFT(H69,3) | N69: =SUMIF($X$5:$X$48,C69,$N$5:$N$48) -> 0
C70: =LEFT(F70,3) | E70: =LEFT(H70,3) | N70: =SUMIF($X$5:$X$48,C70,$N$5:$N$48) -> 0
C71: =LEFT(F71,3) | E71: =LEFT(H71,3) | N71: =SUMIF($X$5:$X$48,C71,$N$5:$N$48) -> 0
C72: =LEFT(F72,3) | E72: =LEFT(H72,3) | N72: =SUMIF($X$5:$X$48,C72,$N$5:$N$48) -> 0
C73: =LEFT(F73,3) | E73: =LEFT(H73,3) | N73: =SUMIF($X$5:$X$48,C73,$N$5:$N$48) -> 0
C74: =LEFT(F74,3) | E74: =LEFT(H74,3) | N74: =SUMIF($X$5:$X$48,C74,$N$5:$N$48) -> 0
D84: SME - The minimum amount of the budget of each SME in the Light Project is 30% of the total Light Project budget.
D85: R&D organisation - The maximum amount of the budget for each R&D organisation under Joint innovation between SMEs and R&D organisations is 20% of the total Light Project budget.

Sheet 6. Light Partner 4 budget - R&D
A1: 8. Light Project budget per Light Partner | D1: =CONCATENATE("Light Partner 6 R&D - ",'2. Light Partner 3 data - R&D'!C5) -> Light Partner 6 R&D - | T1: hibaüzenet feltételek | U1: hibaüzenet feltételek | V1: hibaüzenet feltételek
A3: ∑ | B3: TOTAL COSTS | F3: The budget of the Beneficiary is not complete! | L3: Total (EUR): | N3: =N5+N29 -> 0 | P3: =IF(N$3=0,0%,N3/N$3) -> 0 | Q3: =IF(#REF!>0,F3,0) -> #REF! | S3: =IF(AND(#REF!=R3,#REF!=R3,#REF!=R3,#REF!=R3)," ",F3) -> #REF!
A5: 1 | B5: Staff costs | F5: Calculated on real cost basis | L5: Total (EUR): | N5: =SUM(N11:N25) -> 0 | P5: =IF(N5=0,0%,N5/N$3) -> 0 | S5: =IF(AND(T27=#REF!,#REF!>#REF!),F5,0) -> #REF! | T5: =IF(AND(T27=#REF!,#REF!>#REF!),F5,0) -> #REF! | U5: =IF('[1]7. Light Project budget summary'!#REF!>0,('[1]7. Light Project budget summary'!#REF!+'[1]7. Light Project budget summary'!#REF!)/'[1]7. Light Project budget summary'!#REF!,0) -> #REF! | V5: max with equipments | W5: 2.1.3 | X5: 0.7
T7: =LEFT('[1]1. General Data'!#REF!,5) -> #REF! | U7: =IF('[1]7. Light Project budget summary'!#REF!>0,'[1]7. Light Project budget summary'!#REF!/'[1]7. Light Project budget summary'!#REF!,0) -> #REF! | V7: min | W7: 1.2.2 | X7: 0.5
O8: ŰG
B10: Name of item (special technical needs e.g. training, warranty, installation have to be described here - if any) | D10: Description | F10: Light Project Activity | H10: Unit of measure | J10: Nr. of units | L10: Unit price (EUR) | N10: Amount (EUR) | T10: =IF(AND(T11="NOT",T12="NOT",T13="NOT",T14="NOT",T15="NOT",T16="NOT",T17="NOT",T18="NOT",T19="NOT",T25="NOT",#REF!="NOT"),"NOT",#REF!) -> #REF! | U10: =IF(AND(U11="NOT",U12="NOT",U13="NOT",U14="NOT",U15="NOT",U16="NOT",U17="NOT",U18="NOT",U19="NOT",U25="NOT",#REF!="NOT"),"NOT",#REF!) -> #REF! | V10: =IF(AND(V11="NOT",V12="NOT",V13="NOT",V14="NOT",V15="NOT",V16="NOT",V17="NOT",V18="NOT",V19="NOT",V25="NOT",#REF!="NOT"),"NOT",#REF!) -> #REF!
N11: =TRUNC(J11*L11,2) -> 0 | T11: =IF(AND(($N11>0),ISBLANK(B11)),B11,"NOT") -> NOT | U11: =IF(AND(($N11>0),ISBLANK(F11)),F11,"NOT") -> NOT | V11: =IF(AND(($N11>0),ISBLANK(H11)),H11,"NOT") -> NOT | X11: =LEFT(F11,3)
N12: =TRUNC(J12*L12,2) -> 0 | T12: =IF(AND(($N12>0),ISBLANK(B12)),B12,"NOT") -> NOT | U12: =IF(AND(($N12>0),ISBLANK(F12)),F12,"NOT") -> NOT | V12: =IF(AND(($N12>0),ISBLANK(H12)),H12,"NOT") -> NOT | X12: =LEFT(F12,3)
N13: =TRUNC(J13*L13,2) -> 0 | T13: =IF(AND(($N13>0),ISBLANK(B13)),B13,"NOT") -> NOT | U13: =IF(AND(($N13>0),ISBLANK(F13)),F13,"NOT") -> NOT | V13: =IF(AND(($N13>0),ISBLANK(H13)),H13,"NOT") -> NOT | X13: =LEFT(F13,3)
N14: =TRUNC(J14*L14,2) -> 0 | T14: =IF(AND(($N14>0),ISBLANK(B14)),B14,"NOT") -> NOT | U14: =IF(AND(($N14>0),ISBLANK(F14)),F14,"NOT") -> NOT | V14: =IF(AND(($N14>0),ISBLANK(H14)),H14,"NOT") -> NOT | X14: =LEFT(F14,3)
N15: =TRUNC(J15*L15,2) -> 0 | T15: =IF(AND(($N15>0),ISBLANK(B15)),B15,"NOT") -> NOT | U15: =IF(AND(($N15>0),ISBLANK(F15)),F15,"NOT") -> NOT | V15: =IF(AND(($N15>0),ISBLANK(H15)),H15,"NOT") -> NOT | X15: =LEFT(F15,3)
N16: =TRUNC(J16*L16,2) -> 0 | T16: =IF(AND(($N16>0),ISBLANK(B16)),B16,"NOT") -> NOT | U16: =IF(AND(($N16>0),ISBLANK(F16)),F16,"NOT") -> NOT | V16: =IF(AND(($N16>0),ISBLANK(H16)),H16,"NOT") -> NOT | X16: =LEFT(F16,3)
N17: =TRUNC(J17*L17,2) -> 0 | T17: =IF(AND(($N17>0),ISBLANK(B17)),B17,"NOT") -> NOT | U17: =IF(AND(($N17>0),ISBLANK(F17)),F17,"NOT") -> NOT | V17: =IF(AND(($N17>0),ISBLANK(H17)),H17,"NOT") -> NOT | X17: =LEFT(F17,3)
N18: =TRUNC(J18*L18,2) -> 0 | T18: =IF(AND(($N18>0),ISBLANK(B18)),B18,"NOT") -> NOT | U18: =IF(AND(($N18>0),ISBLANK(F18)),F18,"NOT") -> NOT | V18: =IF(AND(($N18>0),ISBLANK(H18)),H18,"NOT") -> NOT | X18: =LEFT(F18,3)
N19: =TRUNC(J19*L19,2) -> 0 | T19: =IF(AND(($N19>0),ISBLANK(B19)),B19,"NOT") -> NOT | U19: =IF(AND(($N19>0),ISBLANK(F19)),F19,"NOT") -> NOT | V19: =IF(AND(($N19>0),ISBLANK(H19)),H19,"NOT") -> NOT | X19: =LEFT(F19,3)
N20: =TRUNC(J20*L20,2) -> 0
N21: =TRUNC(J21*L21,2) -> 0
N22: =TRUNC(J22*L22,2) -> 0
N23: =TRUNC(J23*L23,2) -> 0
N24: =TRUNC(J24*L24,2) -> 0
N25: =TRUNC(J25*L25,2) -> 0 | T25: =IF(AND(($N25>0),ISBLANK(B25)),B25,"NOT") -> NOT | U25: =IF(AND(($N25>0),ISBLANK(F25)),F25,"NOT") -> NOT | V25: =IF(AND(($N25>0),ISBLANK(H25)),H25,"NOT") -> NOT | X25: =LEFT(F25,3)
T27: =LEFT('[1]1. General Data'!#REF!,5) -> #REF! | U27: =IF('[1]7. Light Project budget summary'!#REF!>0,'[1]7. Light Project budget summary'!#REF!/'[1]7. Light Project budget summary'!#REF!,0) -> #REF! | V27: min | W27: 1.2.2 | X27: 0.5
A29: 2 | B29: Other costs | F29: Calculated as a flat rate of 40% of the staff costs | L29: Total (EUR): | N29: =N5*0.4 -> 0 | P29: =IF(N29=0,0%,N29/N$3) -> 0 | S29: =IF(P29>R29,F29,"") | T29: =IF(OR(P29>Q29,P29>R29),"Overhead costs shall not exceed 5 per cent of each partner’s total eligible budget and shall not exceed 25 per cent of the total staff costs in each partner’s budget!","")
B31: Detailed description, justification of the travel and accomodation costs. If necessary, specify the activities that will be performed outside the program area. Describe how these activities will benefit the Programme area. | T31: =IF(AND((#REF!>0),ISBLANK(B33)),B31,"NOT") -> #REF!
B33: A 40% flat rate is calculated for covering all other cost categories: Office and administrative costs, Travel and accommodation costs, External expertise and services costs, Equipment costs and Small-scale infrastructure costs | O33: ŰG
B35: Name of item | D35: Description | F35: Light Project Activity | H35: Contribution to the Light Project | T35: =IF(AND(T36="NOT",T37="NOT",T38="NOT",T39="NOT",T40="NOT",T41="NOT",T42="NOT",T43="NOT",T44="NOT",T45="NOT",T31="NOT"),"NOT",#REF!) -> #REF! | U35: =IF(AND(U36="NOT",U37="NOT",U38="NOT",U39="NOT",U40="NOT",U41="NOT",U42="NOT",U43="NOT",U44="NOT",U45="NOT",T31="NOT"),"NOT",#REF!) -> #REF! | V35: =IF(AND(V36="NOT",V37="NOT",V38="NOT",V39="NOT",V40="NOT",V41="NOT",V42="NOT",V43="NOT",V44="NOT",V45="NOT",T31="NOT"),"NOT",#REF!) -> #REF!
T36: =IF(AND(($N36>0),ISBLANK(B36)),B36,"NOT") -> NOT | U36: =IF(AND(($N36>0),ISBLANK(F36)),F36,"NOT") -> NOT | V36: =IF(AND(($N36>0),ISBLANK(H36)),H36,"NOT") -> NOT | X36: =LEFT(F36,3)
T37: =IF(AND(($N37>0),ISBLANK(B37)),B37,"NOT") -> NOT | U37: =IF(AND(($N37>0),ISBLANK(F37)),F37,"NOT") -> NOT | V37: =IF(AND(($N37>0),ISBLANK(H37)),H37,"NOT") -> NOT | X37: =LEFT(F37,3)
T38: =IF(AND(($N38>0),ISBLANK(B38)),B38,"NOT") -> NOT | U38: =IF(AND(($N38>0),ISBLANK(F38)),F38,"NOT") -> NOT | V38: =IF(AND(($N38>0),ISBLANK(H38)),H38,"NOT") -> NOT | X38: =LEFT(F38,3)
T39: =IF(AND(($N39>0),ISBLANK(B39)),B39,"NOT") -> NOT | U39: =IF(AND(($N39>0),ISBLANK(F39)),F39,"NOT") -> NOT | V39: =IF(AND(($N39>0),ISBLANK(H39)),H39,"NOT") -> NOT | X39: =LEFT(F39,3)
T40: =IF(AND((#REF!>0),ISBLANK(B40)),B40,"NOT") -> #REF! | U40: =IF(AND((#REF!>0),ISBLANK(F40)),F40,"NOT") -> #REF! | V40: =IF(AND((#REF!>0),ISBLANK(#REF!)),#REF!,"NOT") -> #REF! | X40: =LEFT(F40,3)
T41: =IF(AND(($N40>0),ISBLANK(B41)),B41,"NOT") -> NOT | U41: =IF(AND(($N40>0),ISBLANK(F41)),F41,"NOT") -> NOT | V41: =IF(AND(($N40>0),ISBLANK(H40)),H40,"NOT") -> NOT | X41: =LEFT(F41,3)
T42: =IF(AND(($N42>0),ISBLANK(B42)),B42,"NOT") -> NOT | U42: =IF(AND(($N42>0),ISBLANK(F42)),F42,"NOT") -> NOT | V42: =IF(AND(($N42>0),ISBLANK(H42)),H42,"NOT") -> NOT | X42: =LEFT(F42,3)
T43: =IF(AND(($N43>0),ISBLANK(B43)),B43,"NOT") -> NOT | U43: =IF(AND(($N43>0),ISBLANK(F43)),F43,"NOT") -> NOT | V43: =IF(AND(($N43>0),ISBLANK(H43)),H43,"NOT") -> NOT | X43: =LEFT(F43,3)
T44: =IF(AND(($N44>0),ISBLANK(B44)),B44,"NOT") -> NOT | U44: =IF(AND(($N44>0),ISBLANK(F44)),F44,"NOT") -> NOT | V44: =IF(AND(($N44>0),ISBLANK(H44)),H44,"NOT") -> NOT | X44: =LEFT(F44,3)
T45: =IF(AND(($N45>0),ISBLANK(B45)),B45,"NOT") -> NOT | U45: =IF(AND(($N45>0),ISBLANK(F45)),F45,"NOT") -> NOT | V45: =IF(AND(($N45>0),ISBLANK(H45)),H45,"NOT") -> NOT | X45: =LEFT(F45,3)
C51: =LEFT(F51,3) -> 1. | E51: =LEFT(H51,3) | F51: =CONCATENATE('[1]4. Light Project Activities'!A14," ",'[1]4. Light Project Activities'!B14) -> 1. Project management | N51: =SUMIF($X$5:$X$48,C51,$N$5:$N$48) -> 0
C52: =LEFT(F52,3) -> 2. | E52: =LEFT(H52,3) | F52: =CONCATENATE('[1]4. Light Project Activities'!A15," ",'[1]4. Light Project Activities'!B15) -> 2. Communication | N52: =SUMIF($X$5:$X$48,C52,$N$5:$N$48) -> 0
C53: =LEFT(F53,3) -> 3. | E53: =LEFT(H53,3) | F53: =CONCATENATE('[1]4. Light Project Activities'!A16," ",'[1]4. Light Project Activities'!B16) -> 3. Cooperation activity 1 | N53: =SUMIF($X$5:$X$48,C53,$N$5:$N$48) -> 0
C54: =LEFT(F54,3) -> 4. | E54: =LEFT(H54,3) | F54: =CONCATENATE('[1]4. Light Project Activities'!A17," ",'[1]4. Light Project Activities'!B17) -> 4. Cooperation activity 2 | N54: =SUMIF($X$5:$X$48,C54,$N$5:$N$48) -> 0
C55: =LEFT(F55,3) -> 5. | E55: =LEFT(H55,3) | F55: =CONCATENATE('[1]4. Light Project Activities'!A18," ",'[1]4. Light Project Activities'!B18) -> 5. Cooperation activity 3 | N55: =SUMIF($X$5:$X$48,C55,$N$5:$N$48) -> 0
C56: =LEFT(F56,3) -> 6. | E56: =LEFT(H56,3) | F56: =CONCATENATE('[1]4. Light Project Activities'!A19," ",'[1]4. Light Project Activities'!B19) -> 6. etc. | N56: =SUMIF($X$5:$X$48,C56,$N$5:$N$48) -> 0
C57: =LEFT(F57,3) -> 7. | E57: =LEFT(H57,3) | F57: =CONCATENATE('[1]4. Light Project Activities'!A20," ",'[1]4. Light Project Activities'!B20) -> 7. | N57: =SUMIF($X$5:$X$48,C57,$N$5:$N$48) -> 0
C58: =LEFT(F58,3) -> 8. | E58: =LEFT(H58,3) | F58: =CONCATENATE('[1]4. Light Project Activities'!A21," ",'[1]4. Light Project Activities'!B21) -> 8. | N58: =SUMIF($X$5:$X$48,C58,$N$5:$N$48) -> 0
C59: =LEFT(F59,3) -> 9. | E59: =LEFT(H59,3) | F59: =CONCATENATE('[1]4. Light Project Activities'!A22," ",'[1]4. Light Project Activities'!B22) -> 9. | N59: =SUMIF($X$5:$X$48,C59,$N$5:$N$48) -> 0
C60: =LEFT(F60,3) -> 10. | E60: =LEFT(H60,3) | F60: =CONCATENATE('[1]4. Light Project Activities'!A23," ",'[1]4. Light Project Activities'!B23) -> 10. | N60: =SUMIF($X$5:$X$48,C60,$N$5:$N$48) -> 0
C61: =LEFT(F61,3) -> 11. | E61: =LEFT(H61,3) | F61: =CONCATENATE('[1]4. Light Project Activities'!A24," ",'[1]4. Light Project Activities'!B24) -> 11. | N61: =SUMIF($X$5:$X$48,C61,$N$5:$N$48) -> 0
C62: =LEFT(F62,3) -> 12. | E62: =LEFT(H62,3) | F62: =CONCATENATE('[1]4. Light Project Activities'!A25," ",'[1]4. Light Project Activities'!B25) -> 12. | N62: =SUMIF($X$5:$X$48,C62,$N$5:$N$48) -> 0
C63: =LEFT(F63,3) | E63: =LEFT(H63,3) | N63: =SUMIF($X$5:$X$48,C63,$N$5:$N$48) -> 0
C64: =LEFT(F64,3) | E64: =LEFT(H64,3) | N64: =SUMIF($X$5:$X$48,C64,$N$5:$N$48) -> 0
C65: =LEFT(F65,3) | E65: =LEFT(H65,3) | N65: =SUMIF($X$5:$X$48,C65,$N$5:$N$48) -> 0
C66: =LEFT(F66,3) | E66: =LEFT(H66,3) | N66: =SUMIF($X$5:$X$48,C66,$N$5:$N$48) -> 0
C67: =LEFT(F67,3) | E67: =LEFT(H67,3) | N67: =SUMIF($X$5:$X$48,C67,$N$5:$N$48) -> 0
C68: =LEFT(F68,3) | E68: =LEFT(H68,3) | N68: =SUMIF($X$5:$X$48,C68,$N$5:$N$48) -> 0
C69: =LEFT(F69,3) | E69: =LEFT(H69,3) | N69: =SUMIF($X$5:$X$48,C69,$N$5:$N$48) -> 0
C70: =LEFT(F70,3) | E70: =LEFT(H70,3) | N70: =SUMIF($X$5:$X$48,C70,$N$5:$N$48) -> 0
C71: =LEFT(F71,3) | E71: =LEFT(H71,3) | N71: =SUMIF($X$5:$X$48,C71,$N$5:$N$48) -> 0
C72: =LEFT(F72,3) | E72: =LEFT(H72,3) | N72: =SUMIF($X$5:$X$48,C72,$N$5:$N$48) -> 0
C73: =LEFT(F73,3) | E73: =LEFT(H73,3) | N73: =SUMIF($X$5:$X$48,C73,$N$5:$N$48) -> 0
C74: =LEFT(F74,3) | E74: =LEFT(H74,3) | N74: =SUMIF($X$5:$X$48,C74,$N$5:$N$48) -> 0
D84: SME - The minimum amount of the budget of each SME in the Light Project is 30% of the total Light Project budget.
D85: R&D organisation - The maximum amount of the budget for each R&D organisation under Joint innovation between SMEs and R&D organisations is 20% of the total Light Project budget.

Sheet 7. Light Project budget summary
A1: 9. Light Project budget summary
B3: HUHR/2402/ | D3: ='1. General Data'!C9 -> 0
A7: Budget lines | P7: Total Light Project
D8: Light Partner 1 - SME | F8: Light Partner 2 - SME | H8: Light Partner 3 - SME | J8: Light Partner 4 - SME | L8: Light Partner 3 - R&D | N8: Light Partner 4 - R&D | P8: Amount (EUR) | R8: Share (%)
D9: ='2. Light Partner 1 data - SME'!$C$9 -> 0 | F9: ='2. Light Partner 2 data - SME'!$C$9 -> 0 | H9: ='2. Light Partner 3 data - SME'!$C$9 -> 0 | J9: ='2. Light Partner 4 data - SME'!$C$9 -> 0 | L9: ='2. Light Partner 3 data - R&D'!$C$9 -> 0 | N9: ='2. Light Partner 4 data - R&D'!$C$9 -> 0
A11: 1 | B11: ='6. Light Partner 1 budget - SME'!B5 -> Preparation costs | D11: ='6. Light Partner 1 budget - SME'!$N5 -> 0 | E11: ='6. Light Partner 1 budget - SME'!$N5 -> 0 | F11: ='6. Light Partner 2 budget - SME'!$N5 -> 0 | G11: =#REF! -> #REF! | H11: ='6. Light Partner 3 budget - SME'!$N5 -> 0 | I11: =#REF! -> #REF! | J11: ='6. Light Partner 4 budget - SME'!$N5 -> 0 | L11: ='6. Light Partner 3 budget - SME'!$N5 -> 0 | M11: =#REF! -> #REF! | N11: ='6. Light Partner 4 budget - SME'!$N5 -> 0 | P11: =D11+F11+H11+J11+L11+N11 -> 0 | R11: =IF(P$25=0,0%,P11/P$25) -> 0
A13: 2 | B13: ='6. Light Partner 1 budget - SME'!B7 -> Staff costs | D13: ='6. Light Partner 1 budget - SME'!$N7 -> 0 | E13: =SUM(#REF!) -> #REF! | F13: ='6. Light Partner 2 budget - SME'!$N7 -> 0 | G13: =SUM(#REF!) -> #REF! | H13: ='6. Light Partner 3 budget - SME'!$N7 -> 0 | I13: =SUM(#REF!) -> #REF! | J13: ='6. Light Partner 4 budget - SME'!$N7 -> 0 | L13: ='6. Light Partner 3 budget - SME'!$N7 -> 0 | M13: =SUM(#REF!) -> #REF! | N13: ='6. Light Partner 4 budget - SME'!$N7 -> 0 | P13: =D13+F13+H13+J13+L13+N13 -> 0 | R13: =IF(P$25=0,0%,P13/P$25) -> 0
A15: 3 | B15: ='6. Light Partner 1 budget - SME'!B9 -> Office and administrative expenditure | D15: ='6. Light Partner 1 budget - SME'!$N9 -> 0 | E15: ='6. Light Partner 1 budget - SME'!$N9 -> 0 | F15: ='6. Light Partner 1 budget - SME'!$N9 -> 0 | G15: ='6. Light Partner 1 budget - SME'!$N9 -> 0 | H15: ='6. Light Partner 1 budget - SME'!$N9 -> 0 | I15: ='6. Light Partner 1 budget - SME'!$N9 -> 0 | J15: ='6. Light Partner 1 budget - SME'!$N9 -> 0 | L15: ='6. Light Partner 1 budget - SME'!$N9 -> 0 | M15: ='6. Light Partner 1 budget - SME'!$N9 -> 0 | N15: ='6. Light Partner 1 budget - SME'!$N9 -> 0 | P15: =D15+F15+H15+J15+L15+N15 -> 0 | R15: =IF(P$25=0,0%,P15/P$25) -> 0
A17: 4 | B17: ='6. Light Partner 1 budget - SME'!B11 -> Travel and accommodation costs | D17: ='6. Light Partner 1 budget - SME'!$N11 -> 0 | F17: ='6. Light Partner 2 budget - SME'!$N11 -> 0 | H17: ='6. Light Partner 3 budget - SME'!$N11 -> 0 | J17: ='6. Light Partner 1 budget - SME'!$N11 -> 0 | L17: ='6. Light Partner 3 budget - SME'!$N11 -> 0 | N17: ='6. Light Partner 1 budget - SME'!$N11 -> 0 | P17: =D17+F17+H17+J17+L17+N17 -> 0 | R17: =IF(P$25=0,0%,P17/P$25) -> 0
A19: 5 | B19: ='6. Light Partner 1 budget - SME'!B31 -> External expertise and services costs | D19: ='6. Light Partner 1 budget - SME'!$N31 -> 0 | F19: ='6. Light Partner 2 budget - SME'!$N31 -> 0 | H19: ='6. Light Partner 3 budget - SME'!$N31 -> 0 | J19: ='6. Light Partner 1 budget - SME'!$N31 -> 0 | L19: ='6. Light Partner 3 budget - SME'!$N31 -> 0 | N19: ='6. Light Partner 1 budget - SME'!$N31 -> 0 | P19: =D19+F19+H19+J19+L19+N19 -> 0 | R19: =IF(P$25=0,0%,P19/P$25) -> 0
A21: 6 | B21: ='6. Light Partner 1 budget - SME'!B56 -> Equipment expenditure | D21: ='6. Light Partner 1 budget - SME'!$N56 -> 0 | F21: ='6. Light Partner 2 budget - SME'!$N56 -> 0 | H21: ='6. Light Partner 3 budget - SME'!$N56 -> 0 | J21: ='6. Light Partner 1 budget - SME'!$N56 -> 0 | L21: ='6. Light Partner 3 budget - SME'!$N56 -> 0 | N21: ='6. Light Partner 1 budget - SME'!$N56 -> 0 | P21: =D21+F21+H21+J21+L21+N21 -> 0 | R21: =IF(P$25=0,0%,P21/P$25) -> 0
A23: 7 | B23: ='6. Light Partner 1 budget - SME'!B77 -> Infrastructure and works - up to 10% of the total budget per Light Partner | D23: ='6. Light Partner 1 budget - SME'!$N77 -> 0 | E23: ='6. Light Partner 1 budget - SME'!$N77 -> 0 | F23: ='6. Light Partner 1 budget - SME'!$N77 -> 0 | G23: ='6. Light Partner 1 budget - SME'!$N77 -> 0 | H23: ='6. Light Partner 1 budget - SME'!$N77 -> 0 | I23: ='6. Light Partner 1 budget - SME'!$N77 -> 0 | J23: ='6. Light Partner 1 budget - SME'!$N77 -> 0 | L23: ='6. Light Partner 1 budget - SME'!$N77 -> 0 | M23: ='6. Light Partner 1 budget - SME'!$N77 -> 0 | N23: ='6. Light Partner 1 budget - SME'!$N77 -> 0 | P23: =D23+F23+H23+J23 -> 0 | R23: =IF(P$25=0,0%,P23/P$25) -> 0
A25: TOTAL COSTS (own contribution included) | D25: =D23+D21+D19+D17+D15+D13+D11 -> 0 | F25: =F23+F21+F19+F17+F15+F13+F11 -> 0 | H25: =H23+H21+H19+H17+H15+H13+H11 -> 0 | J25: =J23+J21+J19+J17+J15+J13+J11 -> 0 | L25: =L23+L21+L19+L17+L15+L13+L11 -> 0 | N25: =N23+N21+N19+N17+N15+N13+N11 -> 0 | P25: =P11+P13+P15+P17+P19+P21+P23 -> 0 | R25: =IF(P$25=0,0%,P25/P$25) -> 0
A27: Share (%) | D27: =IF($P$25=0,0%,D25/$P$25) -> 0 | F27: =IF($P$25=0,0%,F25/$P$25) -> 0 | H27: =IF($P$25=0,0%,H25/$P$25) -> 0 | J27: =IF($P$25=0,0%,J25/$P$25) -> 0 | L27: =IF($P$25=0,0%,L25/$P$25) -> 0 | N27: =IF($P$25=0,0%,N25/$P$25) -> 0 | R27: =IF(P$25=0,0%,P25/P$25) -> 0

Sheet 8. Sources of funding
A1: 10. Sources of funding
D3: ='1. General Data'!C9 -> 0
C7: Light Partner 1 - SME | G7: Light Partner 2 - SME | K7: Light Partner 3 - SME | O7: Light Partner 4 - SME | S7: Light Partner 3 - R&D | W7: Light Partner 4 - R&D | AA7: Total project
A9: Official name of the organization | C9: ='2. Light Partner 1 data - SME'!C5 -> 0 | G9: ='2. Light Partner 2 data - SME'!C5 -> 0 | K9: ='2. Light Partner 3 data - SME'!C5 -> 0 | O9: ='2. Light Partner 4 data - SME'!C5 -> 0 | S9: ='2. Light Partner 3 data - R&D'!C5 -> 0 | W9: ='2. Light Partner 4 data - R&D'!C5 -> 0
A11: Country | C11: ='2. Light Partner 1 data - SME'!$C33 -> 0 | G11: ='2. Light Partner 2 data - SME'!$C33 -> 0 | K11: ='2. Light Partner 3 data - SME'!$C33 -> 0 | O11: ='2. Light Partner 4 data - SME'!$C33 -> 0 | S11: ='2. Light Partner 3 data - R&D'!$C33 -> 0 | W11: ='2. Light Partner 4 data - R&D'!$C33 -> 0
A13: NUTS III region | C13: ='2. Light Partner 1 data - SME'!$C35 -> 0 | G13: ='2. Light Partner 2 data - SME'!$C35 -> 0 | K13: ='2. Light Partner 3 data - SME'!$C35 -> 0 | O13: ='2. Light Partner 4 data - SME'!$C35 -> 0 | S13: ='2. Light Partner 3 data - R&D'!$C35 -> 0 | W13: ='2. Light Partner 4 data - R&D'!$C35 -> 0
A15: Sources | C15: Amount (EUR) | E15: Share (%) | G15: Amount (EUR) | I15: Share (%) | K15: Amount (EUR) | M15: Share (%) | O15: Amount (EUR) | Q15: Share (%) | S15: Amount (EUR) | U15: Share (%) | W15: Amount (EUR) | Y15: Share (%) | AA15: Amount (EUR) | AC15: Share (%)
A17: EU contribution | C17: =ROUNDDOWN('7. Light Project budget summary'!D25*0.8,2) -> 0 | E17: =IF(C$23=0,0%,C17/C$23) -> 0 | G17: =ROUNDDOWN('7. Light Project budget summary'!F25*0.8,2) -> 0 | I17: =IF(G$23=0,0%,G17/G$23) -> 0 | K17: =ROUNDDOWN('7. Light Project budget summary'!H25*0.8,2) -> 0 | M17: =IF(K$23=0,0%,K17/K$23) -> 0 | O17: =ROUNDDOWN('7. Light Project budget summary'!J25*0.8,2) -> 0 | Q17: =IF(O$23=0,0%,O17/O$23) -> 0 | S17: =ROUNDDOWN('7. Light Project budget summary'!P25*0.8,2) -> 0 | U17: =IF(S$23=0,0%,S17/S$23) -> 0 | W17: =ROUNDDOWN('7. Light Project budget summary'!R25*0.8,2) -> 0 | Y17: =IF(W$23=0,0%,W17/W$23) -> 0 | AA17: =C17+G17+K17+O17 -> 0 | AC17: =IF(AA$23=0,0%,AA17/AA$23) -> 0
A19: National contribution* | C19: 0 | E19: =IF(C$23=0,0%,C19/C$23) -> 0 | G19: 0 | I19: =IF(G$23=0,0%,G19/G$23) -> 0 | K19: 0 | M19: =IF(K$23=0,0%,K19/K$23) -> 0 | O19: 0 | Q19: =IF(O$23=0,0%,O19/O$23) -> 0 | S19: 0 | U19: =IF(S$23=0,0%,S19/S$23) -> 0 | W19: 0 | Y19: =IF(W$23=0,0%,W19/W$23) -> 0 | AA19: =C19+G19+K19+O19 -> 0 | AC19: =IF(AA$23=0,0%,AA19/AA$23) -> 0
A21: Own contribution | C21: =ROUNDUP('7. Light Project budget summary'!D25*0.2,2) -> 0 | E21: =IF(C$23=0,0%,C21/C$23) -> 0 | G21: =ROUNDUP('7. Light Project budget summary'!F25*0.2,2) -> 0 | I21: =IF(G$23=0,0%,G21/G$23) -> 0 | K21: =ROUNDUP('7. Light Project budget summary'!H25*0.2,2) -> 0 | M21: =IF(K$23=0,0%,K21/K$23) -> 0 | O21: =ROUNDUP('7. Light Project budget summary'!J25*0.2,2) -> 0 | Q21: =IF(O$23=0,0%,O21/O$23) -> 0 | S21: =ROUNDUP('7. Light Project budget summary'!P25*0.2,2) -> 0 | U21: =IF(S$23=0,0%,S21/S$23) -> 0 | W21: =ROUNDUP('7. Light Project budget summary'!R25*0.2,2) -> 0 | Y21: =IF(W$23=0,0%,W21/W$23) -> 0 | AA21: =C21+G21+K21+O21 -> 0 | AC21: =IF(AA$23=0,0%,AA21/AA$23) -> 0
A23: Total eligible costs | C23: =C17+C19+C21 -> 0 | E23: =IF(C$23=0,0%,C23/C$23) -> 0 | G23: =G17+G19+G21 -> 0 | I23: =IF(G$23=0,0%,G23/G$23) -> 0 | K23: =K17+K19+K21 -> 0 | M23: =IF(K$23=0,0%,K23/K$23) -> 0 | O23: =O17+O19+O21 -> 0 | Q23: =IF(O$23=0,0%,O23/O$23) -> 0 | S23: =S17+S19+S21 -> 0 | U23: =IF(S$23=0,0%,S23/S$23) -> 0 | W23: =W17+W19+W21 -> 0 | Y23: =IF(W$23=0,0%,W23/W$23) -> 0 | AA23: =AA17+AA19+AA21 -> 0 | AC23: =IF(AA$23=0,0%,AA23/AA$23) -> 0

Sheet 9. Payment forecast
A1: 11. Payment forecast
D3: ='1. General Data'!C9 -> 0
B7: Data in the table should cover all planned costs to be incurred and reported in the relevant reporting periods during the whole Light Project implementation. Please do not fill in the cells coloured in grey, as they exceed the predefined duration of the Light Project. | N7: =IF(OR('1. General Data'!E35="",'1. General Data'!I35="",'1. General Data'!M35="",'1. General Data'!E41="",'1. General Data'!I41="",'1. General Data'!M41="")," ",TRUE)
N8: start date | O8: end date
D9: Months 1-4 | F9: Months 5-8 | H9: Months 9-12 | M9: Difference | N9: ='1. General Data'!I43 -> 0 | O9: =IF(N9>0,(N9/4+1),0) -> 0 | Q9: 1. reporting period | S9: 2. reporting period | U9: 3. reporting period
A12: 1 | B12: Light Partner 1 - SME | K12: =D12+F12+H12 -> 0 | M12: =('6. Light Partner 1 budget - SME'!N3)-K12 -> 0 | N12: =IF(M12=0,0,B12) -> 0 | P12: =T('2. Light Partner 1 data - SME'!C9:F9) | Q12: =IF($O$9>#REF!,D12,Q$9) -> #REF! | S12: =IF($O$9>#REF!,F12,S$9) -> #REF! | U12: =IF($O$9>#REF!,H12,U$9) -> #REF!
A14: 2 | B14: Light Partner 2 - SME | K14: =D14+F14+H14 -> 0 | M14: =('6. Light Partner 2 budget - SME'!N3)-K12 -> 0 | N14: =IF(M14=0,0,B14) -> 0 | P14: =T(#REF!) -> #REF! | Q14: =IF($O$9>#REF!,D14,Q$9) -> #REF! | S14: =IF($O$9>#REF!,F14,S$9) -> #REF! | U14: =IF($O$9>#REF!,H14,U$9) -> #REF!
A16: 3 | B16: Light Partner 3 - SME | K16: =D16+F16+H16 -> 0 | M16: =('6. Light Partner 3 budget - SME'!N3)-K12 -> 0 | N16: =IF(M16=0,0,B16) -> 0 | P16: =T(#REF!) -> #REF! | Q16: =IF($O$9>#REF!,D16,Q$9) -> #REF! | S16: =IF($O$9>#REF!,F16,S$9) -> #REF! | U16: =IF($O$9>#REF!,H16,U$9) -> #REF!
A18: 4 | B18: Light Partner 4 - SME | K18: =D18+F18+H18 -> 0 | M18: =('6. Light Partner 4 budget - SME'!N3)-K12 -> 0 | N18: =IF(M18=0,0,B18) -> 0 | P18: =T(#REF!) -> #REF! | Q18: =IF($O$9>#REF!,D18,Q$9) -> #REF! | S18: =IF($O$9>#REF!,F18,S$9) -> #REF! | U18: =IF($O$9>#REF!,H18,U$9) -> #REF!
A20: 5 | B20: Light Partner 3 - R&D | K20: =D20+F20+H20 -> 0 | M20: =('6. Light Partner 3 budget - SME'!N7)-K16 -> 0 | N20: =IF(M20=0,0,B20) -> 0 | P20: =T(#REF!) -> #REF! | Q20: =IF($O$9>#REF!,D20,Q$9) -> #REF! | S20: =IF($O$9>#REF!,F20,S$9) -> #REF! | U20: =IF($O$9>#REF!,H20,U$9) -> #REF!
A22: 6 | B22: Light Partner 4 - R&D | K22: =D22+F22+H22 -> 0 | M22: =('6. Light Partner 4 budget - SME'!N7)-K16 -> 0 | N22: =IF(M22=0,0,B22) -> 0 | P22: =T(#REF!) -> #REF! | Q22: =IF($O$9>#REF!,D22,Q$9) -> #REF! | S22: =IF($O$9>#REF!,F22,S$9) -> #REF! | U22: =IF($O$9>#REF!,H22,U$9) -> #REF!
B25: Total | D25: =D12+D14+D16+D18+D20+D22 -> 0 | F25: =F12+F14+F16+F18+F20+F22 -> 0 | H25: =H12+H14+H16+H18+H20+H22 -> 0 | K25: =D25+F25+H25 -> 0 | M25: =SUM(M11:M19) -> 0 | N25: =IF(M25=0,0,B25) -> 0
M27: =IF(OR(#REF!<>0,M12<>0,M14<>0,M16<>0,M18<>0,#REF!<>0,#REF!<>0,#REF!<>0),M9,"") -> #REF!
B28: =IF(OR(M12<>0,M14<>0,M16<>0,M18<>0),"Payment forecast is not complete!","")
B29: =IF(OR(D29=TRUE,F29=TRUE,H29=TRUE,#REF!=TRUE,#REF!=TRUE,#REF!=TRUE),B27,0) -> #REF! | D29: =IF(AND(NOT($O$9>1),(D25<>0)),TRUE,FALSE) -> FALSE | F29: =IF(AND(NOT($O$9>2),(F25<>0)),TRUE,FALSE) -> FALSE | H29: =IF(AND(NOT($O$9>3),(H25<>0)),TRUE,FALSE) -> FALSE

Sheet 10. Partnership Statement
A1: 10. Partnership Statement
A4: Project title | C4: ='1. General Data'!C9 -> 0
A6: Light Partner 1 SME | C6: ='2. Light Partner 1 data - SME'!C5 -> 0
C9: Signature, stamp
A11: Light Partner 2 SME | C11: ='2. Light Partner 2 data - SME'!C5 -> 0
C14: Signature, stamp
A16: Light Partner 3 SME | C16: ='2. Light Partner 3 data - SME'!C5 -> 0
C19: Signature, stamp
A21: Light Partner 4 SME | C21: ='2. Light Partner 4 data - SME'!C5 -> 0
C24: Signature, stamp
A26: Light Partner 3 R&D | C26: ='2. Light Partner 3 data - R&D'!C5 -> 0
C29: Signature, stamp
A31: Light Partner 4 R&D | C31: ='2. Light Partner 4 data - R&D'!C5 -> 0
C34: Signature, stamp
A35: Date:
A36: Light Partners by signing the Partnership Statement sheet of the Light Project form certify that:
